Workbook

Sheet Seg Pag
A5: # | B5: Nombre | C5: CEDULA | D5: # CONTRATO | E5: PROCESO | F5: Fecha de contrato | G5: FECHA DE INICIO | H5: FECHA FIN | I5: duración en días | J5: VALOR CONTRATO | K5: # CUOTAS | L5: ENERO | M5: FEBRERO | N5: MARZO | O5: Columna2 | P5: SALDO
A6: 42 | B6: MARBEL CONTRERAS VARGAS | C6: 22662391 | D6: 1001501-042-2026 | F6: 45706 | G6: 45706 | H6: 45918 | I6: 210 | J6: 14700000 | K6: 8 | L6: - | O6: 1050000 | P6: =J6-L6-M6-N6-O6 -> #VALUE!
A7: 43 | B7: PABLO ANTONIO CRUZ PALECHOR | C7: 76345164 | D7: 1001501-043-2026 | F7: 45706 | G7: 45706 | H7: 45918 | I7: 210 | J7: 14700000 | K7: 8 | L7: - | O7: 1050000 | P7: =J7-L7-M7-N7-O7 -> #VALUE!
A8: 44 | B8: LISA MARIA TELLO HENAO | C8: 1118303696 | D8: 1001501-044-2026 | F8: 45706 | G8: 45706 | H8: 45918 | I8: 210 | J8: 14700000 | K8: 8 | L8: - | O8: 1050000 | P8: =J8-L8-M8-N8-O8 -> #VALUE!
A9: 45 | B9: LUZ KARIME CORTES SALGADO | C9: 1115085069 | D9: 1001501-045-2026 | F9: 45706 | G9: 45706 | H9: 45918 | I9: 210 | J9: 14700000 | K9: 8 | L9: - | O9: 1050000 | P9: =J9-L9-M9-N9-O9 -> #VALUE!
A10: 46 | B10: JHON ALEXANDER OROZCO PEREZ | C10: 1118301409 | D10: 1001501-046-2026 | F10: 45706 | G10: 45706 | H10: 45918 | I10: 210 | J10: 14700000 | K10: 8 | L10: - | O10: 1050000 | P10: =J10-L10-M10-N10-O10 -> #VALUE!
A11: 47 | B11: HELEN BANESA PEREZ | C11: 1118259252 | D11: 1001501-047-2026 | F11: 45706 | G11: 45706 | H11: 45918 | I11: 210 | J11: 14700000 | K11: 8 | O11: 1050000 | P11: =J11-L11-M11-N11-O11 -> 13650000
A12: 48 | B12: LUZ KARIME CARDONA | C12: 1118285418 | D12: 1001501-048-2026 | F12: 45706 | G12: 45706 | H12: 45918 | I12: 210 | J12: 14700000 | K12: 8 | O12: 1050000 | P12: =J12-L12-M12-N12-O12 -> 13650000
A13: 49 | B13: JONATHAN DIAZ | C13: 1118282515 | D13: 1001501-049-2026 | F13: 45706 | G13: 45706 | H13: 45918 | I13: 210 | J13: 14700000 | K13: 8 | O13: 1050000 | P13: =J13-L13-M13-N13-O13 -> 13650000
A14: 50 | B14: YAMILED SEPULVEDA | C14: 31475774 | D14: 1001501-050-2026 | F14: 45706 | G14: 45706 | H14: 45918 | I14: 210 | J14: 14700000 | K14: 8 | O14: 1050000 | P14: =J14-L14-M14-N14-O14 -> 13650000
A15: 51 | B15: ELSA REINA | C15: 31469557 | D15: 1001501-051-2026 | F15: 45706 | G15: 45706 | H15: 45918 | I15: 210 | J15: 14700000 | K15: 8 | O15: 1050000 | P15: =J15-L15-M15-N15-O15 -> 13650000
A16: 52 | B16: MANUEL MARQUEZ | C16: 16449942 | D16: 1001501-052-2026 | F16: 45706 | G16: 45708 | H16: 45918 | I16: 210 | J16: 14700000 | K16: 8 | O16: 1050000 | P16: =J16-L16-M16-N16-O16 -> 13650000
A17: 53 | B17: LAURO DRADA | C17: 16448311 | D17: 1001501-053-2026 | F17: 45706 | G17: 45708 | H17: 45918 | I17: 210 | J17: 14700000 | K17: 8 | O17: 1050000 | P17: =J17-L17-M17-N17-O17 -> 13650000
A18: 54 | B18: CRISTIAN RAMIREZ | C18: 1118297137 | D18: 1001501-054-2026 | F18: 45707 | G18: 45707 | H18: 45918 | I18: 210 | J18: 14700000 | K18: 8 | O18: 1050000 | P18: =J18-L18-M18-N18-O18 -> 13650000
A19: 55 | B19: VALERIA GOMEZ | C19: 1118307353 | D19: 1001501-055-2026 | F19: 45707 | G19: 45707 | H19: 45918 | I19: 210 | J19: 14700000 | K19: 8 | O19: 1050000 | P19: =J19-L19-M19-N19-O19 -> 13650000
A20: 56 | B20: SANDRA LILIANA ALVAREZ | C20: 55060615 | D20: 1001501-056-2026 | F20: 45707 | G20: 45707 | H20: 45918 | I20: 210 | J20: 14700000 | K20: 8 | O20: 1050000 | P20: =J20-L20-M20-N20-O20 -> 13650000
A21: 57 | B21: WILLIAM SALAZAR | C21: 16464670 | D21: 1001501-057-2026 | F21: 45707 | G21: 45707 | H21: 45918 | I21: 210 | J21: 14700000 | K21: 8 | O21: 1050000 | P21: =J21-L21-M21-N21-O21 -> 13650000
A22: 58 | B22: ANGIE MERA BELTRAN | C22: 1118310324 | D22: 1001501-058-2026 | F22: 45707 | G22: 45707 | H22: 45918 | I22: 210 | J22: 14700000 | K22: 8 | O22: 1050000 | P22: =J22-L22-M22-N22-O22 -> 13650000
... A46: 87 | B46: OSCAR BARRANTES | C46: 80210741 | D46: 1001501-087-2026 | F46: 45709 | G46: 45709 | H46: 45887 | I46: 180 | J46: 23562000 | K46: 7 | O46: 1963500 | P46: =J46-L46-M46-N46-O46 -> 21598500
A47: 88 | B47: AURA CRISTINA LLANOS RAMIREZ | C47: 1151966713 | D47: 1001501-088-2026 | F47: 45709 | G47: 45709 | H47: 45918 | I47: 207 | J47: 14700000 | K47: 8 | O47: 1050000 | P47: 14700000
A48: 89 | B48: LUISA MARIA SANCHEZ TRUEQUE | C48: 1118302426 | D48: 1001501-089-2026 | F48: 45709 | G48: 45709 | H48: 45918 | I48: 207 | J48: 14700000 | K48: 8 | O48: 1050000 | P48: 14700000

Sheet Aut. Enero
B4: AUTORIZACIÓN PARA PAGO CUOTA ENERO 31 DEL 2025
B5: Nombre | C5: CEDULA | D5: # CONTRATO | E5: AREA | F5: Fecha de contrato | G5: FECHA DE INICIO | H5: FECHA FIN | I5: duración en días | J5: VALOR CONTRATO | K5: # CUOTAS | L5: ENERO | M5: SALDO
A6: 1 | B6: Cindy Yohana Delgado Gúzman | C6: 1061721506 | D6: 100,15,01-001-2026 | E6: JURIDICA | F6: 45675 | G6: 45675 | H6: 46021 | I6: 342 | J6: 59834500 | K6: 12 | L6: 2634500 | M6: =J6-L6 -> 57200000
A7: 2 | B7: Camila Eraso Rosero | C7: 1118286512 | D7: 1001501-002-2026 | E7: TH | F7: 45677 | G7: 45677 | H7: 46006 | I7: 325 | J7: 43197000 | K7: 12 | L7: 1963500 | M7: =J7-L7 -> 41233500
A8: 3 | B8: Yudy Fernanda Pungo | C8: 1118285993 | D8: 100,15,01-003-2026 | E8: FINANCIERA | F8: 45677 | G8: 45677 | H8: 46006 | I8: 325 | J8: 43197000 | K8: 12 | L8: 1963500 | M8: =J8-L8 -> 41233500
A9: 4 | B9: Carlos Edwin Pedrahita Garcia | C9: 16457640 | D9: 1001501-004-2026 | E9: PLANEACIÓN | F9: 45680 | G9: 45680 | H9: 46021 | I9: 337 | J9: 45160500 | K9: 12 | L9: 1963500 | M9: =J9-L9 -> 43197000
A10: 5 | B10: Diana Carolina Marquez Molina | C10: 31487789 | D10: 100,15,01-005-2026 | E10: AGENCIA | F10: 45682 | G10: 45322 | H10: 46021 | I10: 335 | J10: 59834500 | K10: 12 | L10: 2634500 | M10: =J10-L10 -> 57200000
J11: =SUM(J6:J10) -> 251223500 | L11: =SUM(L6:L10) -> 11159500 | M11: =SUM(M6:M10) -> 240064000

Sheet Aut. Feb 7 SP
A4: AUTORIZACIÓN PARA PAGO CUOTA FEBRERO 07 2025
B5: Nombre | C5: CEDULA | D5: # CONTRATO | E5: Fecha de contrato | F5: FECHA DE INICIO | G5: FECHA FIN | H5: duración en días | I5: VALOR CONTRATO | J5: # CUOTAS | K5: ENERO | L5: SALDO
A6: 1 | B6: MARÍA ELVIA BRION MOLINA | C6: 31476734 | D6: 1001501-006-2026 | E6: 45686 | F6: 45686 | G6: 46021 | H6: 301 | I6: 20700000 | J6: 12 | K6: 900000 | L6: =I6-K6 -> 19800000
A7: 2 | B7: OLGA PATRICIA CANO RENDÓN | C7: 31475449 | D7: 1001501-007-2026 | E7: 45686 | F7: 45686 | G7: 46006 | H7: 316 | I7: 43197000 | J7: 12 | K7: 1963500 | L7: =I7-K7 -> 41233500
A8: 3 | B8: EDDIE ERIC POSADA HERRERA | C8: 1118289808 | D8: 1001501-008-2026 | E8: 45686 | F8: 45689 | G8: 46011 | H8: 320 | I8: 57233000 | J8: 12 | K8: 2616500 | L8: =I8-K8 -> 54616500
A9: 4 | B9: WILLIAM ANDRÉS BRAVO GALINDO | C9: 1005785716 | D9: 1001501-009-2026 | E9: 45687 | F9: 45687 | G9: 46006 | H9: 315 | I9: 26620000 | J9: 12 | K9: 1210000 | L9: =I9-K9 -> 25410000
A10: 5 | B10: LAURA VANESSA FRANCO MORALES | C10: 1118298717 | D10: 1001501-010-2026 | E10: 45687 | F10: 45687 | G10: 46006 | H10: 315 | I10: 26620000 | J10: 12 | K10: 1210000 | L10: =I10-K10 -> 25410000
A11: 6 | B11: FRANK ROBERT MURIEL HOYOS | C11: 1118287494 | D11: 1001501-011-2026 | E11: 45687 | F11: 45687 | G11: 46006 | H11: 315 | I11: 26620000 | J11: 12 | K11: 1210000 | L11: =I11-K11 -> 25410000
A12: 7 | B12: PAOLA ANDREA SANTAMARÍA FLOREZ | C12: 31485502 | D12: 1001501-012-2026 | E12: 45687 | F12: 45687 | G12: 46006 | H12: 315 | I12: 23100000 | J12: 12 | K12: 1050000 | L12: =I12-K12 -> 22050000
A13: 8 | B13: MILAGROS VALENTINA PAYAN RIVERA | C13: 1109545940 | D13: 1001501-013-2026 | E13: 45688 | F13: 45688 | G13: 45853 | H13: 165 | I13: 10800000 | J13: 7 | K13: 900000 | L13: =I13-K13 -> 9900000
A14: 9 | B14: OMAR RESTREPO ZÚÑIGA | C14: 16454607 | D14: 1001501-014-2026 | E14: 45688 | F14: 45688 | G14: 46006 | H14: 315 | I14: 19800000 | J14: 12 | K14: 900000 | L14: =I14-K14 -> 18900000
A15: 10 | B15: JOSÉ ATANEL QUICENO TORRES | C15: 94193787 | D15: 1001501-016-2026 | E15: 45688 | F15: 45688 | G15: 46006 | H15: 315 | I15: 19800000 | J15: 12 | K15: 900000 | L15: =I15-K15 -> 18900000
A16: 11 | B16: NARLLY GÓMEZ BRAVO | C16: 29120768 | D16: 1001501-017-2026 | E16: 45688 | F16: 45688 | G16: 46006 | H16: 315 | I16: 19800000 | J16: 12 | K16: 900000 | L16: =I16-K16 -> 18900000
A17: 12 | B17: LUZ AIDE MUÑOZ ORTEGA | C17: 27149631 | D17: 1001501-018-2026 | E17: 45688 | F17: 45688 | G17: 46006 | H17: 315 | I17: 19800000 | J17: 12 | K17: 900000 | L17: =I17-K17 -> 18900000
... A30: 25 | B30: JHON SEBASTIÁN PAYAN ORTIZ | C30: 1193142882 | D30: 1001501-034-2026 | E30: 45689 | F30: 45689 | G30: 46006 | H30: 315 | I30: 19800000 | J30: 12 | K30: 900000 | L30: =I30-K30 -> 18900000
I31: =SUM(I6:I30) -> 788663000 | K31: =SUM(K6:K30) -> 36231500 | L31: =SUM(L6:L30) -> 752431500
B33: APROBO Y AUTORIZO: | G33: REALIZO:
B37: JAIME SANCHEZ LENIS | G37: CAMILA ERASO ROSERO
B38: DIRECTOR | G38: GESTIÓN DE TALENTO HUMANO-SST-AMBIENTAL
B41: FECHA DE REALIZACIÓN: | C41: 45695

Sheet Aut. Feb 7 cm
A4: AUTORIZACIÓN PARA PAGO CUOTA FEBRERO 07 2025
B5: Nombre | C5: CEDULA | D5: # CONTRATO | E5: Fecha de contrato | F5: FECHA DE INICIO | G5: FECHA FIN | H5: duración en días | I5: VALOR CONTRATO | J5: # CUOTAS | K5: ENERO | L5: SALDO
A6: 1 | B6: MARÍA ELVIA BRION MOLINA | C6: 31476734 | D6: 1001501-006-2026 | E6: 45686 | F6: 45686 | G6: 46021 | H6: 301 | I6: 20700000 | J6: 12 | K6: 900000 | L6: =I6-K6 -> 19800000
A7: 2 | B7: OLGA PATRICIA CANO RENDÓN | C7: 31475449 | D7: 1001501-007-2026 | E7: 45686 | F7: 45686 | G7: 46006 | H7: 316 | I7: 43197000 | J7: 12 | K7: 1963500 | L7: =I7-K7 -> 41233500
A8: 3 | B8: EDDIE ERIC POSADA HERRERA | C8: 1118289808 | D8: 1001501-008-2026 | E8: 45686 | F8: 45689 | G8: 46011 | H8: 320 | I8: 57233000 | J8: 12 | K8: 2616500 | L8: =I8-K8 -> 54616500
A9: 4 | B9: WILLIAM ANDRÉS BRAVO GALINDO | C9: 1005785716 | D9: 1001501-009-2026 | E9: 45687 | F9: 45687 | G9: 46006 | H9: 315 | I9: 26620000 | J9: 12 | K9: 1210000 | L9: =I9-K9 -> 25410000
A10: 5 | B10: LAURA VANESSA FRANCO MORALES | C10: 1118298717 | D10: 1001501-010-2026 | E10: 45687 | F10: 45687 | G10: 46006 | H10: 315 | I10: 26620000 | J10: 12 | K10: 1210000 | L10: =I10-K10 -> 25410000
A11: 6 | B11: FRANK ROBERT MURIEL HOYOS | C11: 1118287494 | D11: 1001501-011-2026 | E11: 45687 | F11: 45687 | G11: 46006 | H11: 315 | I11: 26620000 | J11: 12 | K11: 1210000 | L11: =I11-K11 -> 25410000
A12: 7 | B12: PAOLA ANDREA SANTAMARÍA FLOREZ | C12: 31485502 | D12: 1001501-012-2026 | E12: 45687 | F12: 45687 | G12: 46006 | H12: 315 | I12: 23100000 | J12: 12 | K12: 1050000 | L12: =I12-K12 -> 22050000
A13: 8 | B13: MILAGROS VALENTINA PAYAN RIVERA | C13: 1109545940 | D13: 1001501-013-2026 | E13: 45688 | F13: 45688 | G13: 45853 | H13: 165 | I13: 10800000 | J13: 7 | K13: 900000 | L13: =I13-K13 -> 9900000
A14: 9 | B14: OMAR RESTREPO ZÚÑIGA | C14: 16454607 | D14: 1001501-014-2026 | E14: 45688 | F14: 45688 | G14: 46006 | H14: 315 | I14: 19800000 | J14: 12 | K14: 900000 | L14: =I14-K14 -> 18900000
A15: 10 | B15: JHON EDISON CÓRDOBA ORDOÑEZ | C15: 1118301461 | D15: 1001501-015-2026 | E15: 45688 | F15: 45688 | G15: 46006 | H15: 315 | I15: 19800000 | J15: 12 | K15: 900000 | L15: =I15-K15 -> 18900000
A16: 11 | B16: JOSÉ ATANEL QUICENO TORRES | C16: 94193787 | D16: 1001501-016-2026 | E16: 45688 | F16: 45688 | G16: 46006 | H16: 315 | I16: 19800000 | J16: 12 | K16: 900000 | L16: =I16-K16 -> 18900000
A17: 12 | B17: NARLLY GÓMEZ BRAVO | C17: 29120768 | D17: 1001501-017-2026 | E17: 45688 | F17: 45688 | G17: 46006 | H17: 315 | I17: 19800000 | J17: 12 | K17: 900000 | L17: =I17-K17 -> 18900000
... A31: 26 | B31: JHON SEBASTIÁN PAYAN ORTIZ | C31: 1193142882 | D31: 1001501-034-2026 | E31: 45689 | F31: 45689 | G31: 46006 | H31: 315 | I31: 19800000 | J31: 12 | K31: 900000 | L31: =I31-K31 -> 18900000
I32: =SUM(I6:I31) -> 808463000 | K32: =SUM(K6:K31) -> 37131500 | L32: =SUM(L6:L31) -> 771331500
B34: APROBO Y AUTORIZO: | G34: REALIZO:
B38: JAIME SANCHEZ LENIS | G38: CAMILA ERASO ROSERO
B39: DIRECTOR | G39: GESTIÓN DE TALENTO HUMANO-SST-AMBIENTAL
B42: FECHA DE REALIZACIÓN: | C42: 45695

Sheet Aut. 28 Feb
B1: AUTORIZACIÓN PARA PAGO CUOTA ENERO 31 DEL 2025
B2: Nombre | C2: CEDULA | D2: # CONTRATO | E2: Fecha de contrato | F2: FECHA DE INICIO | G2: FECHA FIN | H2: duración en días | I2: VALOR CONTRATO | J2: # CUOTAS | K2: ENERO | L2: 45695 | M2: 45716 | N2: SALDO
A3: 1 | B3: CINDY YOHANA DELGADO GUZMÁN | C3: 1061721506 | D3: 1001501-001-2026 | E3: 45675 | F3: 45675 | G3: 46021 | H3: 342 | I3: 59834500 | J3: 12 | K3: 2634500 | M3: 5200000 | N3: =I3-K3-L3-M3 -> 52000000
A4: 2 | B4: CAMILA ERASO ROSERO | C4: 1118286512 | D4: 1001501-002-2026 | E4: 45677 | F4: 45677 | G4: 46006 | H4: 325 | I4: 43197000 | J4: 12 | K4: 1963500 | M4: 3927000 | N4: =I4-K4-L4-M4 -> 37306500
A5: 3 | B5: YUDY FERNANDA PUNGO | C5: 1118285993 | D5: 1001501-003-2026 | E5: 45677 | F5: 45677 | G5: 46006 | H5: 325 | I5: 43197000 | J5: 12 | K5: 1963500 | M5: 3927000 | N5: =I5-K5-L5-M5 -> 37306500
A6: 4 | B6: CARLOS EDWIN PIEDRAHITA GARCÍA | C6: 16457640 | D6: 1001501-004-2026 | E6: 45680 | F6: 45680 | G6: 46021 | H6: 337 | I6: 45160500 | J6: 12 | K6: 1963500 | M6: 3927000 | N6: =I6-K6-L6-M6 -> 39270000 | O6: PTE SS
A7: 5 | B7: DIANA CAROLINA MÁRQUEZ MOLINA | C7: 31487789 | D7: 1001501-005-2026 | E7: 45682 | F7: 45316 | G7: 46021 | H7: 335 | I7: 59834500 | J7: 12 | K7: 2634500 | M7: 5200000 | N7: =I7-K7-L7-M7 -> 52000000
A8: 6 | B8: MARÍA ELVIA BRION MOLINA | C8: 31476734 | D8: 1001501-006-2026 | E8: 45686 | F8: 45686 | G8: 46021 | H8: 301 | I8: 20700000 | J8: 12 | L8: 900000 | M8: 18000000 | N8: =I8-K8-L8-M8 -> 1800000
A9: 7 | B9: OLGA PATRICIA CANO RENDÓN | C9: 31475449 | D9: 1001501-007-2026 | E9: 45686 | F9: 45686 | G9: 46006 | H9: 316 | I9: 43197000 | J9: 12 | L9: 1963500 | M9: 3927000 | N9: =I9-K9-L9-M9 -> 37306500
A10: 8 | B10: EDDIE ERIC POSADA HERRERA | C10: 1118289808 | D10: 1001501-008-2026 | E10: 45686 | F10: 45689 | G10: 20/15/2025 | H10: 320 | I10: 57233000 | J10: 12 | L10: 2616500 | M10: 5200000 | N10: =I10-K10-L10-M10 -> 49416500
A11: 9 | B11: WILLIAM ANDRÉS BRAVO GALINDO | C11: 1005785716 | D11: 1001501-009-2026 | E11: 45687 | F11: 45687 | G11: 46006 | H11: 315 | I11: 26620000 | J11: 12 | L11: 1210000 | M11: 2420000 | N11: =I11-K11-L11-M11 -> 22990000
A12: 10 | B12: LAURA VANESSA FRANCO MORALES | C12: 1118298717 | D12: 1001501-010-2026 | E12: 45687 | F12: 45687 | G12: 46006 | H12: 315 | I12: 26620000 | J12: 12 | L12: 1210000 | M12: 2420000 | N12: =I12-K12-L12-M12 -> 22990000
A13: 11 | B13: FRANK ROBERT MURIEL HOYOS | C13: 1118287494 | D13: 1001501-011-2026 | E13: 45687 | F13: 45687 | G13: 46006 | H13: 315 | I13: 26620000 | J13: 12 | L13: 1210000 | M13: 2420000 | N13: =I13-K13-L13-M13 -> 22990000
A14: 12 | B14: PAOLA ANDREA SANTAMARÍA FLÓREZ | C14: 31485502 | D14: 1001501-012-2026 | E14: 45687 | F14: 45687 | G14: 46006 | H14: 315 | I14: 23100000 | J14: 12 | L14: 1050000 | M14: 2100000 | N14: =I14-K14-L14-M14 -> 19950000
A15: 13 | B15: MILAGROS VALENTINA PAYAN RIVERA | C15: 1109545940 | D15: 1001501-013-2026 | E15: 45688 | F15: 45688 | G15: 45853 | H15: 165 | I15: 10800000 | J15: 7 | L15: 900000 | M15: 1800000 | N15: =I15-K15-L15-M15 -> 8100000
A16: 14 | B16: OMAR RESTREPO ZÚÑIGA | C16: 16454607 | D16: 1001501-014-2026 | E16: 45688 | F16: 45688 | G16: 46006 | H16: 315 | I16: 19800000 | J16: 12 | L16: 900000 | M16: 1800000 | N16: =I16-K16-L16-M16 -> 17100000 | O16: PTE SS
A17: 15 | B17: JHON EDISON CÓRDOBA ORDOÑEZ | C17: 1118301461 | D17: 1001501-015-2026 | E17: 45688 | F17: 45688 | G17: 46006 | H17: 315 | I17: 19800000 | J17: 12 | L17: 900000 | M17: 1800000 | N17: =I17-K17-L17-M17 -> 17100000
A18: 16 | B18: JOSÉ ATANEL QUICENO TORRES | C18: 94193787 | D18: 1001501-016-2026 | E18: 45688 | F18: 45688 | G18: 46006 | H18: 315 | I18: 19800000 | J18: 12 | L18: 900000 | M18: 1800000 | N18: =I18-K18-L18-M18 -> 17100000
A19: 17 | B19: NARLLY GÓMEZ BRAVO | C19: 29120768 | D19: 1001501-017-2026 | E19: 45688 | F19: 45688 | G19: 46006 | H19: 315 | I19: 19800000 | J19: 12 | L19: 900000 | M19: 1800000 | N19: =I19-K19-L19-M19 -> 17100000
A20: 18 | B20: LUZ AIDE MUÑOZ ORTEGA | C20: 27149631 | D20: 1001501-018-2026 | E20: 45688 | F20: 45688 | G20: 46006 | H20: 315 | I20: 19800000 | J20: 12 | L20: 900000 | M20: 1800000 | N20: =I20-K20-L20-M20 -> 17100000
A21: 19 | B21: LENIN GILBERTO RUIZ AYALA | C21: 6549670 | D21: 1001501-019-2026 | E21: 45688 | F21: 45688 | G21: 46006 | H21: 315 | I21: 43197000 | J21: 12 | L21: 1963500 | M21: 3927000 | N21: =I21-K21-L21-M21 -> 37306500
A22: 21 | B22: PABLO STEVEN PABÓN POLANCO | C22: 1110285162 | D22: 1001501-021-2026 | E22: 45689 | F22: 45689 | G22: 46021 | H22: 329 | I22: 23100000 | J22: 12 | K22: - | M22: 2100000 | N22: =I22-K22-L22-M22 -> #VALUE!
A23: 22 | B23: MILTON ARIAS VARGAS | C23: 16460613 | D23: 1001501-022-2026 | E23: 45689 | F23: 45689 | G23: 46021 | H23: 329 | I23: 23100000 | J23: 12 | K23: - | M23: 2100000 | N23: =I23-K23-L23-M23 -> #VALUE!
A24: 23 | B24: KELLY JOHANNA RIVERA DÍAZ | C24: 1118303170 | D24: 1001501-023-2026 | E24: 45689 | F24: 45689 | G24: 46006 | H24: 315 | I24: 43197000 | J24: 12 | L24: 1963500 | M24: 3927000 | N24: =I24-K24-L24-M24 -> 37306500
A25: 24 | B25: WILLAR GONZALES TORO | C25: 1118305806 | D25: 1001501-024-2026 | E25: 45689 | F25: 45689 | G25: 46006 | H25: 315 | I25: 43197000 | J25: 12 | L25: 1963500 | M25: 3927000 | N25: =I25-K25-L25-M25 -> 37306500
A26: 25 | B26: DIEGO JAVIER ALZATE CUERO | C26: 16455217 | D26: 1001501-025-2026 | E26: 45689 | F26: 45689 | G26: 46006 | H26: 315 | I26: 43197000 | J26: 12 | L26: 1963500 | M26: 3927000 | N26: =I26-K26-L26-M26 -> 37306500
A27: 26 | B27: JULIANA MOSQUERA VARGAS | C27: 1118295433 | D27: 1001501-026-2026 | E27: 45689 | F27: 45689 | G27: 46006 | H27: 315 | I27: 43197000 | J27: 12 | L27: 1963500 | M27: 3927000 | N27: =I27-K27-L27-M27 -> 37306500
A28: 27 | B28: LEYDI TATIANA ORTIZ RENGIFO | C28: 1118309496 | D28: 1001501-027-2026 | E28: 45689 | F28: 45689 | G28: 46006 | H28: 315 | I28: 43197000 | J28: 12 | L28: 1963500 | M28: 3927000 | N28: =I28-K28-L28-M28 -> 37306500
A29: 28 | B29: ANA SOFÍA TELLO HERRERA | C29: 31485180 | D29: 1001501-028-2026 | E29: 45689 | F29: 45689 | G29: 46006 | H29: 315 | I29: 43197000 | J29: 12 | L29: 1963500 | M29: 3927000 | N29: =I29-K29-L29-M29 -> 37306500
A30: 29 | B30: ANGÉLICA MARÍA RIVERA VALENCIA | C30: 31486456 | D30: 1001501-029-2026 | E30: 45689 | F30: 45689 | G30: 46006 | H30: 315 | I30: 43197000 | J30: 12 | L30: 1963500 | M30: 3927000 | N30: =I30-K30-L30-M30 -> 37306500
A31: 30 | B31: NATHALIA JIMÉNEZ CARVAJAL | C31: 1144201554 | D31: 1001501-030-2026 | E31: 45689 | F31: 45689 | G31: 46006 | H31: 315 | I31: 43197000 | J31: 12 | L31: 1963500 | M31: 3927000 | N31: =I31-K31-L31-M31 -> 37306500
A32: 31 | B32: CLAUDIA FERNANDA GARCÉS PULIDO | C32: 66868669 | D32: 1001501-031-2026 | E32: 45689 | F32: 45689 | G32: 46006 | H32: 315 | I32: 23100000 | J32: 12 | L32: 1050000 | M32: 2100000 | N32: =I32-K32-L32-M32 -> 19950000
A33: 32 | B33: GLADIS JOHANA OLAYA LIZARRALDE | C33: 31485452 | D33: 1001501-032-2026 | E33: 45689 | F33: 45689 | G33: 46006 | H33: 315 | I33: 23100000 | J33: 12 | L33: 1050000 | M33: 2100000 | N33: =I33-K33-L33-M33 -> 19950000
A34: 33 | B34: NORA LILIANA CORRALES GONZÁLEZ | C34: 31476109 | D34: 1001501-033-2026 | E34: 45689 | F34: 45689 | G34: 46006 | H34: 315 | I34: 19800000 | J34: 12 | L34: 900000 | M34: 1800000 | N34: =I34-K34-L34-M34 -> 17100000
A35: 34 | B35: JHON SEBASTIÁN PAYAN ORTIZ | C35: 1193142882 | D35: 1001501-034-2026 | E35: 45689 | F35: 45689 | G35: 46006 | H35: 315 | I35: 19800000 | J35: 12 | L35: 900000 | M35: 1800000 | N35: =I35-K35-L35-M35 -> 17100000
A36: 35 | B36: ELCY ESTEFANNY PATIÑO SANDOVAL | C36: 1118304351 | D36: 1001501-035-2026 | E36: 45689 | F36: 45689 | G36: 46006 | H36: 315 | I36: 12600000 | J36: 6 | K36: - | M36: 2100000 | N36: =I36-K36-L36-M36 -> #VALUE! | O36: PTE SS
A37: 36 | B37: FRANCISCO RAFAEL HERAZO SANTIZ | C37: 8661306 | D37: 1001501-036-2026 | E37: 45698 | F37: 45698 | G37: 46021 | H37: 320 | I37: 43197000 | J37: 11 | K37: - | M37: 3927000 | N37: =I37-K37-L37-M37 -> #VALUE!
A38: 37 | B38: DIANA PATRICIA CONTRERAS MOLINA | C38: 52535068 | D38: 1001501-037-2026 | E38: 45698 | F38: 45698 | G38: 46021 | H38: 320 | I38: 43197000 | J38: 11 | K38: - | M38: 3927000 | N38: =I38-K38-L38-M38 -> #VALUE!
A39: 38 | B39: RUBEN DARIO BARRETO MAGON | C39: 43197000 | D39: 1001501-038-2026 | E39: 45698 | F39: 45698 | G39: 46021 | H39: 320 | I39: 43197000 | J39: 11 | K39: - | M39: 3927000 | N39: =I39-K39-L39-M39 -> #VALUE!
A40: 39 | B40: ALEXANDER VARELA LENIS | C40: 16461906 | D40: 1001501-039-2026 | E40: 45695 | F40: 45698 | G40: 46021 | H40: 320 | I40: 23100000 | J40: 11 | K40: - | M40: 2100000 | N40: =I40-K40-L40-M40 -> #VALUE!

Sheet opia aut mz
B6: AUTORIZACIÓN PARA PAGO 07 DE MARZO
B7: Nombre | C7: CEDULA | D7: # CONTRATO | E7: Fecha de contrato | F7: FECHA DE INICIO | G7: FECHA FIN | H7: duración en días | I7: VALOR CONTRATO | J7: # CUOTAS | K7: 45723 | L7: SALDO
A8: 70 | B8: DIANA CARABALI | C8: 1118297821 | D8: 1001501-070-2026 | E8: 45707 | F8: 45707 | G8: 45888 | H8: 210 | I8: 12600000 | J8: 6 | K8: 1050000 | L8: =+I8-K8 -> 11550000
A9: 83 | B9: GRAMXIS HERNANDEZ SANCHEZ | C9: 31480169 | D9: 1001501-083-2026 | E9: 45708 | F9: 45708 | G9: 45887 | H9: 180 | I9: 23562000 | J9: 6 | K9: 3927000 | L9: =+I9-K9 -> 19635000
A10: 84 | B10: LADY JHOANA MARQUEZ | C10: 31486544 | D10: 1001501-084-2026 | E10: 45708 | F10: 45708 | G10: 45885 | H10: 180 | I10: 12600000 | J10: 6 | K10: 1050000 | L10: =+I10-K10 -> 11550000
A11: 85 | B11: SANTIAGO OLAYA GIL | C11: 1109541282 | D11: 1001501-085-2026 | E11: 45708 | F11: 45708 | G11: 45887 | H11: 180 | I11: 12600000 | J11: 6 | K11: 1050000 | L11: =+I11-K11 -> 11550000
A12: 86 | B12: DUVAN FELIPE MANQUILLO | C12: 1002955578 | D12: 1001501-086-2026 | E12: 45708 | F12: 45708 | G12: 45889 | H12: 180 | I12: 10800000 | J12: 6 | K12: 900000 | L12: =+I12-K12 -> 9900000
B15: APROBO Y AUTORIZO: | G15: REALIZO:
B19: JAIME SANCHEZ LENIS | G19: CAMILA ERASO ROSERO
B20: DIRECTOR | G20: GESTIÓN DE TALENTO HUMANO-SST-AMBIENTAL
B23: FECHA DE REALIZACIÓN: | C23: 45723

Sheet Aut. 07 Mrz
B6: AUTORIZACIÓN PARA PAGO 07 DE MARZO
B7: Nombre | C7: CEDULA | D7: # CONTRATO | E7: Fecha de contrato | F7: FECHA DE INICIO | G7: FECHA FIN | H7: duración en días | I7: VALOR CONTRATO | J7: # CUOTAS | K7: 45723 | L7: SALDO
A8: 70 | B8: DIANA CARABALI | C8: 1118297821 | D8: 1001501-070-2026 | E8: 45707 | F8: 45707 | G8: 45888 | H8: 210 | I8: 12600000 | J8: 6 | K8: 1050000 | L8: =+I8-K8 -> 11550000
A9: 83 | B9: GRAMXIS HERNANDEZ SANCHEZ | C9: 31480169 | D9: 1001501-083-2026 | E9: 45708 | F9: 45708 | G9: 45887 | H9: 180 | I9: 23562000 | J9: 6 | K9: 3927000 | L9: =+I9-K9 -> 19635000
A10: 84 | B10: LADY JHOANA MARQUEZ | C10: 31486544 | D10: 1001501-084-2026 | E10: 45708 | F10: 45708 | G10: 45885 | H10: 180 | I10: 12600000 | J10: 6 | K10: 1050000 | L10: =+I10-K10 -> 11550000
A11: 85 | B11: SANTIAGO OLAYA GIL | C11: 1109541282 | D11: 1001501-085-2026 | E11: 45708 | F11: 45708 | G11: 45887 | H11: 180 | I11: 12600000 | J11: 6 | K11: 1050000 | L11: =+I11-K11 -> 11550000
A12: 86 | B12: DUVAN FELIPE MANQUILLO | C12: 1002955578 | D12: 1001501-086-2026 | E12: 45708 | F12: 45708 | G12: 45889 | H12: 180 | I12: 10800000 | J12: 6 | K12: 900000 | L12: =+I12-K12 -> 9900000
B15: APROBO Y AUTORIZO: | G15: REALIZO:
B19: JAIME SANCHEZ LENIS | G19: CAMILA ERASO ROSERO
B20: DIRECTOR | G20: GESTIÓN DE TALENTO HUMANO-SST-AMBIENTAL
B23: FECHA DE REALIZACIÓN: | C23: 45723

Sheet Aut. 30 Abr
B1: AUTORIZACIÓN PARA PAGO ABRIL 30 2025
A2: # | B2: Nombre | C2: CEDULA | D2: # CONTRATO | E2: Fecha de contrato | F2: FECHA FIN | G2: duración en días | H2: VALOR CONTRATO | I2: # CUOTAS | J2: Abril | K2: SALDO
A3: 1 | B3: CINDY YOHANA DELGADO GUZMÁN | C3: 1061721506 | D3: 1001501-001-2026 | E3: 45675 | F3: 46021 | G3: 342 | H3: 59834500 | I3: 12 | J3: 5200000 | K3: 41600000
A4: 2 | B4: CAMILA ERASO ROSERO | C4: 1118286512 | D4: 1001501-002-2026 | E4: 45677 | F4: 46006 | G4: 325 | H4: 43197000 | I4: 12 | J4: 3927000 | K4: 29452500
A5: 3 | B5: YUDY FERNANDA PUNGO | C5: 1118285993 | D5: 1001501-003-2026 | E5: 45677 | F5: 46006 | G5: 325 | H5: 43197000 | I5: 12 | J5: 3927000 | K5: 29452500
A6: 4 | B6: CARLOS EDWIN PIEDRAHITA GARCÍA | C6: 16457640 | D6: 1001501-004-2026 | E6: 45680 | F6: 46021 | G6: 337 | H6: 45160500 | I6: 12 | J6: 3927000 | K6: 31416000
A7: 5 | B7: DIANA CAROLINA MÁRQUEZ MOLINA | C7: 31487789 | D7: 1001501-005-2026 | E7: 45682 | F7: 46021 | G7: 335 | H7: 59834500 | I7: 12 | J7: 5200000 | K7: 41600000
A8: 6 | B8: MARÍA ELVIA BRION MOLINA | C8: 31476734 | D8: 1001501-006-2026 | E8: 45686 | F8: 46021 | G8: 301 | H8: 20700000 | I8: 12 | J8: 1800000 | K8: 14400000
A9: 7 | B9: OLGA PATRICIA CANO RENDÓN | C9: 31475449 | D9: 1001501-007-2026 | E9: 45686 | F9: 46006 | G9: 316 | H9: 43197000 | I9: 12 | J9: 3927000 | K9: 29452500
A10: 8 | B10: EDDIE ERIC POSADA HERRERA | C10: 1118289808 | D10: 1001501-008-2026 | E10: 45686 | F10: 46011 | G10: 318 | H10: 57233000 | I10: 12 | J10: 5200000 | K10: 39016500
A11: 9 | B11: WILLIAM ANDRÉS BRAVO GALINDO | C11: 1005785716 | D11: 1001501-009-2026 | E11: 45687 | F11: 46006 | G11: 315 | H11: 26620000 | I11: 12 | J11: 2420000 | K11: 18150000
A12: 10 | B12: LAURA VANESSA FRANCO MORALES | C12: 1118298717 | D12: 1001501-010-2026 | E12: 45687 | F12: 46006 | G12: 315 | H12: 26620000 | I12: 12 | J12: 2420000 | K12: 18150000
A13: 11 | B13: FRANK ROBERT MURIEL HOYOS | C13: 1118287494 | D13: 1001501-011-2026 | E13: 45687 | F13: 46006 | G13: 315 | H13: 26620000 | I13: 12 | J13: 2420000 | K13: 18150000
A14: 12 | B14: PAOLA ANDREA SANTAMARÍA FLÓREZ | C14: 31485502 | D14: 1001501-012-2026 | E14: 45687 | F14: 46006 | G14: 315 | H14: 23100000 | I14: 12 | J14: 2100000 | K14: 15750000
... A99: 102 | B99: ANDERSON DAVID BRAVO ZAMBRANO | C99: 1005897145 | D99: 1001501-102-2026 | E99: 45754 | F99: 45961 | G99: 203 | H99: 14700000 | I99: 7 | J99: 2100000 | K99: 12600000
H100: =SUM(H3:H99) -> 2146427500 | J100: =SUM(J3:J99) -> 247867000 | K100: 1431899500
B102: APROBO Y AUTORIZO: | F102: REALIZO:
B106: JAIME SANCHEZ LENIS | F106: CAMILA ERASO ROSERO
B107: DIRECTOR | F107: GESTIÓN DE TALENTO HUMANO-SST-AMBIENTAL
B110: FECHA DE REALIZACIÓN: | C110: 45777

Sheet Aut.27 jun
B1: AUTORIZACIÓN PARA PAGO JUNIO 27 2025
A2: # | B2: Nombre | C2: CEDULA | D2: # CONTRATO | E2: PROCESO | F2: SUPERVISOR | G2: APOYO SUPERVISIÓN | H2: Fecha de contrato | I2: FECHA DE INICIO | J2: FECHA FIN | K2: duración en días | L2: VALOR CONTRATO | M2: # CUOTAS | N2: Enr 30 | O2: feb-07 | P2: feb-28 | Q2: mar-07 | R2: mar-31 | S2: 45777 | T2: My 30 | U2: 45811 | V2: 45815 | W2: 45835 | X2: Julio | Y2: julio | Z2: Agosto | AA2: Agosto | AB2: Septiembre | AC2: Septiembre | AD2: Octubre | AE2: Octubre | AF2: Noviembre | AG2: Noviembre | AH2: Diciembre | AI2: Diciembre | AJ2: SALDO | AK2: OBSERVACIONES | AL2: PRESE
A3: 1 | B3: CINDY YOHANA DELGADO GUZMÁN | C3: 1061721506 | D3: 1001501-001-2026 | E3: JURIDICO | F3: JAIME SANCHEZ | G3: SIN APOYO | H3: 45675 | I3: 45675 | J3: 46021 | K3: 342 | L3: 59834500 | M3: 12 | N3: 2634500 | P3: 5200000 | R3: 5200000 | S3: 5200000 | T3: 5200000 | W3: 5200000 | AJ3: =L3-N3-O3-P3-Q3-R3-S3-T3-U3-V3-W3-X3-Y3-Z3-AA3-AB3-AC3-AD3-AE3-AF3-AG3-AH3-AI3 -> 31200000 | AL3: SI
A4: 2 | B4: CAMILA ERASO ROSERO | C4: 1118286512 | D4: 1001501-002-2026 | E4: TH | F4: JAIME SANCHEZ | G4: SIN APOYO | H4: 45677 | I4: 45677 | J4: 46006 | K4: 325 | L4: 43197000 | M4: 12 | N4: 1963500 | P4: 3927000 | R4: 3927000 | S4: 3927000 | T4: 3927000 | W4: 3927000 | AJ4: =L4-N4-O4-P4-Q4-R4-S4-T4-U4-V4-W4-X4-Y4-Z4-AA4-AB4-AC4-AD4-AE4-AF4-AG4-AH4-AI4 -> 21598500 | AL4: SI
A5: 3 | B5: YUDY FERNANDA PUNGO | C5: 1118285993 | D5: 1001501-003-2026 | E5: FINANCIERO | F5: VIVIANA ANDREA TENORIO | G5: SIN APOYO | H5: 45677 | I5: 45677 | J5: 46006 | K5: 325 | L5: 43197000 | M5: 12 | N5: 1963500 | P5: 3927000 | R5: 3927000 | S5: 3927000 | T5: 3927000 | W5: 3927000 | AJ5: =L5-N5-O5-P5-Q5-R5-S5-T5-U5-V5-W5-X5-Y5-Z5-AA5-AB5-AC5-AD5-AE5-AF5-AG5-AH5-AI5 -> 21598500 | AL5: SI
A6: 4 | B6: CARLOS EDWIN PIEDRAHITA GARCÍA | C6: 16457640 | D6: 1001501-004-2026 | E6: PLANEACIÓN | F6: JAIME SANCHEZ | G6: SIN APOYO | H6: 45680 | I6: 45680 | J6: 46021 | K6: 337 | L6: 45160500 | M6: 12 | N6: 1963500 | P6: 3927000 | R6: 3927000 | S6: 3927000 | U6: 3927000 | W6: 3927000 | AJ6: =L6-N6-O6-P6-Q6-R6-S6-T6-U6-V6-W6-X6-Y6-Z6-AA6-AB6-AC6-AD6-AE6-AF6-AG6-AH6-AI6 -> 23562000 | AL6: SI
A7: 5 | B7: DIANA CAROLINA MÁRQUEZ MOLINA | C7: 31487789 | D7: 1001501-005-2026 | E7: AGENCIA | F7: JAIME SANCHEZ | G7: SIN APOYO | H7: 45682 | I7: 45316 | J7: 46021 | K7: 335 | L7: 59834500 | M7: 12 | N7: 2634500 | P7: 5200000 | R7: 5200000 | S7: 5200000 | T7: 5200000 | W7: 5200000 | AJ7: =L7-N7-O7-P7-Q7-R7-S7-T7-U7-V7-W7-X7-Y7-Z7-AA7-AB7-AC7-AD7-AE7-AF7-AG7-AH7-AI7 -> 31200000 | AL7: SI
A8: 6 | B8: MARÍA ELVIA BRION MOLINA | C8: 31476734 | D8: 1001501-006-2026 | E8: ATENCIÓN | F8: JAIME SANCHEZ | G8: WILLAR GONZALEZ | H8: 45686 | I8: 45686 | J8: 46021 | K8: 301 | L8: 20700000 | M8: 12 | O8: 900000 | P8: 1800000 | R8: 1800000 | S8: 1800000 | T8: 1800000 | W8: 1800000 | AJ8: =L8-N8-O8-P8-Q8-R8-S8-T8-U8-V8-W8-X8-Y8-Z8-AA8-AB8-AC8-AD8-AE8-AF8-AG8-AH8-AI8 -> 10800000 | AL8: SI
A9: 7 | B9: OLGA PATRICIA CANO RENDÓN | C9: 31475449 | D9: 1001501-007-2026 | E9: SST | F9: JAIME SANCHEZ | G9: CAMILA ERASO R | H9: 45686 | I9: 45686 | J9: 46006 | K9: 316 | L9: 43197000 | M9: 12 | O9: 1963500 | P9: 3927000 | R9: 3927000 | S9: 3927000 | T9: 3927000 | W9: 3927000 | AJ9: =L9-N9-O9-P9-Q9-R9-S9-T9-U9-V9-W9-X9-Y9-Z9-AA9-AB9-AC9-AD9-AE9-AF9-AG9-AH9-AI9 -> 21598500 | AL9: SI
A10: 8 | B10: WILLIAM ANDRÉS BRAVO GALINDO | C10: 1005785716 | D10: 1001501-009-2026 | E10: JURIDICO | F10: JAIME SANCHEZ | G10: YOHANA DELGADO | H10: 45687 | I10: 45687 | J10: 46006 | K10: 315 | L10: 26620000 | M10: 12 | O10: 1210000 | P10: 2420000 | R10: 2420000 | S10: 2420000 | T10: 2420000 | W10: 2420000 | AJ10: =L10-N10-O10-P10-Q10-R10-S10-T10-U10-V10-W10-X10-Y10-Z10-AA10-AB10-AC10-AD10-AE10-AF10-AG10-AH10-AI10 -> 13310000 | AL10: SI
A11: 9 | B11: LAURA VANESSA FRANCO MORALES | C11: 1118298717 | D11: 1001501-010-2026 | E11: ARCHIVO | F11: JAIME SANCHEZ | G11: SIN APOYO | H11: 45687 | I11: 45687 | J11: 46006 | K11: 315 | L11: 26620000 | M11: 12 | O11: 1210000 | P11: 2420000 | R11: 2420000 | S11: 2420000 | T11: 2420000 | W11: 2420000 | AJ11: =L11-N11-O11-P11-Q11-R11-S11-T11-U11-V11-W11-X11-Y11-Z11-AA11-AB11-AC11-AD11-AE11-AF11-AG11-AH11-AI11 -> 13310000 | AL11: SI
A12: 10 | B12: FRANK ROBERT MURIEL HOYOS | C12: 1118287494 | D12: 1001501-011-2026 | E12: AMBIENTAL | F12: RUBEN DARIO MILLAN | G12: SIN APOYO | H12: 45687 | I12: 45687 | J12: 46006 | K12: 315 | L12: 26620000 | M12: 12 | O12: 1210000 | P12: 2420000 | R12: 2420000 | S12: 2420000 | T12: 2420000 | W12: 2420000 | AJ12: =L12-N12-O12-P12-Q12-R12-S12-T12-U12-V12-W12-X12-Y12-Z12-AA12-AB12-AC12-AD12-AE12-AF12-AG12-AH12-AI12 -> 13310000 | AL12: SI
A13: 11 | B13: PAOLA ANDREA SANTAMARÍA FLÓREZ | C13: 31485502 | D13: 1001501-012-2026 | E13: TH | F13: JAIME SANCHEZ | G13: CAMILA ERASO R | H13: 45687 | I13: 45687 | J13: 46006 | K13: 315 | L13: 23100000 | M13: 12 | O13: 1050000 | P13: 2100000 | R13: 2100000 | S13: 2100000 | T13: 2100000 | W13: 2100000 | AJ13: =L13-N13-O13-P13-Q13-R13-S13-T13-U13-V13-W13-X13-Y13-Z13-AA13-AB13-AC13-AD13-AE13-AF13-AG13-AH13-AI13 -> 11550000 | AL13: SI | AM13: entregada 26-06-25
A14: 12 | B14: OMAR RESTREPO ZÚÑIGA | C14: 16454607 | D14: 1001501-014-2026 | E14: LOGISTICA | F14: CATALINA MONCADA | G14: OLGA PATRICIA CANO | H14: 45688 | I14: 45688 | J14: 46006 | K14: 315 | L14: 19800000 | M14: 12 | O14: 900000 | P14: 1800000 | R14: 1800000 | S14: 1800000 | T14: 1800000 | W14: 1800000 | AJ14: =L14-N14-O14-P14-Q14-R14-S14-T14-U14-V14-W14-X14-Y14-Z14-AA14-AB14-AC14-AD14-AE14-AF14-AG14-AH14-AI14 -> 9900000 | AL14: SI
A15: 13 | B15: JHON EDISON CÓRDOBA ORDOÑEZ | C15: 1118301461 | D15: 1001501-015-2026 | E15: LOGISTICA | F15: VIVIANA ANDREA TENORIO | G15: FERNANDA PUNGO | H15: 45688 | I15: 45688 | J15: 46006 | K15: 315 | L15: 19800000 | M15: 12 | O15: 900000 | P15: 1800000 | R15: 1800000 | S15: 1800000 | T15: 1800000 | W15: 1800000 | AJ15: =L15-N15-O15-P15-Q15-R15-S15-T15-U15-V15-W15-X15-Y15-Z15-AA15-AB15-AC15-AD15-AE15-AF15-AG15-AH15-AI15 -> 9900000 | AL15: SI
A16: 14 | B16: JOSÉ ATANEL QUICENO TORRES | C16: 94193787 | D16: 1001501-016-2026 | E16: LOGISTICA | F16: CATALINA MONCADA | G16: OLGA PATRICIA CANO | H16: 45688 | I16: 45688 | J16: 46006 | K16: 315 | L16: 19800000 | M16: 12 | O16: 900000 | P16: 1800000 | R16: 1800000 | S16: 1800000 | T16: 1800000 | W16: 1800000 | AJ16: =L16-N16-O16-P16-Q16-R16-S16-T16-U16-V16-W16-X16-Y16-Z16-AA16-AB16-AC16-AD16-AE16-AF16-AG16-AH16-AI16 -> 9900000 | AL16: SI
A17: 15 | B17: LUZ AIDE MUÑOZ ORTEGA | C17: 27149631 | D17: 1001501-018-2026 | E17: LOGISTICA | F17: VIVIANA ANDREA TENORIO | G17: FERNANDA PUNGO | H17: 45688 | I17: 45688 | J17: 46006 | K17: 315 | L17: 19800000 | M17: 12 | O17: 900000 | P17: 1800000 | R17: 1800000 | S17: 1800000 | T17: 1800000 | W17: 1800000 | AJ17: =L17-N17-O17-P17-Q17-R17-S17-T17-U17-V17-W17-X17-Y17-Z17-AA17-AB17-AC17-AD17-AE17-AF17-AG17-AH17-AI17 -> 9900000 | AL17: SI
A18: 16 | B18: LENIN GILBERTO RUIZ AYALA | C18: 6549670 | D18: 1001501-019-2026 | E18: CONTROL INTERNO | F18: JAIME SANCHEZ | G18: SIN APOYO | H18: 45688 | I18: 45688 | J18: 46006 | K18: 315 | L18: 43197000 | M18: 12 | O18: 1963500 | P18: 3927000 | R18: 3927000 | S18: 3927000 | T18: 3927000 | W18: 3927000 | AJ18: =L18-N18-O18-P18-Q18-R18-S18-T18-U18-V18-W18-X18-Y18-Z18-AA18-AB18-AC18-AD18-AE18-AF18-AG18-AH18-AI18 -> 21598500 | AL18: SI
A19: 17 | B19: PABLO STEVEN PABÓN POLANCO | C19: 1110285162 | D19: 1001501-021-2026 | E19: ATENCIÓN | F19: JAIME SANCHEZ | G19: WILLAR GONZALEZ | H19: 45689 | I19: 45689 | J19: 46021 | K19: 329 | L19: 23100000 | M19: 12 | N19: - | P19: 2100000 | R19: 2100000 | S19: 2100000 | T19: 2100000 | W19: 2100000 | AJ19: =L19-N19-O19-P19-Q19-R19-S19-T19-U19-V19-W19-X19-Y19-Z19-AA19-AB19-AC19-AD19-AE19-AF19-AG19-AH19-AI19 -> #VALUE! | AL19: SI
A20: 18 | B20: MILTON ARIAS VARGAS | C20: 16460613 | D20: 1001501-022-2026 | E20: ATENCIÓN | F20: JAIME SANCHEZ | G20: WILLAR GONZALEZ | H20: 45689 | I20: 45689 | J20: 46021 | K20: 329 | L20: 23100000 | M20: 11 | N20: - | P20: 2100000 | R20: 2100000 | S20: 2100000 | T20: 2100000 | W20: 2100000 | AJ20: =L20-N20-O20-P20-Q20-R20-S20-T20-U20-V20-W20-X20-Y20-Z20-AA20-AB20-AC20-AD20-AE20-AF20-AG20-AH20-AI20 -> #VALUE! | AL20: SI
A21: 19 | B21: KELLY JOHANNA RIVERA DÍAZ | C21: 1118303170 | D21: 1001501-023-2026 | E21: BIENESTAR - ACADEMICO | F21: RUBEN DARIO MILLAN | G21: SIN APOYO | H21: 45689 | I21: 45689 | J21: 46006 | K21: 315 | L21: 43197000 | M21: 12 | O21: 1963500 | P21: 3927000 | R21: 3927000 | S21: 3927000 | T21: 3927000 | W21: 3927000 | AJ21: =L21-N21-O21-P21-Q21-R21-S21-T21-U21-V21-W21-X21-Y21-Z21-AA21-AB21-AC21-AD21-AE21-AF21-AG21-AH21-AI21 -> 21598500 | AL21: SI
A22: 20 | B22: WILLAR GONZALES TORO | C22: 1118305806 | D22: 1001501-024-2026 | E22: COMUNICACIONES | F22: JAIME SANCHEZ | G22: SIN APOYO | H22: 45689 | I22: 45689 | J22: 46006 | K22: 315 | L22: 43197000 | M22: 12 | O22: 1963500 | P22: 3927000 | R22: 3927000 | S22: 3927000 | T22: 3927000 | W22: 3927000 | AJ22: =L22-N22-O22-P22-Q22-R22-S22-T22-U22-V22-W22-X22-Y22-Z22-AA22-AB22-AC22-AD22-AE22-AF22-AG22-AH22-AI22 -> 21598500 | AL22: SI | AM22: entregada 26-06-25
A23: 21 | B23: DIEGO JAVIER ALZATE CUERO | C23: 16455217 | D23: 1001501-025-2026 | E23: PLANEACIÓN | F23: JAIME SANCHEZ | G23: CARLOS EDWIN PIEDRAHITA | H23: 45689 | I23: 45689 | J23: 46006 | K23: 315 | L23: 43197000 | M23: 12 | O23: 1963500 | P23: 3927000 | R23: 3927000 | S23: 3927000 | U23: 3927000 | W23: 3927000 | AJ23: =L23-N23-O23-P23-Q23-R23-S23-T23-U23-V23-W23-X23-Y23-Z23-AA23-AB23-AC23-AD23-AE23-AF23-AG23-AH23-AI23 -> 21598500 | AL23: SI
A24: 22 | B24: JULIANA MOSQUERA VARGAS | C24: 1118295433 | D24: 1001501-026-2026 | E24: PRACTICAS - ACADEMICO | F24: RUBEN DARIO MILLAN | G24: SIN APOYO | H24: 45689 | I24: 45689 | J24: 46006 | K24: 315 | L24: 43197000 | M24: 12 | O24: 1963500 | P24: 3927000 | R24: 3927000 | S24: 3927000 | T24: 3927000 | W24: 3927000 | AJ24: =L24-N24-O24-P24-Q24-R24-S24-T24-U24-V24-W24-X24-Y24-Z24-AA24-AB24-AC24-AD24-AE24-AF24-AG24-AH24-AI24 -> 21598500 | AL24: SI
A25: 23 | B25: LEYDI TATIANA ORTIZ RENGIFO | C25: 1118309496 | D25: 1001501-027-2026 | E25: AGENCIA | F25: JAIME SANCHEZ | G25: DIANA CAROLINA MARQUEZ | H25: 45689 | I25: 45689 | J25: 46006 | K25: 315 | L25: 43197000 | M25: 12 | O25: 1963500 | P25: 3927000 | R25: 3927000 | S25: 3927000 | T25: 3927000 | W25: 3927000 | AJ25: =L25-N25-O25-P25-Q25-R25-S25-T25-U25-V25-W25-X25-Y25-Z25-AA25-AB25-AC25-AD25-AE25-AF25-AG25-AH25-AI25 -> 21598500 | AL25: SI
A26: 24 | B26: ANA SOFÍA TELLO HERRERA | C26: 31485180 | D26: 1001501-028-2026 | E26: AGENCIA | F26: JAIME SANCHEZ | G26: DIANA CAROLINA MARQUEZ | H26: 45689 | I26: 45689 | J26: 46006 | K26: 315 | L26: 43197000 | M26: 12 | O26: 1963500 | P26: 3927000 | R26: 3927000 | S26: 3927000 | T26: 3927000 | W26: 3927000 | AJ26: =L26-N26-O26-P26-Q26-R26-S26-T26-U26-V26-W26-X26-Y26-Z26-AA26-AB26-AC26-AD26-AE26-AF26-AG26-AH26-AI26 -> 21598500 | AL26: SI
A27: 25 | B27: ANGÉLICA MARÍA RIVERA VALENCIA | C27: 31486456 | D27: 1001501-029-2026 | E27: AGENCIA | F27: JAIME SANCHEZ | G27: DIANA CAROLINA MARQUEZ | H27: 45689 | I27: 45689 | J27: 46006 | K27: 315 | L27: 43197000 | M27: 12 | O27: 1963500 | P27: 3927000 | R27: 3927000 | S27: 3927000 | T27: 3927000 | W27: 3927000 | AJ27: =L27-N27-O27-P27-Q27-R27-S27-T27-U27-V27-W27-X27-Y27-Z27-AA27-AB27-AC27-AD27-AE27-AF27-AG27-AH27-AI27 -> 21598500 | AL27: SI
A28: 26 | B28: NATHALIA JIMÉNEZ CARVAJAL | C28: 1144201554 | D28: 1001501-030-2026 | E28: AGENCIA | F28: JAIME SANCHEZ | G28: DIANA CAROLINA MARQUEZ | H28: 45689 | I28: 45689 | J28: 46006 | K28: 315 | L28: 43197000 | M28: 12 | O28: 1963500 | P28: 3927000 | R28: 3927000 | S28: 3927000 | T28: 3927000 | W28: 3927000 | AJ28: =L28-N28-O28-P28-Q28-R28-S28-T28-U28-V28-W28-X28-Y28-Z28-AA28-AB28-AC28-AD28-AE28-AF28-AG28-AH28-AI28 -> 21598500 | AL28: SI
A29: 27 | B29: CLAUDIA FERNANDA GARCÉS PULIDO | C29: 66862669 | D29: 1001501-031-2026 | E29: AGENCIA | F29: JAIME SANCHEZ | G29: DIANA CAROLINA MARQUEZ | H29: 45689 | I29: 45689 | J29: 46006 | K29: 315 | L29: 23100000 | M29: 12 | O29: 1050000 | P29: 2100000 | R29: 2100000 | S29: 2100000 | T29: 2100000 | W29: 2100000 | AJ29: =L29-N29-O29-P29-Q29-R29-S29-T29-U29-V29-W29-X29-Y29-Z29-AA29-AB29-AC29-AD29-AE29-AF29-AG29-AH29-AI29 -> 11550000 | AL29: SI
A30: 28 | B30: GLADIS JOHANA OLAYA LIZARRALDE | C30: 31485452 | D30: 1001501-032-2026 | E30: AGENCIA | F30: JAIME SANCHEZ | G30: DIANA CAROLINA MARQUEZ | H30: 45689 | I30: 45689 | J30: 46006 | K30: 315 | L30: 23100000 | M30: 12 | O30: 1050000 | P30: 2100000 | R30: 2100000 | S30: 2100000 | T30: 2100000 | W30: 2100000 | AJ30: =L30-N30-O30-P30-Q30-R30-S30-T30-U30-V30-W30-X30-Y30-Z30-AA30-AB30-AC30-AD30-AE30-AF30-AG30-AH30-AI30 -> 11550000 | AL30: SI
A31: 29 | B31: NORA LILIANA CORRALES GONZÁLEZ | C31: 31476109 | D31: 1001501-033-2026 | E31: AGENCIA | F31: JAIME SANCHEZ | G31: DIANA CAROLINA MARQUEZ | H31: 45689 | I31: 45689 | J31: 46006 | K31: 315 | L31: 19800000 | M31: 12 | O31: 900000 | P31: 1800000 | R31: 1800000 | S31: 1800000 | T31: 1800000 | W31: 1800000 | AJ31: =L31-N31-O31-P31-Q31-R31-S31-T31-U31-V31-W31-X31-Y31-Z31-AA31-AB31-AC31-AD31-AE31-AF31-AG31-AH31-AI31 -> 9900000 | AL31: SI
A32: 30 | B32: JHON SEBASTIÁN PAYAN ORTIZ | C32: 1193142882 | D32: 1001501-034-2026 | E32: AGENCIA | F32: JAIME SANCHEZ | G32: DIANA CAROLINA MARQUEZ | H32: 45689 | I32: 45689 | J32: 46006 | K32: 315 | L32: 19800000 | M32: 12 | O32: 900000 | P32: 1800000 | R32: 1800000 | S32: 1800000 | T32: 1800000 | W32: 1800000 | AJ32: =L32-N32-O32-P32-Q32-R32-S32-T32-U32-V32-W32-X32-Y32-Z32-AA32-AB32-AC32-AD32-AE32-AF32-AG32-AH32-AI32 -> 9900000 | AL32: SI
A33: 31 | B33: FRANCISCO RAFAEL HERAZO SANTIZ | C33: 8661306 | D33: 1001501-036-2026 | E33: CALIDAD | F33: JAIME SANCHEZ | G33: EDDI ERICK POSADA | H33: 45698 | I33: 45698 | J33: 46021 | K33: 320 | L33: 43197000 | M33: 11 | N33: - | P33: 3927000 | R33: 3927000 | S33: 3927000 | T33: 3927000 | W33: 3927000 | AJ33: =L33-N33-O33-P33-Q33-R33-S33-T33-U33-V33-W33-X33-Y33-Z33-AA33-AB33-AC33-AD33-AE33-AF33-AG33-AH33-AI33 -> #VALUE! | AL33: SI
A34: 32 | B34: DIANA PATRICIA CONTRERAS MOLINA | C34: 52535068 | D34: 1001501-037-2026 | E34: PLANEACIÓN | F34: JAIME SANCHEZ | G34: CARLOS EDWIN PIEDRAHITA | H34: 45695 | I34: 45698 | J34: 46021 | K34: 320 | L34: 43197000 | M34: 11 | N34: - | P34: 3927000 | R34: 3927000 | S34: 3927000 | T34: - | U34: 3927000 | W34: 3927000 | AJ34: =L34-N34-O34-P34-Q34-R34-S34-T34-U34-V34-W34-X34-Y34-Z34-AA34-AB34-AC34-AD34-AE34-AF34-AG34-AH34-AI34 -> #VALUE! | AL34: SI
A35: 33 | B35: RUBEN DARIO BARRETO MAGON | C35: 6341430 | D35: 1001501-038-2026 | E35: TICS | F35: JAIME SANCHEZ | G35: SIN APOYO | H35: 45698 | I35: 45699 | J35: 46021 | K35: 320 | L35: 43197000 | M35: 11 | N35: - | P35: 3927000 | R35: 3927000 | S35: 3927000 | T35: 3927000 | W35: 3927000 | AJ35: =L35-N35-O35-P35-Q35-R35-S35-T35-U35-V35-W35-X35-Y35-Z35-AA35-AB35-AC35-AD35-AE35-AF35-AG35-AH35-AI35 -> #VALUE! | AL35: SI
A36: 34 | B36: ALEXANDER VARELA LENIS | C36: 16461906 | D36: 1001501-039-2026 | E36: LOGISTICA | F36: CATALINA MONCADA | G36: OLGA PATRICIA CANO | H36: 45695 | I36: 45698 | J36: 46021 | K36: 320 | L36: 23100000 | M36: 11 | N36: - | P36: 2100000 | R36: 2100000 | S36: 2100000 | T36: 2100000 | W36: 2100000 | AJ36: =L36-N36-O36-P36-Q36-R36-S36-T36-U36-V36-W36-X36-Y36-Z36-AA36-AB36-AC36-AD36-AE36-AF36-AG36-AH36-AI36 -> #VALUE! | AL36: SI
A37: 35 | B37: MARBEL CONTRERAS VARGAS | C37: 22662391 | D37: 1001501-042-2026 | E37: TLC ACADEMICO | F37: RUBEN DARIO MILLAN | H37: 45706 | I37: 45706 | J37: 45918 | K37: 210 | L37: 14700000 | M37: 8 | N37: - | Q37: 1050000 | R37: 2100000 | S37: 2100000 | T37: 2100000 | W37: 2100000 | AJ37: =L37-N37-O37-P37-Q37-R37-S37-T37-U37-V37-W37-X37-Y37-Z37-AA37-AB37-AC37-AD37-AE37-AF37-AG37-AH37-AI37 -> #VALUE! | AL37: SI
A38: 36 | B38: PABLO ANTONIO CRUZ PALECHOR | C38: 76345164 | D38: 1001501-043-2026 | E38: TLC ACADEMICO | F38: RUBEN DARIO MILLAN | H38: 45706 | I38: 45706 | J38: 45918 | K38: 210 | L38: 14700000 | M38: 8 | N38: - | Q38: 1050000 | R38: 2100000 | S38: 2100000 | T38: 2100000 | W38: 2100000 | AJ38: =L38-N38-O38-P38-Q38-R38-S38-T38-U38-V38-W38-X38-Y38-Z38-AA38-AB38-AC38-AD38-AE38-AF38-AG38-AH38-AI38 -> #VALUE! | AL38: SI
A39: 37 | B39: LISA MARIA TELLO HENAO | C39: 1118303696 | D39: 1001501-044-2026 | E39: TLC ACADEMICO | F39: RUBEN DARIO MILLAN | H39: 45706 | I39: 45706 | J39: 45918 | K39: 210 | L39: 14700000 | M39: 8 | N39: - | Q39: 1050000 | R39: 2100000 | S39: 2100000 | T39: 2100000 | W39: 2100000 | AJ39: =L39-N39-O39-P39-Q39-R39-S39-T39-U39-V39-W39-X39-Y39-Z39-AA39-AB39-AC39-AD39-AE39-AF39-AG39-AH39-AI39 -> #VALUE! | AL39: SI
A40: 38 | B40: LUZ KARIME CORTES SALGADO | C40: 1115085069 | D40: 1001501-045-2026 | E40: TLC ACADEMICO | F40: RUBEN DARIO MILLAN | H40: 45706 | I40: 45706 | J40: 45918 | K40: 210 | L40: 14700000 | M40: - | Q40: 1050000 | R40: 2100000 | S40: 2100000 | T40: 2100000 | W40: 2100000 | AJ40: =L40-N40-O40-P40-Q40-R40-S40-T40-U40-V40-W40-X40-Y40-Z40-AA40-AB40-AC40-AD40-AE40-AF40-AG40-AH40-AI40 -> 5250000 | AL40: SI
A41: 39 | B41: JHON ALEXANDER OROZCO PEREZ | C41: 1118301409 | D41: 1001501-046-2026 | E41: TLC ACADEMICO | F41: RUBEN DARIO MILLAN | H41: 45706 | I41: 45706 | J41: 45918 | K41: 210 | L41: 14700000 | M41: 8 | N41: - | Q41: 1050000 | R41: 2100000 | S41: 2100000 | T41: 2100000 | W41: 2100000 | AJ41: =L41-N41-O41-P41-Q41-R41-S41-T41-U41-V41-W41-X41-Y41-Z41-AA41-AB41-AC41-AD41-AE41-AF41-AG41-AH41-AI41 -> #VALUE! | AL41: SI
A42: 40 | B42: HELEN BANESA PEREZ | C42: 1118259252 | D42: 1001501-047-2026 | E42: TLC ACADEMICO | F42: RUBEN DARIO MILLAN | H42: 45706 | I42: 45706 | J42: 45918 | K42: 210 | L42: 14700000 | M42: 8 | Q42: 1050000 | R42: 2100000 | S42: 2100000 | T42: 2100000 | W42: 2100000 | AJ42: =L42-N42-O42-P42-Q42-R42-S42-T42-U42-V42-W42-X42-Y42-Z42-AA42-AB42-AC42-AD42-AE42-AF42-AG42-AH42-AI42 -> 5250000 | AL42: SI
A43: 41 | B43: LUZ KARIME CARDONA | C43: 1118285418 | D43: 1001501-048-2026 | E43: TLC ACADEMICO | F43: RUBEN DARIO MILLAN | H43: 45706 | I43: 45706 | J43: 45918 | K43: 210 | L43: 14700000 | M43: 8 | Q43: 1050000 | R43: 2100000 | S43: 2100000 | T43: 2100000 | W43: 2100000 | AJ43: =L43-N43-O43-P43-Q43-R43-S43-T43-U43-V43-W43-X43-Y43-Z43-AA43-AB43-AC43-AD43-AE43-AF43-AG43-AH43-AI43 -> 5250000 | AL43: SI
A44: 42 | B44: JONATHAN DIAZ | C44: 1118282515 | D44: 1001501-049-2026 | E44: TLC ACADEMICO | F44: RUBEN DARIO MILLAN | H44: 45706 | I44: 45706 | J44: 45918 | K44: 210 | L44: 14700000 | M44: 8 | Q44: 1050000 | R44: 2100000 | S44: 2100000 | T44: 2100000 | W44: 2100000 | AJ44: =L44-N44-O44-P44-Q44-R44-S44-T44-U44-V44-W44-X44-Y44-Z44-AA44-AB44-AC44-AD44-AE44-AF44-AG44-AH44-AI44 -> 5250000 | AL44: SI
A45: 43 | B45: YAMILED SEPULVEDA | C45: 31475774 | D45: 1001501-050-2026 | E45: TLC ACADEMICO | F45: RUBEN DARIO MILLAN | H45: 45706 | I45: 45706 | J45: 45918 | K45: 210 | L45: 14700000 | M45: 8 | Q45: 1050000 | R45: 2100000 | S45: 2100000 | T45: 2100000 | W45: 2100000 | AJ45: =L45-N45-O45-P45-Q45-R45-S45-T45-U45-V45-W45-X45-Y45-Z45-AA45-AB45-AC45-AD45-AE45-AF45-AG45-AH45-AI45 -> 5250000 | AL45: SI
A46: 44 | B46: ELSA REINA | C46: 31469557 | D46: 1001501-051-2026 | E46: TLC ACADEMICO | F46: RUBEN DARIO MILLAN | H46: 45706 | I46: 45706 | J46: 45918 | K46: 210 | L46: 14700000 | M46: 8 | Q46: 1050000 | R46: 2100000 | S46: 2100000 | T46: 2100000 | W46: 2100000 | AJ46: =L46-N46-O46-P46-Q46-R46-S46-T46-U46-V46-W46-X46-Y46-Z46-AA46-AB46-AC46-AD46-AE46-AF46-AG46-AH46-AI46 -> 5250000 | AL46: SI
A47: 45 | B47: MANUEL MARQUEZ | C47: 16449942 | D47: 1001501-052-2026 | E47: TLC ACADEMICO | F47: RUBEN DARIO MILLAN | H47: 45706 | I47: 45708 | J47: 45918 | K47: 210 | L47: 14700000 | M47: 8 | Q47: 1050000 | R47: 2100000 | S47: 2100000 | T47: 2100000 | W47: 2100000 | AJ47: =L47-N47-O47-P47-Q47-R47-S47-T47-U47-V47-W47-X47-Y47-Z47-AA47-AB47-AC47-AD47-AE47-AF47-AG47-AH47-AI47 -> 5250000 | AL47: SI
A48: 46 | B48: LAURO DRADA | C48: 16448311 | D48: 1001501-053-2026 | E48: TLC ACADEMICO | F48: RUBEN DARIO MILLAN | H48: 45706 | I48: 45708 | J48: 45918 | K48: 210 | L48: 14700000 | M48: 8 | Q48: 1050000 | R48: 2100000 | S48: 2100000 | T48: 2100000 | W48: 2100000 | AJ48: =L48-N48-O48-P48-Q48-R48-S48-T48-U48-V48-W48-X48-Y48-Z48-AA48-AB48-AC48-AD48-AE48-AF48-AG48-AH48-AI48 -> 5250000 | AL48: SI
A49: 47 | B49: CRISTIAN RAMIREZ | C49: 1118297137 | D49: 1001501-054-2026 | E49: TLC ACADEMICO | F49: RUBEN DARIO MILLAN | H49: 45707 | I49: 45707 | J49: 45918 | K49: 210 | L49: 14700000 | M49: 8 | Q49: 1050000 | R49: 2100000 | S49: 2100000 | T49: 2100000 | W49: 2100000 | AJ49: =L49-N49-O49-P49-Q49-R49-S49-T49-U49-V49-W49-X49-Y49-Z49-AA49-AB49-AC49-AD49-AE49-AF49-AG49-AH49-AI49 -> 5250000 | AL49: SI
A50: 48 | B50: VALERIA GOMEZ | C50: 1118307353 | D50: 1001501-055-2026 | E50: TLC ACADEMICO | F50: RUBEN DARIO MILLAN | H50: 45707 | I50: 45707 | J50: 45918 | K50: 210 | L50: 14700000 | M50: 8 | Q50: 1050000 | R50: 2100000 | S50: 2100000 | T50: 2100000 | W50: 2100000 | AJ50: =L50-N50-O50-P50-Q50-R50-S50-T50-U50-V50-W50-X50-Y50-Z50-AA50-AB50-AC50-AD50-AE50-AF50-AG50-AH50-AI50 -> 5250000 | AL50: SI
A51: 49 | B51: SANDRA LILIANA ALVAREZ | C51: 55060615 | D51: 1001501-056-2026 | E51: TLC ACADEMICO | F51: RUBEN DARIO MILLAN | H51: 45707 | I51: 45707 | J51: 45918 | K51: 210 | L51: 14700000 | M51: 8 | Q51: 1050000 | R51: 2100000 | S51: 2100000 | T51: 2100000 | W51: 2100000 | AJ51: =L51-N51-O51-P51-Q51-R51-S51-T51-U51-V51-W51-X51-Y51-Z51-AA51-AB51-AC51-AD51-AE51-AF51-AG51-AH51-AI51 -> 5250000 | AL51: SI | AM51: Entregada el 25-6-25
A52: 50 | B52: WILLIAM SALAZAR | C52: 16464670 | D52: 1001501-057-2026 | E52: TLC ACADEMICO | F52: RUBEN DARIO MILLAN | H52: 45707 | I52: 45707 | J52: 45918 | K52: 210 | L52: 14700000 | M52: 8 | Q52: 1050000 | R52: 2100000 | S52: 2100000 | T52: 2100000 | W52: 2100000 | AJ52: =L52-N52-O52-P52-Q52-R52-S52-T52-U52-V52-W52-X52-Y52-Z52-AA52-AB52-AC52-AD52-AE52-AF52-AG52-AH52-AI52 -> 5250000 | AL52: SI
A53: 51 | B53: ANGIE MERA BELTRAN | C53: 1118310324 | D53: 1001501-058-2026 | E53: TLC ACADEMICO | F53: RUBEN DARIO MILLAN | H53: 45707 | I53: 45707 | J53: 45918 | K53: 210 | L53: 14700000 | M53: 8 | Q53: 1050000 | R53: 2100000 | S53: 2100000 | T53: 2100000 | W53: 2100000 | AJ53: =L53-N53-O53-P53-Q53-R53-S53-T53-U53-V53-W53-X53-Y53-Z53-AA53-AB53-AC53-AD53-AE53-AF53-AG53-AH53-AI53 -> 5250000 | AL53: SI
A54: 52 | B54: JEAN MENDEZ | C54: 1118305974 | D54: 1001501-059-2026 | E54: TLC ACADEMICO | F54: RUBEN DARIO MILLAN | H54: 45707 | I54: 45707 | J54: 45919 | K54: 209 | L54: 14700000 | M54: 8 | Q54: 1050000 | R54: 2100000 | S54: 2100000 | T54: 2100000 | W54: 2100000 | AJ54: =L54-N54-O54-P54-Q54-R54-S54-T54-U54-V54-W54-X54-Y54-Z54-AA54-AB54-AC54-AD54-AE54-AF54-AG54-AH54-AI54 -> 5250000 | AL54: SI
A55: 53 | B55: MIGUEL ANGEL JARAMILLO | C55: 1118306817 | D55: 1001501-060-2026 | E55: TLC ACADEMICO | F55: RUBEN DARIO MILLAN | H55: 45707 | I55: 45707 | J55: 45918 | K55: 210 | L55: 14700000 | M55: 8 | Q55: 1050000 | R55: 2100000 | S55: 2100000 | T55: 2100000 | W55: 2100000 | AJ55: =L55-N55-O55-P55-Q55-R55-S55-T55-U55-V55-W55-X55-Y55-Z55-AA55-AB55-AC55-AD55-AE55-AF55-AG55-AH55-AI55 -> 5250000 | AL55: SI | AM55: Entregada el 25-6-25
A56: 54 | B56: EUNICE NIEVA | C56: 31540546 | D56: 1001501-061-2026 | E56: TLC ACADEMICO | F56: RUBEN DARIO MILLAN | H56: 45707 | I56: 45707 | J56: 45918 | K56: 210 | L56: 12600000 | M56: 8 | Q56: 900000 | R56: 1800000 | S56: 1800000 | T56: 1800000 | W56: 1800000 | AJ56: =L56-N56-O56-P56-Q56-R56-S56-T56-U56-V56-W56-X56-Y56-Z56-AA56-AB56-AC56-AD56-AE56-AF56-AG56-AH56-AI56 -> 4500000 | AL56: SI | AM56: Entregada el 25-6-25
A57: 55 | B57: XIOMARA PRIETO PELAYO | C57: 1118299891 | D57: 1001501-062-2026 | E57: EMPRENDIMIENTO - ACADEMICO | F57: RUBEN DARIO MILLAN | H57: 45707 | I57: 45707 | J57: 45918 | K57: 210 | L57: 14700000 | M57: 8 | Q57: 1050000 | R57: 2100000 | S57: 2100000 | T57: 2100000 | W57: 2100000 | AJ57: =L57-N57-O57-P57-Q57-R57-S57-T57-U57-V57-W57-X57-Y57-Z57-AA57-AB57-AC57-AD57-AE57-AF57-AG57-AH57-AI57 -> 5250000 | AL57: SI
A58: 56 | B58: OMAIRA SANCHEZ PAEZ | C58: 31465350 | D58: 1001501-063-2026 | E58: EMPRENDIMIENTO - ACADEMICO | F58: RUBEN DARIO MILLAN | H58: 45707 | I58: 45707 | J58: 45918 | K58: 210 | L58: 14700000 | M58: 8 | Q58: 1050000 | R58: 2100000 | S58: 2100000 | T58: 2100000 | W58: 2100000 | AJ58: =L58-N58-O58-P58-Q58-R58-S58-T58-U58-V58-W58-X58-Y58-Z58-AA58-AB58-AC58-AD58-AE58-AF58-AG58-AH58-AI58 -> 5250000 | AL58: SI
A59: 57 | B59: LUZ MARIA NOREÑA | C59: 31467006 | D59: 1001501-064-2026 | E59: EMPRENDIMIENTO - ACADEMICO | F59: RUBEN DARIO MILLAN | H59: 45707 | I59: 45707 | J59: 45919 | K59: 210 | L59: 14700000 | M59: 8 | Q59: 1050000 | R59: 2100000 | S59: 2100000 | T59: 2100000 | W59: 2100000 | AJ59: =L59-N59-O59-P59-Q59-R59-S59-T59-U59-V59-W59-X59-Y59-Z59-AA59-AB59-AC59-AD59-AE59-AF59-AG59-AH59-AI59 -> 5250000 | AL59: SI
A60: 58 | B60: KAROLNA GUTIERREZ | C60: 1112494650 | D60: 1001501-065-2026 | E60: EMPRENDIMIENTO - ACADEMICO | F60: RUBEN DARIO MILLAN | H60: 45707 | I60: 45707 | J60: 45918 | K60: 210 | L60: 14700000 | M60: 8 | Q60: 1050000 | R60: 2100000 | S60: 2100000 | T60: 2100000 | W60: 2100000 | AJ60: =L60-N60-O60-P60-Q60-R60-S60-T60-U60-V60-W60-X60-Y60-Z60-AA60-AB60-AC60-AD60-AE60-AF60-AG60-AH60-AI60 -> 5250000 | AL60: SI
A61: 59 | B61: JULIAN CASTAÑO | C61: 1053785295 | D61: 1001501-066-2026 | E61: EMPRENDIMIENTO - ACADEMICO | F61: RUBEN DARIO MILLAN | H61: 45707 | I61: 45707 | J61: 45918 | K61: 210 | L61: 14700000 | M61: 8 | Q61: 1050000 | R61: 2100000 | S61: 2100000 | T61: 2100000 | W61: 2100000 | AJ61: =L61-N61-O61-P61-Q61-R61-S61-T61-U61-V61-W61-X61-Y61-Z61-AA61-AB61-AC61-AD61-AE61-AF61-AG61-AH61-AI61 -> 5250000 | AL61: SI
A62: 60 | B62: CRISTINA BECERRA | C62: 31486968 | D62: 1001501-067-2026 | E62: EMPRENDIMIENTO - ACADEMICO | F62: RUBEN DARIO MILLAN | H62: 45707 | I62: 45707 | J62: 45919 | K62: 210 | L62: 14700000 | M62: 8 | Q62: 1050000 | R62: 2100000 | S62: 2100000 | T62: 2100000 | W62: 2100000 | AJ62: =L62-N62-O62-P62-Q62-R62-S62-T62-U62-V62-W62-X62-Y62-Z62-AA62-AB62-AC62-AD62-AE62-AF62-AG62-AH62-AI62 -> 5250000 | AL62: SI
A63: 61 | B63: CECILIA GIL | C63: 31470431 | D63: 1001501-068-2026 | E63: EMPRENDIMIENTO - ACADEMICO | F63: RUBEN DARIO MILLAN | H63: 45707 | I63: 45707 | J63: 45918 | K63: 210 | L63: 14700000 | M63: 8 | Q63: 1050000 | R63: 2100000 | S63: 2100000 | T63: 2100000 | W63: 2100000 | AJ63: =L63-N63-O63-P63-Q63-R63-S63-T63-U63-V63-W63-X63-Y63-Z63-AA63-AB63-AC63-AD63-AE63-AF63-AG63-AH63-AI63 -> 5250000 | AL63: SI
A64: 62 | B64: LUIS HUMBERTO GARCIA | C64: 16451112 | D64: 1001501-069-2026 | E64: EMPRENDIMIENTO - ACADEMICO | F64: RUBEN DARIO MILLAN | H64: 45707 | I64: 45707 | J64: 45918 | K64: 210 | L64: 12600000 | M64: 8 | Q64: 900000 | R64: 1800000 | S64: 1800000 | T64: 1800000 | W64: 1800000 | AJ64: =L64-N64-O64-P64-Q64-R64-S64-T64-U64-V64-W64-X64-Y64-Z64-AA64-AB64-AC64-AD64-AE64-AF64-AG64-AH64-AI64 -> 4500000 | AL64: SI
A65: 63 | B65: DIANA CARABALI | C65: 1118297821 | D65: 1001501-070-2026 | E65: AMBIENTAL | F65: RUBEN DARIO MILLAN | H65: 45707 | I65: 45707 | J65: 45888 | K65: 210 | L65: 12600000 | M65: 7 | Q65: 1050000 | R65: 2100000 | S65: 2100000 | T65: 2100000 | W65: 2100000 | AJ65: =L65-N65-O65-P65-Q65-R65-S65-T65-U65-V65-W65-X65-Y65-Z65-AA65-AB65-AC65-AD65-AE65-AF65-AG65-AH65-AI65 -> 3150000 | AL65: SI
A66: 64 | B66: GUSTAVO MOSCOSO | C66: 16377283 | D66: 1001501-071-2026 | E66: LOGISTICA | F66: CATALINA MONCADA | G66: OLGA PATRICIA CANO | H66: 45707 | I66: 45707 | J66: 45887 | K66: 210 | L66: 10800000 | M66: 7 | Q66: 900000 | R66: 1800000 | S66: 1800000 | T66: 1800000 | W66: 1800000 | AJ66: =L66-N66-O66-P66-Q66-R66-S66-T66-U66-V66-W66-X66-Y66-Z66-AA66-AB66-AC66-AD66-AE66-AF66-AG66-AH66-AI66 -> 2700000 | AL66: SI
A67: 65 | B67: CRISTHIAN GIRALDO | C67: 1118307328 | D67: 1001501-072-2026 | E67: EMPRENDIMIENTO - ACADEMICO | F67: RUBEN DARIO MILLAN | H67: 45708 | I67: 45708 | J67: 45918 | K67: 209 | L67: 14700000 | M67: 8 | Q67: 1050000 | R67: 2100000 | S67: 2100000 | T67: 2100000 | W67: 2100000 | AJ67: =L67-N67-O67-P67-Q67-R67-S67-T67-U67-V67-W67-X67-Y67-Z67-AA67-AB67-AC67-AD67-AE67-AF67-AG67-AH67-AI67 -> 5250000 | AL67: SI
A68: 66 | B68: ANDRES FELIPE GALLEGO | C68: 1109115172 | D68: 1001501-073-2026 | E68: EMPRENDIMIENTO - ACADEMICO | F68: RUBEN DARIO MILLAN | H68: 45708 | I68: 45708 | J68: 45918 | K68: 209 | L68: 14700000 | M68: 8 | Q68: 1050000 | R68: 2100000 | S68: 2100000 | T68: 2100000 | W68: 2100000 | AJ68: =L68-N68-O68-P68-Q68-R68-S68-T68-U68-V68-W68-X68-Y68-Z68-AA68-AB68-AC68-AD68-AE68-AF68-AG68-AH68-AI68 -> 5250000 | AL68: SI
A69: 67 | B69: JOSE DAVID ILES ATOY | C69: 1002956175 | D69: 1001501-074-2026 | E69: TLC ACADEMICO | F69: RUBEN DARIO MILLAN | H69: 45708 | I69: 45708 | J69: 45918 | K69: 209 | L69: 14700000 | M69: 8 | Q69: 1050000 | R69: 2100000 | S69: 2100000 | T69: 2100000 | W69: 2100000 | AJ69: =L69-N69-O69-P69-Q69-R69-S69-T69-U69-V69-W69-X69-Y69-Z69-AA69-AB69-AC69-AD69-AE69-AF69-AG69-AH69-AI69 -> 5250000 | AL69: SI
A70: 68 | B70: HENRY RIOS | C70: 1144143581 | D70: 1001501-075-2026 | E70: TLC ACADEMICO | F70: RUBEN DARIO MILLAN | H70: 45708 | I70: 45708 | J70: 45918 | K70: 209 | L70: 14700000 | M70: 8 | Q70: 1050000 | R70: 2100000 | S70: 2100000 | T70: 2100000 | W70: 2100000 | AJ70: =L70-N70-O70-P70-Q70-R70-S70-T70-U70-V70-W70-X70-Y70-Z70-AA70-AB70-AC70-AD70-AE70-AF70-AG70-AH70-AI70 -> 5250000 | AL70: SI | AM70: entregada 25-06-25
A71: 69 | B71: DIEGO EDILBERTO REYES CAGUEÑA | C71: 16641034 | D71: 1001501-076-2026 | E71: TLC ACADEMICO | F71: RUBEN DARIO MILLAN | H71: 45708 | I71: 45708 | J71: 45918 | K71: 209 | L71: 14700000 | M71: 8 | Q71: 1050000 | R71: 2100000 | S71: 2100000 | T71: 2100000 | W71: 2100000 | AJ71: =L71-N71-O71-P71-Q71-R71-S71-T71-U71-V71-W71-X71-Y71-Z71-AA71-AB71-AC71-AD71-AE71-AF71-AG71-AH71-AI71 -> 5250000 | AL71: SI
A72: 70 | B72: LINA MARCELA ALFONSO FIGUEROA | C72: 1007609629 | D72: 1001501-077-2026 | E72: TLC ACADEMICO | F72: RUBEN DARIO MILLAN | H72: 45708 | I72: 45708 | J72: 45918 | K72: 209 | L72: 14700000 | M72: 8 | Q72: 1050000 | R72: 2100000 | S72: 2100000 | T72: 2100000 | W72: 2100000 | AJ72: =L72-N72-O72-P72-Q72-R72-S72-T72-U72-V72-W72-X72-Y72-Z72-AA72-AB72-AC72-AD72-AE72-AF72-AG72-AH72-AI72 -> 5250000 | AL72: SI
A73: 71 | B73: PABLO MENESES | C73: 1118286054 | D73: 1001501-078-2026 | E73: TLC ACADEMICO | F73: RUBEN DARIO MILLAN | H73: 45708 | I73: 45708 | J73: 45918 | K73: 209 | L73: 14700000 | M73: 8 | Q73: 1050000 | R73: 2100000 | S73: 2100000 | T73: 2100000 | W73: 2100000 | AJ73: =L73-N73-O73-P73-Q73-R73-S73-T73-U73-V73-W73-X73-Y73-Z73-AA73-AB73-AC73-AD73-AE73-AF73-AG73-AH73-AI73 -> 5250000 | AL73: SI
A74: 72 | B74: MARIA GLADIS FIGUEROA | C74: 35696525 | D74: 1001501-079-2026 | E74: TLC ACADEMICO | F74: RUBEN DARIO MILLAN | H74: 45708 | I74: 45708 | J74: 45918 | K74: 209 | L74: 14700000 | M74: 8 | Q74: 1050000 | R74: 2100000 | S74: 2100000 | T74: 2100000 | W74: 2100000 | AJ74: =L74-N74-O74-P74-Q74-R74-S74-T74-U74-V74-W74-X74-Y74-Z74-AA74-AB74-AC74-AD74-AE74-AF74-AG74-AH74-AI74 -> 5250000 | AL74: SI
A75: 73 | B75: YASSER ADOLFO ARCE | C75: 14620126 | D75: 1001501-080-2026 | E75: TLC ACADEMICO | F75: RUBEN DARIO MILLAN | H75: 45708 | I75: 45708 | J75: 45918 | K75: 209 | L75: 14700000 | M75: 8 | Q75: 1050000 | R75: 2100000 | S75: 2100000 | T75: 2100000 | W75: 2100000 | AJ75: =L75-N75-O75-P75-Q75-R75-S75-T75-U75-V75-W75-X75-Y75-Z75-AA75-AB75-AC75-AD75-AE75-AF75-AG75-AH75-AI75 -> 5250000 | AL75: SI
A76: 74 | B76: ADRIANA YAZMIN BECERRA | C76: 66738932 | D76: 1001501-081-2026 | E76: EMPRENDIMIENTO - ACADEMICO | F76: RUBEN DARIO MILLAN | H76: 45708 | I76: 45708 | J76: 45918 | K76: 209 | L76: 14700000 | M76: 8 | Q76: 1050000 | R76: 2100000 | S76: 2100000 | T76: 2100000 | W76: 2100000 | AJ76: =L76-N76-O76-P76-Q76-R76-S76-T76-U76-V76-W76-X76-Y76-Z76-AA76-AB76-AC76-AD76-AE76-AF76-AG76-AH76-AI76 -> 5250000 | AL76: SI
A77: 75 | B77: LORENA MONSALVE | C77: 67005983 | D77: 1001501-082-2026 | E77: PSICOLOGA - ACADEMICO | F77: RUBEN DARIO MILLAN | H77: 45708 | I77: 45708 | J77: 45887 | K77: 180 | L77: 23562000 | M77: 7 | Q77: =3927000/2 -> 1963500 | R77: 3927000 | S77: 3927000 | T77: 3927000 | W77: 3927000 | AJ77: =L77-N77-O77-P77-Q77-R77-S77-T77-U77-V77-W77-X77-Y77-Z77-AA77-AB77-AC77-AD77-AE77-AF77-AG77-AH77-AI77 -> 5890500 | AL77: SI | AM77: la verificación por correo demoró 4 días
A78: 76 | B78: GRAMXIS HERNANDEZ SANCHEZ | C78: 31480169 | D78: 1001501-083-2026 | E78: COMUNICACIONES | F78: RUBEN DARIO MILLAN | G78: SIN APOYO | H78: 45708 | I78: 45708 | J78: 45887 | K78: 180 | L78: 23562000 | M78: 6 | Q78: 3927000 | R78: 3927000 | S78: 3927000 | T78: 3927000 | W78: 3927000 | AJ78: =L78-N78-O78-P78-Q78-R78-S78-T78-U78-V78-W78-X78-Y78-Z78-AA78-AB78-AC78-AD78-AE78-AF78-AG78-AH78-AI78 -> 3927000 | AL78: SI
A79: 77 | B79: LADY JHOANA MARQUEZ | C79: 31486544 | D79: 1001501-084-2026 | E79: ATENCIÓN | F79: JAIME SANCHEZ | G79: WILLAR GONZALEZ | H79: 45708 | I79: 45709 | J79: 45887 | K79: 180 | L79: 12600000 | M79: 7 | Q79: 1050000 | R79: 2100000 | S79: 2100000 | T79: 2100000 | W79: 2100000 | AJ79: =L79-N79-O79-P79-Q79-R79-S79-T79-U79-V79-W79-X79-Y79-Z79-AA79-AB79-AC79-AD79-AE79-AF79-AG79-AH79-AI79 -> 3150000 | AL79: SI | AM79: entregada 26-06-25
A80: 78 | B80: SANTIAGO OLAYA GIL | C80: 1109541282 | D80: 1001501-085-2026 | E80: ATENCIÓN | F80: JAIME SANCHEZ | G80: WILLAR GONZALEZ | H80: 45708 | I80: 45708 | J80: 45887 | K80: 180 | L80: 12600000 | M80: 7 | Q80: 1050000 | R80: 2100000 | S80: 2100000 | T80: - | V80: 2100000 | W80: 2100000 | AJ80: =L80-N80-O80-P80-Q80-R80-S80-T80-U80-V80-W80-X80-Y80-Z80-AA80-AB80-AC80-AD80-AE80-AF80-AG80-AH80-AI80 -> #VALUE! | AL80: SI | AM80: entregada 26-06-25
A81: 79 | B81: DUVAN FELIPE MANQUILLO | C81: 1002955578 | D81: 1001501-086-2026 | E81: COMUNICACIONES | F81: JAIME SANCHEZ | G81: WILLAR GONZALEZ | H81: 45708 | I81: 45708 | J81: 45889 | K81: 180 | L81: 10800000 | M81: 7 | Q81: 900000 | R81: 1800000 | S81: 1800000 | T81: 1800000 | W81: 1800000 | AJ81: =L81-N81-O81-P81-Q81-R81-S81-T81-U81-V81-W81-X81-Y81-Z81-AA81-AB81-AC81-AD81-AE81-AF81-AG81-AH81-AI81 -> 2700000 | AL81: SI
A82: 80 | B82: OSCAR BARRANTES | C82: 80210741 | D82: 1001501-087-2026 | E82: PEDAGOGO - ACADEMICO | F82: RUBEN DARIO MILLAN | G82: SIN APOYO | H82: 45709 | I82: 45709 | J82: 45887 | K82: 180 | L82: 23562000 | M82: 8 | Q82: 1963500 | R82: 3927000 | S82: 3927000 | T82: 3927000 | W82: 3927000 | AJ82: =L82-N82-O82-P82-Q82-R82-S82-T82-U82-V82-W82-X82-Y82-Z82-AA82-AB82-AC82-AD82-AE82-AF82-AG82-AH82-AI82 -> 5890500 | AL82: SI
A83: 81 | B83: AURA CRISTINA LLANOS RAMIREZ | C83: 1151966713 | D83: 1001501-088-2026 | E83: TLC ACADEMICO | F83: RUBEN DARIO MILLAN | H83: 45709 | I83: 45709 | J83: 45918 | K83: 207 | L83: 14700000 | M83: 8 | Q83: 1050000 | R83: 2100000 | S83: 2100000 | T83: 2100000 | W83: 2100000 | AJ83: =L83-N83-O83-P83-Q83-R83-S83-T83-U83-V83-W83-X83-Y83-Z83-AA83-AB83-AC83-AD83-AE83-AF83-AG83-AH83-AI83 -> 5250000 | AL83: SI
A84: 82 | B84: LUISA MARIA SANCHEZ TRUEQUE | C84: 1118302426 | D84: 1001501-089-2026 | E84: TLC ACADEMICO | F84: RUBEN DARIO MILLAN | H84: 45709 | I84: 45709 | J84: 45918 | K84: 207 | L84: 14700000 | M84: 8 | Q84: 1050000 | R84: 2100000 | S84: 2100000 | T84: 2100000 | W84: 2100000 | AJ84: =L84-N84-O84-P84-Q84-R84-S84-T84-U84-V84-W84-X84-Y84-Z84-AA84-AB84-AC84-AD84-AE84-AF84-AG84-AH84-AI84 -> 5250000 | AL84: SI
A85: 83 | B85: RODRIGO GARRIDO BOHORQUEZ | C85: 16454399 | D85: 1001501-091-2026 | E85: CONTROL INTERNO | F85: JAIME SANCHEZ | G85: SIN APOYO | H85: 45722 | I85: 45722 | J85: 45900 | K85: 174 | L85: 23562000 | M85: 6 | R85: 3927000 | S85: 3927000 | T85: 3927000 | W85: 3927000 | AJ85: =L85-N85-O85-P85-Q85-R85-S85-T85-U85-V85-W85-X85-Y85-Z85-AA85-AB85-AC85-AD85-AE85-AF85-AG85-AH85-AI85 -> 7854000 | AL85: SI
A86: 84 | B86: VICTOR HUGO RODRIGUEZ SANCHEZ | C86: 16461330 | D86: 1001501-092-2026 | E86: ACADEMICO | F86: RUBEN DARIO MILLAN | G86: SIN APOYO | H86: 45726 | I86: 45726 | J86: 45900 | L86: 23562000 | M86: 6 | Q86: - | R86: 3927000 | S86: 3927000 | T86: 3927000 | W86: 3927000 | AJ86: =L86-N86-O86-P86-Q86-R86-S86-T86-U86-V86-W86-X86-Y86-Z86-AA86-AB86-AC86-AD86-AE86-AF86-AG86-AH86-AI86 -> #VALUE! | AL86: SI
A87: 85 | B87: JOSEPH MENDEZ AMAYA | C87: 1110284727 | D87: 1001501-093-2026 | E87: ARCHIVO | F87: JAIME SANCHEZ | G87: LAURA VANESA FRANCO | H87: 45726 | I87: 45726 | J87: 45900 | K87: 170 | L87: 10800000 | M87: 6 | Q87: - | R87: ='Aut.27 jun'!$L87/'Aut.27 jun'!$M87 -> 1800000 | S87: 1800000 | T87: - | V87: 1800000 | W87: 1800000 | AJ87: =L87-N87-O87-P87-Q87-R87-S87-T87-U87-V87-W87-X87-Y87-Z87-AA87-AB87-AC87-AD87-AE87-AF87-AG87-AH87-AI87 -> #VALUE! | AL87: SI
A88: 86 | B88: MARIA ERMINIA ESPINOSA | C88: 31476980 | D88: 1001501-094-2026 | E88: LOGISTICA | F88: CATALINA MONCADA | G88: OLGA PATRICIA CANO | H88: 45726 | I88: 45726 | J88: 45900 | K88: 170 | L88: 10800000 | M88: 6 | Q88: - | R88: 1800000 | S88: 1800000 | T88: 1800000 | W88: 1800000 | AJ88: =L88-N88-O88-P88-Q88-R88-S88-T88-U88-V88-W88-X88-Y88-Z88-AA88-AB88-AC88-AD88-AE88-AF88-AG88-AH88-AI88 -> #VALUE! | AL88: SI
A89: 87 | B89: JULIAN MAURICIO BERDUGO TANGARIFE | C89: 6548639 | D89: 1001501-096-2026 | E89: COMUNICACIONES | F89: JAIME SANCHEZ | G89: WILLAR GONZALEZ | H89: 45726 | I89: 45726 | J89: 45900 | K89: 170 | L89: 14520000 | M89: 6 | Q89: - | R89: 2420000 | S89: 2420000 | T89: - | V89: 2420000 | W89: 2420000 | AJ89: =L89-N89-O89-P89-Q89-R89-S89-T89-U89-V89-W89-X89-Y89-Z89-AA89-AB89-AC89-AD89-AE89-AF89-AG89-AH89-AI89 -> #VALUE! | AL89: SI | AM89: entregada 26-06-25
A90: 88 | B90: HELLY RAQUEL VALDES ZAPATA | C90: 1114487494 | D90: 1001501-097-2026 | E90: JURIDICO | F90: JAIME SANCHEZ | G90: YOHANA DELGADO | H90: 45730 | I90: 45730 | J90: 45900 | K90: 165 | L90: 12600000 | M90: 6 | R90: ='Aut.27 jun'!$L90/'Aut.27 jun'!$M90 -> 2100000 | S90: 2100000 | T90: 2100000 | W90: 2100000 | AJ90: =L90-N90-O90-P90-Q90-R90-S90-T90-U90-V90-W90-X90-Y90-Z90-AA90-AB90-AC90-AD90-AE90-AF90-AG90-AH90-AI90 -> 4200000 | AL90: SI
A91: 89 | B91: JHOAN ESTEBAN MAÑUNGA CARVAJAL | C91: 1144181364 | D91: 1001501-099-2026 | E91: ATENCIÓN | F91: JAIME SANCHEZ | G91: WILLAR GONZALEZ | H91: 45734 | I91: 45734 | J91: 45900 | K91: 170 | L91: 10800000 | M91: 6 | R91: 1800000 | S91: 1800000 | T91: 1800000 | W91: 1800000 | AJ91: =L91-N91-O91-P91-Q91-R91-S91-T91-U91-V91-W91-X91-Y91-Z91-AA91-AB91-AC91-AD91-AE91-AF91-AG91-AH91-AI91 -> 3600000 | AL91: SI
A92: 90 | B92: AIMER IDROBO | C92: 94403861 | D92: 1001501-101-2026 | E92: TLC ACADEMICO | F92: RUBEN DARIO MILLAN | H92: 45743 | I92: 45744 | J92: 45924 | K92: 184 | L92: 12600000 | S92: 2100000 | T92: 2100000 | W92: 2100000 | AJ92: =L92-N92-O92-P92-Q92-R92-S92-T92-U92-V92-W92-X92-Y92-Z92-AA92-AB92-AC92-AD92-AE92-AF92-AG92-AH92-AI92 -> 6300000 | AL92: SI | AM92: Entregada el 25-6-25
A93: 91 | B93: DAViD BRAVO | C93: 1005897145 | D93: 100,15,01-102-2026 | E93: TLC ACADEMICO | F93: RUBEN DARIO MILLAN | H93: 45754 | I93: 45754 | J93: 45596 | K93: 203 | L93: 14700000 | M93: 7 | S93: 2100000 | T93: 2100000 | W93: 2100000 | AJ93: =L93-N93-O93-P93-Q93-R93-S93-T93-U93-V93-W93-X93-Y93-Z93-AA93-AB93-AC93-AD93-AE93-AF93-AG93-AH93-AI93 -> 8400000 | AL93: SI | AM93: la verificación por correo demoró 4 días
A94: 92 | B94: LEYDI ALEJANDRA SALAZAR | C94: 1118304969 | D94: 100,15,01-104-2024 | E94: ADMINISTRATIVO | F94: RUBEN DARIO MILLAN | H94: 45796 | I94: 45796 | J94: 45976 | K94: 176 | L94: 14520000 | M94: 5 | U94: 1210000 | W94: 2420000 | AJ94: =L94-N94-O94-P94-Q94-R94-S94-T94-U94-V94-W94-X94-Y94-Z94-AA94-AB94-AC94-AD94-AE94-AF94-AG94-AH94-AI94 -> 10890000 | AL94: SI
A95: 93 | B95: JHONATAN BAYARDO CORDOBA | C95: 1118298912 | D95: 100,15,01,106-2026 | E95: TLC ACADEMICO | F95: RUBEN DARIO MILLAN | H95: 45812 | I95: 45812 | J95: 45870 | K95: 60 | L95: 4200000 | M95: 2 | W95: 2100000 | AJ95: =L95-N95-O95-P95-Q95-R95-S95-T95-U95-V95-W95-X95-Y95-Z95-AA95-AB95-AC95-AD95-AE95-AF95-AG95-AH95-AI95 -> 2100000 | AL95: SI | AM95: CERTIFICADOS
AJ96: =L96-N96-O96-P96-Q96-R96-S96-T96-U96-V96-W96-X96-Y96-Z96-AA96-AB96-AC96-AD96-AE96-AF96-AG96-AH96-AI96 -> 0
M97: TOTAL | W97: =SUM(W3:W96) -> 237267000 | X97: =SUM(X3:X96) -> 0 | Y97: =SUM(Y3:Y96) -> 0 | Z97: =SUM(Z3:Z96) -> 0 | AA97: =SUM(AA3:AA96) -> 0 | AB97: =SUM(AB3:AB96) -> 0 | AC97: =SUM(AC3:AC96) -> 0 | AD97: =SUM(AD3:AD96) -> 0 | ... AJ97: =SUM(AJ3:AJ96) -> #VALUE!
B98: APROBO Y AUTORIZO: | F98: REALIZO: | H98: REALIZO:
H100: ________________________________
B101: JAIME SANCHEZ LENIS | F101: CAMILA ERASO ROSERO | H101: CAMILA ERASO ROSERO
...

Sheet Base datos
A1: # | C1: CEDULA | D1: # CONTRATO | E1: PROCESO | F1: SUPERVISOR | G1: APOYO SUPERVISIÓN | H1: Fecha de contrato | I1: FECHA DE INICIO | J1: FECHA FIN | K1: duración en días | L1: VALOR CONTRATO | M1: # CUOTAS | N1: Enr 30 | O1: feb-07 | P1: feb-28 | Q1: mar-07 | R1: mar-31 | S1: 45777 | T1: My 30 | U1: 45811 | V1: 45815 | W1: 45835 | X1: Julio | Y1: julio | Z1: Agosto | AA1: 45898 | AB1: Septiembre | AC1: Septiembre | AD1: Octubre | AE1: Octubre | AF1: Noviembre | AG1: Noviembre | AH1: Diciembre 15 - 19 | AI1: Diciembre 20-26 | AJ1: Diciembre 30-25 | AK1: SALDO | AL1: otro si
A2: 1 | B2: CINDY YOHANA DELGADO GUZMÁN | C2: 1061721506 | D2: 1001501-001-2026 | E2: JURIDICO | F2: JAIME SANCHEZ | G2: SIN APOYO | H2: 45675 | I2: 45675 | J2: 46021 | K2: 342 | L2: 59834500 | M2: 12 | N2: 2634500 | P2: 5200000 | R2: 5200000 | S2: 5200000 | T2: 5200000 | W2: 5200000 | X2: 5200000 | AA2: 5200000 | AC2: 5200000 | AE2: 5200000 | AF2: 5200000 | AH2: - | AJ2: 5200000 | AK2: =(L2+AL2)-N2-O2-P2-Q2-R2-S2-T2-U2-V2-W2-X2-Y2-Z2-AA2-AB2-AC2-AD2-AE2-AF2-AG2-AH2-AI2-AJ2 -> #VALUE! | AL2: 0 | AM2: 1 | AQ2: f
A3: 2 | B3: CAMILA ERASO ROSERO | C3: 1118286512 | D3: 1001501-002-2026 | E3: TH | F3: JAIME SANCHEZ | G3: SIN APOYO | H3: 45677 | I3: 45677 | J3: 46006 | K3: 325 | L3: 43197000 | M3: 12 | N3: 1963500 | P3: 3927000 | R3: 3927000 | S3: 3927000 | T3: 3927000 | W3: 3927000 | X3: 3927000 | AA3: 3927000 | AC3: 3927000 | AE3: 3927000 | AF3: 3927000 | AH3: - | AJ3: 3927000 | AK3: =(L3+AL3)-N3-O3-P3-Q3-R3-S3-T3-U3-V3-W3-X3-Y3-Z3-AA3-AB3-AC3-AD3-AE3-AF3-AG3-AH3-AI3-AJ3 -> #VALUE! | AL3: 1963500 | AM3: 1 | AQ3: f
A4: 3 | B4: YUDY FERNANDA PUNGO POTOSI | C4: 1118285993 | D4: 1001501-003-2026 | E4: FINANCIERO | F4: VIVIANA ANDREA TENORIO | G4: SIN APOYO | H4: 45677 | I4: 45677 | J4: 46006 | K4: 325 | L4: 43197000 | M4: 12 | N4: 1963500 | P4: 3927000 | R4: 3927000 | S4: 3927000 | T4: 3927000 | W4: 3927000 | X4: 3927000 | AA4: 3927000 | AC4: 3927000 | AE4: 3927000 | AF4: 3927000 | AH4: - | AJ4: 3927000 | AK4: =(L4+AL4)-N4-O4-P4-Q4-R4-S4-T4-U4-V4-W4-X4-Y4-Z4-AA4-AB4-AC4-AD4-AE4-AF4-AG4-AH4-AI4-AJ4 -> #VALUE! | AL4: 1963500 | AM4: 1 | AN4: =43197000+1963500 -> 45160500 | AQ4: f
A5: 4 | B5: CARLOS EDWIN PIEDRAHITA GARCÍA | C5: 16457640 | D5: 1001501-004-2026 | E5: PLANEACIÓN | F5: JAIME SANCHEZ | G5: SIN APOYO | H5: 45680 | I5: 45680 | J5: 46021 | K5: 337 | L5: 45160500 | M5: 12 | N5: 1963500 | P5: 3927000 | R5: 3927000 | S5: 3927000 | U5: 3927000 | W5: 3927000 | X5: 3927000 | AA5: 3927000 | AC5: 3927000 | AE5: 3927000 | AF5: 3927000 | AH5: - | AJ5: 3927000 | AK5: =(L5+AL5)-N5-O5-P5-Q5-R5-S5-T5-U5-V5-W5-X5-Y5-Z5-AA5-AB5-AC5-AD5-AE5-AF5-AG5-AH5-AI5-AJ5 -> #VALUE! | AL5: 0 | AM5: 1 | AQ5: m
A6: 5 | B6: DIANA CAROLINA MARQUEZ | C6: 31487789 | D6: 1001501-005-2026 | E6: AGENCIA | F6: JAIME SANCHEZ | G6: SIN APOYO | H6: 45682 | I6: 45316 | J6: 46021 | K6: 335 | L6: 59834500 | M6: 12 | N6: 2634500 | P6: 5200000 | R6: 5200000 | S6: 5200000 | T6: 5200000 | W6: 5200000 | X6: 5200000 | AA6: 5200000 | AC6: 5200000 | AE6: 5200000 | AF6: 5200000 | AH6: - | AJ6: 5200000 | AK6: =(L6+AL6)-N6-O6-P6-Q6-R6-S6-T6-U6-V6-W6-X6-Y6-Z6-AA6-AB6-AC6-AD6-AE6-AF6-AG6-AH6-AI6-AJ6 -> #VALUE! | AL6: 0 | AM6: 1 | AQ6: f
A7: 6 | B7: MARIA ELVIA BRION MOLINA | C7: 31476734 | D7: 1001501-006-2026 | E7: ATENCIÓN | F7: JAIME SANCHEZ | G7: WILLAR GONZALEZ | H7: 45686 | I7: 45686 | J7: 46021 | K7: 301 | L7: 20700000 | M7: 12 | O7: 900000 | P7: 1800000 | R7: 1800000 | S7: 1800000 | T7: 1800000 | W7: 1800000 | X7: 1800000 | AA7: 1800000 | AC7: 1800000 | AE7: 1800000 | AF7: 1800000 | AH7: - | AJ7: 1800000 | AK7: =(L7+AL7)-N7-O7-P7-Q7-R7-S7-T7-U7-V7-W7-X7-Y7-Z7-AA7-AB7-AC7-AD7-AE7-AF7-AG7-AH7-AI7-AJ7 -> #VALUE! | AL7: 0 | AM7: 1 | AQ7: f
A8: 7 | B8: OLGA PATRICIA CANO RENDÓN | C8: 31475449 | D8: 1001501-007-2026 | E8: SST | F8: JAIME SANCHEZ | G8: CAMILA ERASO R | H8: 45686 | I8: 45686 | J8: 46006 | K8: 316 | L8: 43197000 | M8: 12 | O8: 1963500 | P8: 3927000 | R8: 3927000 | S8: 3927000 | T8: 3927000 | W8: 3927000 | X8: 3927000 | AA8: 3927000 | AC8: 3927000 | AE8: 3927000 | AF8: 3927000 | AH8: 1963500 | AK8: =(L8+AL8)-N8-O8-P8-Q8-R8-S8-T8-U8-V8-W8-X8-Y8-Z8-AA8-AB8-AC8-AD8-AE8-AF8-AG8-AH8-AI8-AJ8 -> 0 | AL8: 0 | AQ8: f
A9: 8 | B9: EDDIE ERIC POSADA HERRERA | C9: 1118289808 | D9: 1001501-008-2026 | E9: CALIDAD | F9: JAIME SANCHEZ | G9: JHON JAIRO | H9: 45686 | I9: 45689 | J9: 46011 | K9: 318 | L9: 57233000 | M9: 12 | O9: 2616500 | P9: 5200000 | R9: 5200000 | S9: 5200000 | U9: 5200000 | W9: 5200000 | X9: 5200000 | AA9: 5200000 | AC9: 5200000 | AE9: 5200000 | AF9: 5200000 | AH9: - | AI9: 2616500 | AK9: =(L9+AL9)-N9-O9-P9-Q9-R9-S9-T9-U9-V9-W9-X9-Y9-Z9-AA9-AB9-AC9-AD9-AE9-AF9-AG9-AH9-AI9-AJ9 -> #VALUE! | AL9: 0 | AQ9: m
A10: 9 | B10: WILLIAM ANDRÉS BRAVO GALINDO | C10: 1005785716 | D10: 1001501-009-2026 | E10: JURIDICO | F10: JAIME SANCHEZ | G10: YOHANA DELGADO | H10: 45687 | I10: 45687 | J10: 46006 | K10: 315 | L10: 26620000 | M10: 12 | O10: 1210000 | P10: 2420000 | R10: 2420000 | S10: 2420000 | T10: 2420000 | W10: 2420000 | X10: 2420000 | AA10: 2420000 | AC10: 2420000 | AE10: 2420000 | AF10: 2420000 | AH10: - | AJ10: 2420000 | AK10: =(L10+AL10)-N10-O10-P10-Q10-R10-S10-T10-U10-V10-W10-X10-Y10-Z10-AA10-AB10-AC10-AD10-AE10-AF10-AG10-AH10-AI10-AJ10 -> #VALUE! | AL10: 1210000 | AM10: 1 | AQ10: m
A11: 10 | B11: LAURA VANESSA FRANCO MORALES | C11: 1118298717 | D11: 1001501-010-2026 | E11: ARCHIVO | F11: JAIME SANCHEZ | G11: Yamileth | H11: 45687 | I11: 45687 | J11: 46006 | K11: 315 | L11: 26620000 | M11: 12 | O11: 1210000 | P11: 2420000 | R11: 2420000 | S11: 2420000 | T11: 2420000 | W11: 2420000 | X11: 2420000 | AA11: 2420000 | AC11: 2420000 | AE11: 2420000 | AF11: 2420000 | AH11: 1210000 | AK11: =(L11+AL11)-N11-O11-P11-Q11-R11-S11-T11-U11-V11-W11-X11-Y11-Z11-AA11-AB11-AC11-AD11-AE11-AF11-AG11-AH11-AI11-AJ11 -> 0 | AL11: 0 | AQ11: f
A12: 11 | B12: FRANK ROBERT MURIEL HOYOS | C12: 1118287494 | D12: 1001501-011-2026 | E12: AMBIENTAL | F12: RUBEN DARIO MILLAN | G12: SIN APOYO | H12: 45687 | I12: 45687 | J12: 46006 | K12: 315 | L12: 26620000 | M12: 12 | O12: 1210000 | P12: 2420000 | R12: 2420000 | S12: 2420000 | T12: 2420000 | W12: 2420000 | X12: 2420000 | AA12: 2420000 | AC12: 2420000 | AE12: 2420000 | AF12: 2420000 | AH12: - | AJ12: 2420000 | AK12: =(L12+AL12)-N12-O12-P12-Q12-R12-S12-T12-U12-V12-W12-X12-Y12-Z12-AA12-AB12-AC12-AD12-AE12-AF12-AG12-AH12-AI12-AJ12 -> #VALUE! | AL12: 1210000 | AM12: 1 | AQ12: m
A13: 12 | B13: PAOLA ANDREA SANTAMARÍA FLÓREZ | C13: 31485502 | D13: 1001501-012-2026 | E13: TH | F13: JAIME SANCHEZ | G13: CAMILA ERASO R | H13: 45687 | I13: 45687 | J13: 46006 | K13: 315 | L13: 23100000 | M13: 12 | O13: 1050000 | P13: 2100000 | R13: 2100000 | S13: 2100000 | T13: 2100000 | W13: 2100000 | X13: 2100000 | AA13: 2100000 | AC13: 2100000 | AE13: 2100000 | AF13: 2100000 | AH13: 1050000 | AK13: =(L13+AL13)-N13-O13-P13-Q13-R13-S13-T13-U13-V13-W13-X13-Y13-Z13-AA13-AB13-AC13-AD13-AE13-AF13-AG13-AH13-AI13-AJ13 -> 0 | AL13: 0 | AP13: SS | AQ13: f
A14: 13 | B14: MILAGROS VALENTINA PAYAN RIVERA | C14: 1109545940 | D14: 1001501-013-2026 | E14: ATENCIÓN | F14: JAIME SANCHEZ | G14: WILLAR GONZALEZ | H14: 45688 | I14: 45688 | J14: 45853 | K14: 165 | L14: 10800000 | M14: 7 | O14: 900000 | P14: 1800000 | R14: 1800000 | S14: 1800000 | T14: 1800000 | W14: - | X14: - | AA14: - | AC14: - | AE14: 1800000 | AF14: 1800000 | AH14: - | AJ14: 1800000 | AK14: =(L14+AL14)-N14-O14-P14-Q14-R14-S14-T14-U14-V14-W14-X14-Y14-Z14-AA14-AB14-AC14-AD14-AE14-AF14-AG14-AH14-AI14-AJ14 -> #VALUE! | AL14: 2700000 | AM14: 1 | AQ14: f
A15: 14 | B15: OMAR RESTREPO ZUÑIGA | C15: 16454607 | D15: 1001501-014-2026 | E15: LOGISTICA | F15: CATALINA MONCADA | G15: OLGA PATRICIA CANO | H15: 45688 | I15: 45688 | J15: 46006 | K15: 315 | L15: 19800000 | M15: 12 | O15: 900000 | P15: 1800000 | R15: 1800000 | S15: 1800000 | T15: 1800000 | W15: 1800000 | X15: 1800000 | AA15: 1800000 | AC15: 1800000 | AE15: 1800000 | AF15: 1800000 | AH15: 900000 | AK15: =(L15+AL15)-N15-O15-P15-Q15-R15-S15-T15-U15-V15-W15-X15-Y15-Z15-AA15-AB15-AC15-AD15-AE15-AF15-AG15-AH15-AI15-AJ15 -> 0 | AL15: 0 | AP15: SS + Inf | AQ15: m
A16: 15 | B16: JHON EDISON CORDOBA ORDOÑEZ | C16: 1118301461 | D16: 1001501-015-2026 | E16: LOGISTICA | F16: VIVIANA ANDREA TENORIO | G16: FERNANDA PUNGO | H16: 45688 | I16: 45688 | J16: 46006 | K16: 315 | L16: 19800000 | M16: 12 | O16: 900000 | P16: 1800000 | R16: 1800000 | S16: 1800000 | T16: 1800000 | W16: 1800000 | X16: 1800000 | AA16: 1800000 | AC16: 1800000 | AE16: 1800000 | AF16: 1800000 | AH16: - | AI16: 900000 | AK16: =(L16+AL16)-N16-O16-P16-Q16-R16-S16-T16-U16-V16-W16-X16-Y16-Z16-AA16-AB16-AC16-AD16-AE16-AF16-AG16-AH16-AI16-AJ16 -> #VALUE! | AL16: 0 | AP16: SS + Inf | AQ16: m
A17: 16 | B17: JOSÉ ATANEL QUICENO TORRES | C17: 94193787 | D17: 1001501-016-2026 | E17: LOGISTICA | F17: CATALINA MONCADA | G17: OLGA PATRICIA CANO | H17: 45688 | I17: 45688 | J17: 46006 | K17: 315 | L17: 19800000 | M17: 12 | O17: 900000 | P17: 1800000 | R17: 1800000 | S17: 1800000 | T17: 1800000 | W17: 1800000 | X17: 1800000 | AA17: 1800000 | AC17: 1800000 | AE17: 1800000 | AF17: 1800000 | AH17: 900000 | AK17: =(L17+AL17)-N17-O17-P17-Q17-R17-S17-T17-U17-V17-W17-X17-Y17-Z17-AA17-AB17-AC17-AD17-AE17-AF17-AG17-AH17-AI17-AJ17 -> 0 | AL17: 0 | AP17: SS + Inf | AQ17: m
A18: 17 | B18: MARTHA ISABEL NARVAEZ | C18: 31479215 | D18: 1001501-017-2026 | E18: LOGISTICA | F18: VIVIANA ANDREA TENORIO | G18: FERNANDA PUNGO | H18: 45688 | I18: 45688 | J18: 46021 | K18: 315 | L18: 19800000 | M18: 12 | O18: 900000 | P18: 1800000 | R18: 1800000 | S18: 1800000 | T18: 1800000 | W18: 1800000 | X18: 1800000 | AA18: 1800000 | AC18: 1800000 | AE18: 1800000 | AF18: 1800000 | AH18: - | AJ18: 1800000 | AK18: =(L18+AL18)-N18-O18-P18-Q18-R18-S18-T18-U18-V18-W18-X18-Y18-Z18-AA18-AB18-AC18-AD18-AE18-AF18-AG18-AH18-AI18-AJ18 -> #VALUE! | AL18: 900000 | AP18: SS + Inf | AQ18: f
A19: 17 | B19: NARLLY GOMEZ BRAVO | C19: 29120768 | D19: 1001501-017-2026 | E19: LOGISTICA | F19: VIVIANA ANDREA TENORIO | G19: FERNANDA PUNGO | H19: 45688 | I19: 45688 | J19: 46006 | K19: 315 | L19: 19800000 | M19: 12 | O19: 900000 | P19: 1800000 | R19: 1800000 | S19: 1800000 | T19: 1800000 | W19: 1800000 | X19: 1800000 | AA19: 1800000 | AC19: - | AE19: - | AH19: - | AK19: - | AL19: CEDIDO | AM19: 1 | AP19: SS + Inf | AQ19: f
A20: 18 | B20: LUZ AIDE MUÑOZ ORTEGA | C20: 27149631 | D20: 1001501-018-2026 | E20: LOGISTICA | F20: VIVIANA ANDREA TENORIO | G20: FERNANDA PUNGO | H20: 45688 | I20: 45688 | J20: 46006 | K20: 315 | L20: 19800000 | M20: 12 | O20: 900000 | P20: 1800000 | R20: 1800000 | S20: 1800000 | T20: 1800000 | W20: 1800000 | X20: 1800000 | AA20: 1800000 | AC20: 1800000 | AE20: 1800000 | AF20: 1800000 | AH20: 900000 | AK20: =(L20+AL20)-N20-O20-P20-Q20-R20-S20-T20-U20-V20-W20-X20-Y20-Z20-AA20-AB20-AC20-AD20-AE20-AF20-AG20-AH20-AI20-AJ20 -> 0 | AL20: 0 | AQ20: f
A21: 19 | B21: LENIN GILBERTO RUIZ AYALA | C21: 6549670 | D21: 1001501-019-2026 | E21: CONTROL INTERNO | F21: JAIME SANCHEZ | G21: Hegny Bon | H21: 45688 | I21: 45688 | J21: 46006 | K21: 315 | L21: 43197000 | M21: 12 | O21: 1963500 | P21: 3927000 | R21: 3927000 | S21: 3927000 | T21: 3927000 | W21: 3927000 | X21: 3927000 | AA21: 3927000 | AC21: 3927000 | AE21: 3927000 | AF21: 3927000 | AH21: - | AJ21: 3927000 | AK21: =(L21+AL21)-N21-O21-P21-Q21-R21-S21-T21-U21-V21-W21-X21-Y21-Z21-AA21-AB21-AC21-AD21-AE21-AF21-AG21-AH21-AI21-AJ21 -> #VALUE! | AL21: 1963500 | AM21: 1 | AQ21: m
A22: 20 | B22: SEGURIDAD JANO LTDA | C22: 822002315-6 | D22: 1001501-020-2026 | E22: TERCERO | F22: TERCERO | G22: TERCERO | H22: 45689 | I22: 45689 | J22: 45710 | K22: 22 | L22: 39850679 | M22: 0 | N22: 0 | O22: 0 | P22: 0 | Q22: 0 | R22: 0 | S22: - | T22: - | W22: - | X22: - | AA22: - | AC22: - | AE22: - | AH22: - | AK22: =(L22+AL22)-N22-O22-P22-Q22-R22-S22-T22-U22-V22-W22-X22-Y22-Z22-AA22-AB22-AC22-AD22-AE22-AF22-AG22-AH22-AI22-AJ22 -> #VALUE! | AL22: 0 | AQ22: 0
A23: 21 | B23: PABLO STEVEN PABÓN POLANCO | C23: 1110285162 | D23: 1001501-021-2026 | E23: ATENCIÓN | F23: JAIME SANCHEZ | G23: WILLAR GONZALEZ | H23: 45689 | I23: 45689 | J23: 46021 | K23: 329 | L23: 23100000 | M23: 12 | N23: - | P23: 2100000 | R23: 2100000 | S23: 2100000 | T23: 2100000 | W23: 2100000 | X23: 2100000 | AA23: 2100000 | AC23: 2100000 | AE23: 2100000 | AF23: 2100000 | AH23: - | AJ23: 2100000 | AK23: =(L23+AL23)-N23-O23-P23-Q23-R23-S23-T23-U23-V23-W23-X23-Y23-Z23-AA23-AB23-AC23-AD23-AE23-AF23-AG23-AH23-AI23-AJ23 -> #VALUE! | AL23: 0 | AM23: 1 | AP23: SS | AQ23: m
A24: 22 | B24: MILTON ARIAS VARGAS | C24: 16460613 | D24: 1001501-022-2026 | E24: ATENCIÓN | F24: JAIME SANCHEZ | G24: WILLAR GONZALEZ | H24: 45689 | I24: 45689 | J24: 46021 | K24: 329 | L24: 23100000 | M24: 11 | N24: - | P24: 2100000 | R24: 2100000 | S24: 2100000 | T24: 2100000 | W24: 2100000 | X24: 2100000 | AA24: 2100000 | AC24: 2100000 | AE24: 2100000 | AF24: 2100000 | AH24: - | AJ24: 2100000 | AK24: =(L24+AL24)-N24-O24-P24-Q24-R24-S24-T24-U24-V24-W24-X24-Y24-Z24-AA24-AB24-AC24-AD24-AE24-AF24-AG24-AH24-AI24-AJ24 -> #VALUE! | AL24: 0 | AM24: 1 | AP24: SS | AQ24: m
A25: 23 | B25: KELLY JOHANNA RIVERA DÍAZ | C25: 1118303170 | D25: 1001501-023-2026 | E25: BIENESTAR - ACADEMICO | F25: RUBEN DARIO MILLAN | G25: SIN APOYO | H25: 45689 | I25: 45689 | J25: 46006 | K25: 315 | L25: 43197000 | M25: 12 | O25: 1963500 | P25: 3927000 | R25: 3927000 | S25: 3927000 | T25: 3927000 | W25: 3927000 | X25: 3927000 | AA25: 3927000 | AC25: 3927000 | AE25: 3927000 | AF25: 3927000 | AH25: 1963500 | AK25: =(L25+AL25)-N25-O25-P25-Q25-R25-S25-T25-U25-V25-W25-X25-Y25-Z25-AA25-AB25-AC25-AD25-AE25-AF25-AG25-AH25-AI25-AJ25 -> 0 | AL25: 0 | AQ25: f
A26: 24 | B26: WILLAR GONZALES TORO | C26: 1118305806 | D26: 1001501-024-2026 | E26: COMUNICACIONES | F26: JAIME SANCHEZ | G26: SIN APOYO | H26: 45689 | I26: 45689 | J26: 46006 | K26: 315 | L26: 43197000 | M26: 12 | O26: 1963500 | P26: 3927000 | R26: 3927000 | S26: 3927000 | T26: 3927000 | W26: 3927000 | X26: 3927000 | AA26: 3927000 | AC26: 3927000 | AE26: 3927000 | AF26: 3927000 | AH26: 1963500 | AK26: =(L26+AL26)-N26-O26-P26-Q26-R26-S26-T26-U26-V26-W26-X26-Y26-Z26-AA26-AB26-AC26-AD26-AE26-AF26-AG26-AH26-AI26-AJ26 -> 0 | AL26: 0 | AP26: Inf+cta C | AQ26: m
A27: 25 | B27: DIEGO JAVIER ALZATE CUERO | C27: 16455217 | D27: 1001501-025-2026 | E27: PLANEACIÓN | F27: JAIME SANCHEZ | G27: CARLOS EDWIN PIEDRAHITA | H27: 45689 | I27: 45689 | J27: 46006 | K27: 315 | L27: 43197000 | M27: 12 | O27: 1963500 | P27: 3927000 | R27: 3927000 | S27: 3927000 | U27: 3927000 | W27: 3927000 | X27: 3927000 | AA27: 3927000 | AC27: 3927000 | AE27: 3927000 | AF27: 3927000 | AH27: 1963500 | AK27: =(L27+AL27)-N27-O27-P27-Q27-R27-S27-T27-U27-V27-W27-X27-Y27-Z27-AA27-AB27-AC27-AD27-AE27-AF27-AG27-AH27-AI27-AJ27 -> 0 | AL27: 0 | AQ27: m
A28: 26 | B28: JULIANA MOSQUERA VARGAS | C28: 1118295433 | D28: 1001501-026-2026 | E28: PRACTICAS - ACADEMICO | F28: RUBEN DARIO MILLAN | G28: SIN APOYO | H28: 45689 | I28: 45689 | J28: 46006 | K28: 315 | L28: 43197000 | M28: 12 | O28: 1963500 | P28: 3927000 | R28: 3927000 | S28: 3927000 | T28: 3927000 | W28: 3927000 | X28: 3927000 | AA28: 3927000 | AC28: 3927000 | AE28: 3927000 | AF28: 3927000 | AH28: 1963500 | AK28: =(L28+AL28)-N28-O28-P28-Q28-R28-S28-T28-U28-V28-W28-X28-Y28-Z28-AA28-AB28-AC28-AD28-AE28-AF28-AG28-AH28-AI28-AJ28 -> 0 | AL28: 0 | AQ28: f
A29: 27 | B29: LEYDI TATIANA ORTIZ RENGIFO | C29: 1118309496 | D29: 1001501-027-2026 | E29: AGENCIA | F29: JAIME SANCHEZ | G29: DIANA CAROLINA MARQUEZ | H29: 45689 | I29: 45689 | J29: 46006 | K29: 315 | L29: 43197000 | M29: 12 | O29: 1963500 | P29: 3927000 | R29: 3927000 | S29: 3927000 | T29: 3927000 | W29: 3927000 | X29: 3927000 | AA29: 3927000 | AC29: 3927000 | AE29: 3927000 | AF29: 3927000 | AH29: 1963500 | AK29: =(L29+AL29)-N29-O29-P29-Q29-R29-S29-T29-U29-V29-W29-X29-Y29-Z29-AA29-AB29-AC29-AD29-AE29-AF29-AG29-AH29-AI29-AJ29 -> 0 | AL29: 0 | AQ29: f
A30: 28 | B30: ANA SOFÍA TELLO HERRERA | C30: 31485180 | D30: 1001501-028-2026 | E30: AGENCIA | F30: JAIME SANCHEZ | G30: DIANA CAROLINA MARQUEZ | H30: 45689 | I30: 45689 | J30: 46006 | K30: 315 | L30: 43197000 | M30: 12 | O30: 1963500 | P30: 3927000 | R30: 3927000 | S30: 3927000 | T30: 3927000 | W30: 3927000 | X30: 3927000 | AA30: 3927000 | AC30: 3927000 | AE30: 3927000 | AF30: 3927000 | AH30: 1963500 | AK30: =(L30+AL30)-N30-O30-P30-Q30-R30-S30-T30-U30-V30-W30-X30-Y30-Z30-AA30-AB30-AC30-AD30-AE30-AF30-AG30-AH30-AI30-AJ30 -> 0 | AL30: 0 | AQ30: f
A31: 29 | B31: ANGÉLICA MARÍA RIVERA VALENCIA | C31: 31486456 | D31: 1001501-029-2026 | E31: AGENCIA | F31: JAIME SANCHEZ | G31: DIANA CAROLINA MARQUEZ | H31: 45689 | I31: 45689 | J31: 46006 | K31: 315 | L31: 43197000 | M31: 12 | O31: 1963500 | P31: 3927000 | R31: 3927000 | S31: 3927000 | T31: 3927000 | W31: 3927000 | X31: 3927000 | AA31: 3927000 | AC31: 3927000 | AE31: 3927000 | AF31: 3927000 | AH31: 1963500 | AK31: =(L31+AL31)-N31-O31-P31-Q31-R31-S31-T31-U31-V31-W31-X31-Y31-Z31-AA31-AB31-AC31-AD31-AE31-AF31-AG31-AH31-AI31-AJ31 -> 0 | AL31: 0 | AQ31: f
A32: 30 | B32: NATHALIA JIMÉNEZ CARVAJAL | C32: 1144201554 | D32: 1001501-030-2026 | E32: AGENCIA | F32: JAIME SANCHEZ | G32: DIANA CAROLINA MARQUEZ | H32: 45689 | I32: 45689 | J32: 46006 | K32: 315 | L32: 43197000 | M32: 12 | O32: 1963500 | P32: 3927000 | R32: 3927000 | S32: 3927000 | T32: 3927000 | W32: 3927000 | X32: 3927000 | AA32: 3927000 | AC32: 3927000 | AE32: 3927000 | AF32: 3927000 | AH32: 1963500 | AK32: =(L32+AL32)-N32-O32-P32-Q32-R32-S32-T32-U32-V32-W32-X32-Y32-Z32-AA32-AB32-AC32-AD32-AE32-AF32-AG32-AH32-AI32-AJ32 -> 0 | AL32: 0 | AQ32: f
A33: 31 | B33: CLAUDIA FERNANDA GARCÉS PULIDO | C33: 66862669 | D33: 1001501-031-2026 | E33: AGENCIA | F33: JAIME SANCHEZ | G33: DIANA CAROLINA MARQUEZ | H33: 45689 | I33: 45689 | J33: 46006 | K33: 315 | L33: 23100000 | M33: 12 | O33: 1050000 | P33: 2100000 | R33: 2100000 | S33: 2100000 | T33: 2100000 | W33: 2100000 | X33: 2100000 | AA33: 2100000 | AC33: 2100000 | AE33: 2100000 | AF33: 2100000 | AH33: 1050000 | AK33: =(L33+AL33)-N33-O33-P33-Q33-R33-S33-T33-U33-V33-W33-X33-Y33-Z33-AA33-AB33-AC33-AD33-AE33-AF33-AG33-AH33-AI33-AJ33 -> 0 | AL33: 0 | AQ33: f
A34: 32 | B34: GLADIS JOHANA OLAYA LIZARRALDE | C34: 31485452 | D34: 1001501-032-2026 | E34: AGENCIA | F34: JAIME SANCHEZ | G34: DIANA CAROLINA MARQUEZ | H34: 45689 | I34: 45689 | J34: 46006 | K34: 315 | L34: 23100000 | M34: 12 | O34: 1050000 | P34: 2100000 | R34: 2100000 | S34: 2100000 | T34: 2100000 | W34: 2100000 | X34: 2100000 | AA34: 2100000 | AC34: 2100000 | AE34: 2100000 | AF34: 2100000 | AH34: 1050000 | AK34: =(L34+AL34)-N34-O34-P34-Q34-R34-S34-T34-U34-V34-W34-X34-Y34-Z34-AA34-AB34-AC34-AD34-AE34-AF34-AG34-AH34-AI34-AJ34 -> 0 | AL34: 0 | AQ34: f
A35: 33 | B35: NORA LILIANA CORRALES GONZÁLEZ | C35: 31476109 | D35: 1001501-033-2026 | E35: AGENCIA | F35: JAIME SANCHEZ | G35: DIANA CAROLINA MARQUEZ | H35: 45689 | I35: 45689 | J35: 46006 | K35: 315 | L35: 19800000 | M35: 12 | O35: 900000 | P35: 1800000 | R35: 1800000 | S35: 1800000 | T35: 1800000 | W35: 1800000 | X35: 1800000 | AA35: 1800000 | AC35: 1800000 | AE35: 1800000 | AF35: 1800000 | AH35: 900000 | AK35: =(L35+AL35)-N35-O35-P35-Q35-R35-S35-T35-U35-V35-W35-X35-Y35-Z35-AA35-AB35-AC35-AD35-AE35-AF35-AG35-AH35-AI35-AJ35 -> 0 | AL35: 0 | AQ35: f
A36: 34 | B36: JHON SEBASTIÁN PAYAN ORTIZ | C36: 1193142882 | D36: 1001501-034-2026 | E36: AGENCIA | F36: JAIME SANCHEZ | G36: DIANA CAROLINA MARQUEZ | H36: 45689 | I36: 45689 | J36: 46006 | K36: 315 | L36: 19800000 | M36: 12 | O36: 900000 | P36: 1800000 | R36: 1800000 | S36: 1800000 | T36: 1800000 | W36: 1800000 | X36: 1800000 | AA36: 1800000 | AC36: 1800000 | AE36: 1800000 | AF36: 1800000 | AH36: 900000 | AK36: =(L36+AL36)-N36-O36-P36-Q36-R36-S36-T36-U36-V36-W36-X36-Y36-Z36-AA36-AB36-AC36-AD36-AE36-AF36-AG36-AH36-AI36-AJ36 -> 0 | AL36: 0 | AQ36: m
A37: 35 | B37: ELCY ESTEFANNY PATIÑO SANDOVAL | C37: 1118304351 | D37: 1001501-035-2026 | E37: TLC ACADEMICO | F37: RUBEN DARIO MILLAN | H37: 45689 | I37: 45689 | J37: 45868 | K37: 315 | L37: 12600000 | M37: 6 | N37: - | P37: 2100000 | R37: 2100000 | S37: 2100000 | T37: 2100000 | W37: - | X37: - | AA37: 2100000 | AC37: 2100000 | AE37: 2100000 | AF37: 2100000 | AH37: 1050000 | AK37: =(L37+AL37)-N37-O37-P37-Q37-R37-S37-T37-U37-V37-W37-X37-Y37-Z37-AA37-AB37-AC37-AD37-AE37-AF37-AG37-AH37-AI37-AJ37 -> #VALUE! | AL37: 5250000 | AQ37: f
A38: 36 | B38: FRANCISCO RAFAEL HERAZO SANTIZ | C38: 8661306 | D38: 1001501-036-2026 | E38: CALIDAD | F38: JAIME SANCHEZ | G38: EDDI ERICK POSADA | H38: 45698 | I38: 45698 | J38: 46021 | K38: 320 | L38: 43197000 | M38: 11 | N38: - | P38: 3927000 | R38: 3927000 | S38: 3927000 | T38: 3927000 | W38: 3927000 | X38: 3927000 | AA38: 3927000 | AC38: 3927000 | AE38: 3927000 | AF38: 3927000 | AH38: - | AJ38: 3927000 | AK38: =(L38+AL38)-N38-O38-P38-Q38-R38-S38-T38-U38-V38-W38-X38-Y38-Z38-AA38-AB38-AC38-AD38-AE38-AF38-AG38-AH38-AI38-AJ38 -> #VALUE! | AL38: 0 | AM38: 1 | AQ38: m
A39: 37 | B39: DIANA PATRICIA CONTRERAS MOLINA | C39: 52535068 | D39: 1001501-037-2026 | E39: PLANEACIÓN | F39: JAIME SANCHEZ | G39: CARLOS EDWIN PIEDRAHITA | H39: 45695 | I39: 45698 | J39: 46021 | K39: 320 | L39: 43197000 | M39: 11 | N39: - | P39: 3927000 | R39: 3927000 | S39: 3927000 | T39: - | U39: 3927000 | W39: 3927000 | X39: 3927000 | AA39: 3927000 | AC39: 3927000 | AE39: 3927000 | AF39: 3927000 | AH39: - | AJ39: 3927000 | AK39: =(L39+AL39)-N39-O39-P39-Q39-R39-S39-T39-U39-V39-W39-X39-Y39-Z39-AA39-AB39-AC39-AD39-AE39-AF39-AG39-AH39-AI39-AJ39 -> #VALUE! | AL39: 0 | AM39: 1 | AQ39: f
A40: 38 | B40: RUBEN DARIO BARRETO MAGON | C40: 6341430 | D40: 1001501-038-2026 | E40: TICS | F40: JAIME SANCHEZ | G40: SIN APOYO | H40: 45698 | I40: 45699 | J40: 46021 | K40: 320 | L40: 43197000 | M40: 11 | N40: - | P40: 3927000 | R40: 3927000 | S40: 3927000 | T40: 3927000 | W40: 3927000 | X40: 3927000 | AA40: 3927000 | AC40: 3927000 | AE40: 3927000 | AF40: 3927000 | AH40: - | AJ40: 3927000 | AK40: =(L40+AL40)-N40-O40-P40-Q40-R40-S40-T40-U40-V40-W40-X40-Y40-Z40-AA40-AB40-AC40-AD40-AE40-AF40-AG40-AH40-AI40-AJ40 -> #VALUE! | AL40: 0 | AM40: 1 | AQ40: m
A41: 39 | B41: ALEXANDER VARELA LENIS | C41: 16461906 | D41: 1001501-039-2026 | E41: LOGISTICA | F41: CATALINA MONCADA | G41: OLGA PATRICIA CANO | H41: 45695 | I41: 45698 | J41: 46021 | K41: 320 | L41: 23100000 | M41: 11 | N41: - | P41: 2100000 | R41: 2100000 | S41: 2100000 | T41: 2100000 | W41: 2100000 | X41: 2100000 | AA41: 2100000 | AC41: 2100000 | AE41: 2100000 | AF41: 2100000 | AH41: - | AJ41: 2100000 | AK41: =(L41+AL41)-N41-O41-P41-Q41-R41-S41-T41-U41-V41-W41-X41-Y41-Z41-AA41-AB41-AC41-AD41-AE41-AF41-AG41-AH41-AI41-AJ41 -> #VALUE! | AL41: 0 | AM41: 1 | AP41: SS + Inf | AQ41: m
A42: 40 | B42: Q10 | C42: 900299474-6 | D42: 1001501-040-2026 | E42: TERCERO | F42: TERCERO | G42: TERCERO | I42: 45343 | J42: 46009 | K42: 312 | L42: 9957000 | N42: - | W42: - | X42: - | AA42: - | AC42: - | AE42: - | AH42: - | AK42: =(L42+AL42)-N42-O42-P42-Q42-R42-S42-T42-U42-V42-W42-X42-Y42-Z42-AA42-AB42-AC42-AD42-AE42-AF42-AG42-AH42-AI42-AJ42 -> #VALUE! | AL42: 0 | AQ42: 0
A43: 41 | B43: Asesoras ASCII | C43: 805000985-1 | D43: 1001501-041-2026 | E43: TERCERO | F43: TERCERO | G43: TERCERO | H43: 45706 | I43: 45706 | J43: 46022 | K43: 312 | L43: 7897000 | N43: - | W43: - | X43: - | AA43: - | AC43: - | AE43: - | AH43: - | AK43: =(L43+AL43)-N43-O43-P43-Q43-R43-S43-T43-U43-V43-W43-X43-Y43-Z43-AA43-AB43-AC43-AD43-AE43-AF43-AG43-AH43-AI43-AJ43 -> #VALUE! | AL43: 0 | AQ43: 0
A44: 42 | B44: MARBEL CONTRERAS VARGAS | C44: 22662391 | D44: 1001501-042-2026 | E44: TLC ACADEMICO | F44: RUBEN DARIO MILLAN | G44: Nicol | H44: 45706 | I44: 45706 | J44: 45918 | K44: 210 | L44: 14700000 | M44: 8 | N44: - | Q44: 1050000 | R44: 2100000 | S44: 2100000 | T44: 2100000 | W44: 2100000 | X44: 2100000 | AA44: 2100000 | AC44: 2100000 | AE44: 2100000 | AF44: 2100000 | AH44: 1050000 | AK44: =(L44+AL44)-N44-O44-P44-Q44-R44-S44-T44-U44-V44-W44-X44-Y44-Z44-AA44-AB44-AC44-AD44-AE44-AF44-AG44-AH44-AI44-AJ44 -> #VALUE! | AL44: 6300000 | AQ44: f
A45: 43 | B45: PABLO ANTONIO CRUZ PALECHOR | C45: 76345164 | D45: 1001501-043-2026 | E45: TLC ACADEMICO | F45: RUBEN DARIO MILLAN | H45: 45706 | I45: 45706 | J45: 45918 | K45: 210 | L45: 14700000 | M45: 8 | N45: - | Q45: 1050000 | R45: 2100000 | S45: 2100000 | T45: 2100000 | W45: 2100000 | X45: 2100000 | AA45: 2100000 | AC45: 2100000 | AE45: 2100000 | AF45: 2100000 | AH45: 1050000 | AK45: =(L45+AL45)-N45-O45-P45-Q45-R45-S45-T45-U45-V45-W45-X45-Y45-Z45-AA45-AB45-AC45-AD45-AE45-AF45-AG45-AH45-AI45-AJ45 -> #VALUE! | AL45: 6300000 | AQ45: m
A46: 44 | B46: LISA MARIA TELLO HENAO | C46: 1118303696 | D46: 1001501-044-2026 | E46: TLC ACADEMICO | F46: RUBEN DARIO MILLAN | G46: Nicol | H46: 45706 | I46: 45706 | J46: 45918 | K46: 210 | L46: 14700000 | M46: 8 | N46: - | Q46: 1050000 | R46: 2100000 | S46: 2100000 | T46: 2100000 | W46: 2100000 | X46: 2100000 | AA46: 2100000 | AC46: 2100000 | AE46: 2100000 | AF46: 2100000 | AH46: 1050000 | AK46: =(L46+AL46)-N46-O46-P46-Q46-R46-S46-T46-U46-V46-W46-X46-Y46-Z46-AA46-AB46-AC46-AD46-AE46-AF46-AG46-AH46-AI46-AJ46 -> #VALUE! | AL46: 6300000 | AQ46: f
A47: 45 | B47: LUZ KARIME CORTES SALGADO | C47: 1115085069 | D47: 1001501-045-2026 | E47: TLC ACADEMICO | F47: RUBEN DARIO MILLAN | G47: Victor | H47: 45706 | I47: 45706 | J47: 45918 | K47: 210 | L47: 14700000 | M47: - | Q47: 1050000 | R47: 2100000 | S47: 2100000 | T47: 2100000 | W47: 2100000 | X47: 2100000 | AA47: 2100000 | AC47: 2100000 | AE47: 2100000 | AF47: 2100000 | AH47: 1050000 | AK47: =(L47+AL47)-N47-O47-P47-Q47-R47-S47-T47-U47-V47-W47-X47-Y47-Z47-AA47-AB47-AC47-AD47-AE47-AF47-AG47-AH47-AI47-AJ47 -> 0 | AL47: 6300000 | AQ47: f
A48: 46 | B48: JHON ALEXANDER OROZCO PEREZ | C48: 1118301409 | D48: 1001501-046-2026 | E48: TLC ACADEMICO | F48: RUBEN DARIO MILLAN | G48: Nicol | H48: 45706 | I48: 45706 | J48: 45918 | K48: 210 | L48: 14700000 | M48: 8 | N48: - | Q48: 1050000 | R48: 2100000 | S48: 2100000 | T48: 2100000 | W48: 2100000 | X48: 2100000 | AA48: - | AC48: - | AE48: - | AH48: - | AK48: =(L48+AL48)-N48-O48-P48-Q48-R48-S48-T48-U48-V48-W48-X48-Y48-Z48-AA48-AB48-AC48-AD48-AE48-AF48-AG48-AH48-AI48-AJ48 -> #VALUE! | AL48: 0 | AP48: Renuncio | AQ48: m
A49: 47 | B49: HELEN BANESA PEREZ | C49: 1118259252 | D49: 1001501-047-2026 | E49: TLC ACADEMICO | F49: RUBEN DARIO MILLAN | G49: Victor | H49: 45706 | I49: 45706 | J49: 45918 | K49: 210 | L49: 14700000 | M49: 8 | Q49: 1050000 | R49: 2100000 | S49: 2100000 | T49: 2100000 | W49: 2100000 | X49: 2100000 | AA49: 2100000 | AC49: 2100000 | AE49: 2100000 | AF49: 2100000 | AH49: 1050000 | AK49: =(L49+AL49)-N49-O49-P49-Q49-R49-S49-T49-U49-V49-W49-X49-Y49-Z49-AA49-AB49-AC49-AD49-AE49-AF49-AG49-AH49-AI49-AJ49 -> 0 | AL49: 6300000 | AQ49: f
A50: 48 | B50: LUZ KARIME CARDONA | C50: 1118285418 | D50: 1001501-048-2026 | E50: TLC ACADEMICO | F50: RUBEN DARIO MILLAN | G50: Victor | H50: 45706 | I50: 45706 | J50: 45918 | K50: 210 | L50: 14700000 | M50: 8 | Q50: 1050000 | R50: 2100000 | S50: 2100000 | T50: 2100000 | W50: 2100000 | X50: 2100000 | AA50: 2100000 | AC50: 2100000 | AE50: 2100000 | AF50: 2100000 | AH50: 1050000 | AK50: =(L50+AL50)-N50-O50-P50-Q50-R50-S50-T50-U50-V50-W50-X50-Y50-Z50-AA50-AB50-AC50-AD50-AE50-AF50-AG50-AH50-AI50-AJ50 -> 0 | AL50: 6300000 | AQ50: f
A51: 49 | B51: JONATHAN DIAZ | C51: 1118282515 | D51: 1001501-049-2026 | E51: TLC ACADEMICO | F51: RUBEN DARIO MILLAN | G51: Nicol | H51: 45706 | I51: 45706 | J51: 45918 | K51: 210 | L51: 14700000 | M51: 8 | Q51: 1050000 | R51: 2100000 | S51: 2100000 | T51: 2100000 | W51: 2100000 | X51: 2100000 | AA51: 2100000 | AC51: 2100000 | AE51: 2100000 | AF51: 2100000 | AH51: 1050000 | AK51: =(L51+AL51)-N51-O51-P51-Q51-R51-S51-T51-U51-V51-W51-X51-Y51-Z51-AA51-AB51-AC51-AD51-AE51-AF51-AG51-AH51-AI51-AJ51 -> 0 | AL51: 6300000 | AQ51: m
A52: 50 | B52: YAMILED SEPULVEDA | C52: 31475774 | D52: 1001501-050-2026 | E52: TLC ACADEMICO | F52: RUBEN DARIO MILLAN | H52: 45706 | I52: 45706 | J52: 45918 | K52: 210 | L52: 14700000 | M52: 8 | Q52: 1050000 | R52: 2100000 | S52: 2100000 | T52: 2100000 | W52: 2100000 | X52: 2100000 | AA52: 2100000 | AC52: 2100000 | AE52: 2100000 | AF52: 2100000 | AH52: 1050000 | AK52: =(L52+AL52)-N52-O52-P52-Q52-R52-S52-T52-U52-V52-W52-X52-Y52-Z52-AA52-AB52-AC52-AD52-AE52-AF52-AG52-AH52-AI52-AJ52 -> 0 | AL52: 6300000 | AQ52: f
A53: 51 | B53: ELSA REINA | C53: 31469557 | D53: 1001501-051-2026 | E53: TLC ACADEMICO | F53: RUBEN DARIO MILLAN | G53: Victor | H53: 45706 | I53: 45706 | J53: 45918 | K53: 210 | L53: 14700000 | M53: 8 | Q53: 1050000 | R53: 2100000 | S53: 2100000 | T53: 2100000 | W53: 2100000 | X53: 2100000 | AA53: 2100000 | AC53: 2100000 | AE53: 2100000 | AF53: 2100000 | AH53: 1050000 | AK53: =(L53+AL53)-N53-O53-P53-Q53-R53-S53-T53-U53-V53-W53-X53-Y53-Z53-AA53-AB53-AC53-AD53-AE53-AF53-AG53-AH53-AI53-AJ53 -> 0 | AL53: 6300000 | AQ53: F
A54: 52 | B54: MANUEL MARQUEZ | C54: 16449942 | D54: 1001501-052-2026 | E54: TLC ACADEMICO | F54: RUBEN DARIO MILLAN | H54: 45706 | I54: 45708 | J54: 45918 | K54: 210 | L54: 14700000 | M54: 8 | Q54: 1050000 | R54: 2100000 | S54: 2100000 | T54: 2100000 | W54: 2100000 | X54: 2100000 | AA54: 2100000 | AC54: 2100000 | AE54: 2100000 | AF54: 2100000 | AH54: 1050000 | AK54: =(L54+AL54)-N54-O54-P54-Q54-R54-S54-T54-U54-V54-W54-X54-Y54-Z54-AA54-AB54-AC54-AD54-AE54-AF54-AG54-AH54-AI54-AJ54 -> 0 | AL54: 6300000 | AQ54: m
A55: 53 | B55: LAURO DRADA | C55: 16448311 | D55: 1001501-053-2026 | E55: TLC ACADEMICO | F55: RUBEN DARIO MILLAN | H55: 45706 | I55: 45708 | J55: 45918 | K55: 210 | L55: 14700000 | M55: 8 | Q55: 1050000 | R55: 2100000 | S55: 2100000 | T55: 2100000 | W55: 2100000 | X55: 2100000 | AA55: 2100000 | AC55: 2100000 | AE55: 2100000 | AF55: 2100000 | AH55: 1050000 | AK55: =(L55+AL55)-N55-O55-P55-Q55-R55-S55-T55-U55-V55-W55-X55-Y55-Z55-AA55-AB55-AC55-AD55-AE55-AF55-AG55-AH55-AI55-AJ55 -> 0 | AL55: 6300000 | AQ55: m
A56: 54 | B56: CRISTIAN RAMIREZ | C56: 1118297137 | D56: 1001501-054-2026 | E56: TLC ACADEMICO | F56: RUBEN DARIO MILLAN | H56: 45707 | I56: 45707 | J56: 45918 | K56: 210 | L56: 14700000 | M56: 8 | Q56: 1050000 | R56: 2100000 | S56: 2100000 | T56: 2100000 | W56: 2100000 | X56: 2100000 | AA56: 2100000 | AC56: 2100000 | AE56: 2100000 | AF56: 2100000 | AH56: 1050000 | AK56: =(L56+AL56)-N56-O56-P56-Q56-R56-S56-T56-U56-V56-W56-X56-Y56-Z56-AA56-AB56-AC56-AD56-AE56-AF56-AG56-AH56-AI56-AJ56 -> 0 | AL56: 6300000 | AQ56: f
A57: 55 | B57: VALERIA GOMEZ | C57: 1118307353 | D57: 1001501-055-2026 | E57: TLC ACADEMICO | F57: RUBEN DARIO MILLAN | H57: 45707 | I57: 45707 | J57: 45918 | K57: 210 | L57: 14700000 | M57: 8 | Q57: 1050000 | R57: 2100000 | S57: 2100000 | T57: 2100000 | W57: 2100000 | X57: 2100000 | AA57: 2100000 | AC57: 2100000 | AE57: 2100000 | AF57: 2100000 | AH57: 1050000 | AK57: =(L57+AL57)-N57-O57-P57-Q57-R57-S57-T57-U57-V57-W57-X57-Y57-Z57-AA57-AB57-AC57-AD57-AE57-AF57-AG57-AH57-AI57-AJ57 -> 0 | AL57: 6300000 | AQ57: f
A58: 56 | B58: SANDRA LILIANA ALVAREZ | C58: 55060615 | D58: 1001501-056-2026 | E58: TLC ACADEMICO | F58: RUBEN DARIO MILLAN | G58: Nicol | H58: 45707 | I58: 45707 | J58: 45918 | K58: 210 | L58: 14700000 | M58: 8 | Q58: 1050000 | R58: 2100000 | S58: 2100000 | T58: 2100000 | W58: 2100000 | X58: 2100000 | AA58: 2100000 | AC58: - | AD58: 1050000 | AE58: - | AH58: - | AK58: =(L58+AL58)-N58-O58-P58-Q58-R58-S58-T58-U58-V58-W58-X58-Y58-Z58-AA58-AB58-AC58-AD58-AE58-AF58-AG58-AH58-AI58-AJ58 -> #VALUE! | AL58: - | AQ58: f
A59: 57 | B59: WILLIAM SALAZAR | C59: 16464670 | D59: 1001501-057-2026 | E59: TLC ACADEMICO | F59: RUBEN DARIO MILLAN | G59: Nicol | H59: 45707 | I59: 45707 | J59: 45918 | K59: 210 | L59: 14700000 | M59: 8 | Q59: 1050000 | R59: 2100000 | S59: 2100000 | T59: 2100000 | W59: 2100000 | X59: 2100000 | AA59: 2100000 | AC59: 2100000 | AE59: 2100000 | AF59: 2100000 | AH59: 1050000 | AK59: =(L59+AL59)-N59-O59-P59-Q59-R59-S59-T59-U59-V59-W59-X59-Y59-Z59-AA59-AB59-AC59-AD59-AE59-AF59-AG59-AH59-AI59-AJ59 -> 0 | AL59: 6300000 | AQ59: m
A60: 58 | B60: ANGIE MERA BELTRAN | C60: 1118310324 | D60: 1001501-058-2026 | E60: TLC ACADEMICO | F60: RUBEN DARIO MILLAN | G60: Victor | H60: 45707 | I60: 45707 | J60: 45918 | K60: 210 | L60: 14700000 | M60: 8 | Q60: 1050000 | R60: 2100000 | S60: 2100000 | T60: 2100000 | W60: 2100000 | X60: 2100000 | AA60: 2100000 | AC60: 2100000 | AE60: 2100000 | AF60: 2100000 | AH60: 1050000 | AK60: =(L60+AL60)-N60-O60-P60-Q60-R60-S60-T60-U60-V60-W60-X60-Y60-Z60-AA60-AB60-AC60-AD60-AE60-AF60-AG60-AH60-AI60-AJ60 -> 0 | AL60: 6300000 | AQ60: f
A61: 59 | B61: JEAN MENDEZ | C61: 1118305974 | D61: 1001501-059-2026 | E61: TLC ACADEMICO | F61: RUBEN DARIO MILLAN | G61: Victor | H61: 45707 | I61: 45707 | J61: 45919 | K61: 209 | L61: 14700000 | M61: 8 | Q61: 1050000 | R61: 2100000 | S61: 2100000 | T61: 2100000 | W61: 2100000 | X61: 2100000 | AA61: 2100000 | AC61: 2100000 | AE61: 2100000 | AF61: 2100000 | AH61: 1050000 | AK61: =(L61+AL61)-N61-O61-P61-Q61-R61-S61-T61-U61-V61-W61-X61-Y61-Z61-AA61-AB61-AC61-AD61-AE61-AF61-AG61-AH61-AI61-AJ61 -> 0 | AL61: 6300000 | AQ61: m
A62: 60 | B62: MIGUEL ANGEL JARAMILLO | C62: 1118306817 | D62: 1001501-060-2026 | E62: TLC ACADEMICO | F62: RUBEN DARIO MILLAN | G62: Nicol | H62: 45707 | I62: 45707 | J62: 45918 | K62: 210 | L62: 14700000 | M62: 8 | Q62: 1050000 | R62: 2100000 | S62: 2100000 | T62: 2100000 | W62: 2100000 | X62: 2100000 | AA62: 2100000 | AC62: 2100000 | AE62: 2100000 | AF62: 2100000 | AH62: 1050000 | AK62: =(L62+AL62)-N62-O62-P62-Q62-R62-S62-T62-U62-V62-W62-X62-Y62-Z62-AA62-AB62-AC62-AD62-AE62-AF62-AG62-AH62-AI62-AJ62 -> 0 | AL62: 6300000 | AQ62: m
A63: 61 | B63: EUNICE NIEVA | C63: 31540546 | D63: 1001501-061-2026 | E63: TLC ACADEMICO | F63: RUBEN DARIO MILLAN | G63: =G65 -> Leydi | H63: 45707 | I63: 45707 | J63: 45918 | K63: 210 | L63: 12600000 | M63: 8 | Q63: 900000 | R63: 1800000 | S63: 1800000 | T63: 1800000 | W63: 1800000 | X63: 1800000 | AA63: 1800000 | AC63: 1800000 | AE63: 1800000 | AF63: 1800000 | AH63: 900000 | AK63: =(L63+AL63)-N63-O63-P63-Q63-R63-S63-T63-U63-V63-W63-X63-Y63-Z63-AA63-AB63-AC63-AD63-AE63-AF63-AG63-AH63-AI63-AJ63 -> 0 | AL63: 5400000 | AQ63: f
A64: 62 | B64: XIOMARA PRIETO PELAYO | C64: 1118299891 | D64: 1001501-062-2026 | E64: EMPRENDIMIENTO - ACADEMICO | F64: RUBEN DARIO MILLAN | G64: Leydi | H64: 45707 | I64: 45707 | J64: 45918 | K64: 210 | L64: 14700000 | M64: 8 | Q64: 1050000 | R64: 2100000 | S64: 2100000 | T64: 2100000 | W64: 2100000 | X64: 2100000 | AA64: 2100000 | AC64: 2100000 | AE64: 2100000 | AF64: 2100000 | AH64: 1050000 | AK64: =(L64+AL64)-N64-O64-P64-Q64-R64-S64-T64-U64-V64-W64-X64-Y64-Z64-AA64-AB64-AC64-AD64-AE64-AF64-AG64-AH64-AI64-AJ64 -> 0 | AL64: 6300000 | AQ64: f
A65: 63 | B65: OMAIRA SANCHEZ PAEZ | C65: 31465350 | D65: 1001501-063-2026 | E65: EMPRENDIMIENTO - ACADEMICO | F65: RUBEN DARIO MILLAN | G65: Leydi | H65: 45707 | I65: 45707 | J65: 45918 | K65: 210 | L65: 14700000 | M65: 8 | Q65: 1050000 | R65: 2100000 | S65: 2100000 | T65: 2100000 | W65: 2100000 | X65: 2100000 | AA65: 2100000 | AC65: 2100000 | AE65: 2100000 | AF65: 2100000 | AH65: 1050000 | AK65: =(L65+AL65)-N65-O65-P65-Q65-R65-S65-T65-U65-V65-W65-X65-Y65-Z65-AA65-AB65-AC65-AD65-AE65-AF65-AG65-AH65-AI65-AJ65 -> 0 | AL65: 6300000 | AQ65: f
A66: 64 | B66: LUZ MARIA NOREÑA | C66: 31467006 | D66: 1001501-064-2026 | E66: EMPRENDIMIENTO - ACADEMICO | F66: RUBEN DARIO MILLAN | G66: Leydi | H66: 45707 | I66: 45707 | J66: 45919 | K66: 210 | L66: 14700000 | M66: 8 | Q66: 1050000 | R66: 2100000 | S66: 2100000 | T66: 2100000 | W66: 2100000 | X66: 2100000 | AA66: 2100000 | AC66: 2100000 | AE66: 2100000 | AF66: 2100000 | AH66: 1050000 | AK66: =(L66+AL66)-N66-O66-P66-Q66-R66-S66-T66-U66-V66-W66-X66-Y66-Z66-AA66-AB66-AC66-AD66-AE66-AF66-AG66-AH66-AI66-AJ66 -> 0 | AL66: 6300000 | AQ66: f
A67: 65 | B67: KAROLINA GUTIERREZ SEPULVEDA | C67: 1112494650 | D67: 1001501-065-2026 | E67: EMPRENDIMIENTO - ACADEMICO | F67: RUBEN DARIO MILLAN | H67: 45707 | I67: 45707 | J67: 45918 | K67: 210 | L67: 14700000 | M67: 8 | Q67: 1050000 | R67: 2100000 | S67: 2100000 | T67: 2100000 | W67: 2100000 | X67: 2100000 | AA67: 2100000 | AC67: 2100000 | AE67: 2100000 | AF67: 2100000 | AH67: 1050000 | AK67: =(L67+AL67)-N67-O67-P67-Q67-R67-S67-T67-U67-V67-W67-X67-Y67-Z67-AA67-AB67-AC67-AD67-AE67-AF67-AG67-AH67-AI67-AJ67 -> 0 | AL67: 6300000 | AQ67: f
A68: 66 | B68: JULIAN EDUARDO CASTAÑO PALADINES | C68: 1053785295 | D68: 1001501-066-2026 | E68: EMPRENDIMIENTO - ACADEMICO | F68: RUBEN DARIO MILLAN | G68: Leydi | H68: 45707 | I68: 45707 | J68: 45919 | K68: 210 | L68: 14700000 | M68: 8 | Q68: 1050000 | R68: 2100000 | S68: 2100000 | T68: 2100000 | W68: 2100000 | X68: 2100000 | AA68: 2100000 | AC68: 2100000 | AE68: 2100000 | AF68: 2100000 | AH68: 1050000 | AK68: =(L68+AL68)-N68-O68-P68-Q68-R68-S68-T68-U68-V68-W68-X68-Y68-Z68-AA68-AB68-AC68-AD68-AE68-AF68-AG68-AH68-AI68-AJ68 -> 0 | AL68: 6300000 | AQ68: m
A69: 67 | B69: CRISTINA BECERRA SALAZAR | C69: 31486968 | D69: 1001501-067-2026 | E69: EMPRENDIMIENTO - ACADEMICO | F69: RUBEN DARIO MILLAN | G69: Leydi | H69: 45707 | I69: 45707 | J69: 45919 | K69: 210 | L69: 14700000 | M69: 8 | Q69: 1050000 | R69: 2100000 | S69: 2100000 | T69: 2100000 | W69: 2100000 | X69: 2100000 | AA69: 2100000 | AC69: 2100000 | AE69: 2100000 | AF69: 2100000 | AH69: 1050000 | AK69: =(L69+AL69)-N69-O69-P69-Q69-R69-S69-T69-U69-V69-W69-X69-Y69-Z69-AA69-AB69-AC69-AD69-AE69-AF69-AG69-AH69-AI69-AJ69 -> 0 | AL69: 6300000 | AQ69: f
A70: 68 | B70: CECILIA GIL SAAVEDRA | C70: 31470431 | D70: 1001501-068-2026 | E70: EMPRENDIMIENTO - ACADEMICO | F70: RUBEN DARIO MILLAN | H70: 45707 | I70: 45707 | J70: 45918 | K70: 210 | L70: 14700000 | M70: 8 | Q70: 1050000 | R70: 2100000 | S70: 2100000 | T70: 2100000 | W70: 2100000 | X70: 2100000 | AA70: 2100000 | AC70: 2100000 | AE70: 2100000 | AF70: 2100000 | AH70: 1050000 | AK70: =(L70+AL70)-N70-O70-P70-Q70-R70-S70-T70-U70-V70-W70-X70-Y70-Z70-AA70-AB70-AC70-AD70-AE70-AF70-AG70-AH70-AI70-AJ70 -> 0 | AL70: 6300000 | AQ70: f
A71: 69 | B71: LUIS HUMBERTO GARCIA | C71: 16451112 | D71: 1001501-069-2026 | E71: EMPRENDIMIENTO - ACADEMICO | F71: RUBEN DARIO MILLAN | G71: Leidy | H71: 45707 | I71: 45707 | J71: 45918 | K71: 210 | L71: 12600000 | M71: 8 | Q71: 900000 | R71: 1800000 | S71: 1800000 | T71: 1800000 | W71: 1800000 | X71: 1800000 | AA71: 1800000 | AC71: 1800000 | AE71: 1800000 | AF71: 1800000 | AH71: 900000 | AK71: =(L71+AL71)-N71-O71-P71-Q71-R71-S71-T71-U71-V71-W71-X71-Y71-Z71-AA71-AB71-AC71-AD71-AE71-AF71-AG71-AH71-AI71-AJ71 -> 0 | AL71: 5400000 | AQ71: f | AS71: 5400000
A72: 70 | B72: DIANA CARABALI | C72: 1118297821 | D72: 1001501-070-2026 | E72: AMBIENTAL | F72: RUBEN DARIO MILLAN | H72: 45707 | I72: 45707 | J72: 45888 | K72: 210 | L72: 12600000 | M72: 7 | Q72: 1050000 | R72: 2100000 | S72: 2100000 | T72: 2100000 | W72: 2100000 | X72: 2100000 | Z72: 1050000 | AA72: - | AC72: - | AE72: - | AH72: - | AK72: =(L72+AL72)-N72-O72-P72-Q72-R72-S72-T72-U72-V72-W72-X72-Y72-Z72-AA72-AB72-AC72-AD72-AE72-AF72-AG72-AH72-AI72-AJ72 -> #VALUE! | AL72: 0 | AQ72: f
A73: 71 | B73: GUSTAVO MOSCOSO | C73: 16377283 | D73: 1001501-071-2026 | E73: LOGISTICA | F73: CATALINA MONCADA | G73: OLGA PATRICIA CANO | H73: 45707 | I73: 45707 | J73: 45887 | K73: 210 | L73: 10800000 | M73: 7 | Q73: 900000 | R73: 1800000 | S73: 1800000 | T73: 1800000 | W73: 1800000 | X73: 1800000 | Z73: 900000 | AA73: - | AC73: - | AE73: - | AH73: - | AK73: =(L73+AL73)-N73-O73-P73-Q73-R73-S73-T73-U73-V73-W73-X73-Y73-Z73-AA73-AB73-AC73-AD73-AE73-AF73-AG73-AH73-AI73-AJ73 -> #VALUE! | AL73: 0 | AQ73: m
A74: 72 | B74: CRISTHIAN JAVIER GIRALDO LEAL | C74: 1118307328 | D74: 1001501-072-2026 | E74: EMPRENDIMIENTO - ACADEMICO | F74: RUBEN DARIO MILLAN | G74: Leidy | H74: 45708 | I74: 45708 | J74: 45918 | K74: 209 | L74: 14700000 | M74: 8 | Q74: 1050000 | R74: 2100000 | S74: 2100000 | T74: 2100000 | W74: 2100000 | X74: 2100000 | AA74: 2100000 | AC74: 2100000 | AE74: 2100000 | AF74: 2100000 | AH74: 1050000 | AK74: =(L74+AL74)-N74-O74-P74-Q74-R74-S74-T74-U74-V74-W74-X74-Y74-Z74-AA74-AB74-AC74-AD74-AE74-AF74-AG74-AH74-AI74-AJ74 -> 0 | AL74: 6300000 | AQ74: m
A75: 73 | B75: ANDRES FELIPE GALLEGO SOTELO | C75: 1109115172 | D75: 1001501-073-2026 | E75: EMPRENDIMIENTO - ACADEMICO | F75: RUBEN DARIO MILLAN | G75: Leydi | H75: 45708 | I75: 45708 | J75: 45918 | K75: 209 | L75: 14700000 | M75: 8 | Q75: 1050000 | R75: 2100000 | S75: 2100000 | T75: 2100000 | W75: 2100000 | X75: 2100000 | AA75: 2100000 | AC75: 2100000 | AE75: 2100000 | AF75: 2100000 | AH75: 1050000 | AK75: =(L75+AL75)-N75-O75-P75-Q75-R75-S75-T75-U75-V75-W75-X75-Y75-Z75-AA75-AB75-AC75-AD75-AE75-AF75-AG75-AH75-AI75-AJ75 -> 0 | AL75: 6300000 | AQ75: m
A76: 74 | B76: JOSE DAVID ILES ATOY | C76: 1002956175 | D76: 1001501-074-2026 | E76: TLC ACADEMICO | F76: RUBEN DARIO MILLAN | G76: Nicol | H76: 45708 | I76: 45708 | J76: 45918 | K76: 209 | L76: 14700000 | M76: 8 | Q76: 1050000 | R76: 2100000 | S76: 2100000 | T76: 2100000 | W76: 2100000 | X76: 2100000 | AA76: 2100000 | AC76: 2100000 | AE76: 2100000 | AF76: 2100000 | AH76: 1050000 | AK76: =(L76+AL76)-N76-O76-P76-Q76-R76-S76-T76-U76-V76-W76-X76-Y76-Z76-AA76-AB76-AC76-AD76-AE76-AF76-AG76-AH76-AI76-AJ76 -> 0 | AL76: 6300000 | AQ76: m
A77: 75 | B77: HENRY JAVIER RIOS GUZMAN | C77: 1144143581 | D77: 1001501-075-2026 | E77: TLC ACADEMICO | F77: RUBEN DARIO MILLAN | G77: Nicol | H77: 45708 | I77: 45708 | J77: 45918 | K77: 209 | L77: 14700000 | M77: 8 | Q77: 1050000 | R77: 2100000 | S77: 2100000 | T77: 2100000 | W77: 2100000 | X77: 2100000 | AA77: 2100000 | AC77: 2100000 | AE77: 2100000 | AF77: 2100000 | AH77: 1050000 | AK77: =(L77+AL77)-N77-O77-P77-Q77-R77-S77-T77-U77-V77-W77-X77-Y77-Z77-AA77-AB77-AC77-AD77-AE77-AF77-AG77-AH77-AI77-AJ77 -> 0 | AL77: 6300000 | AQ77: m
A78: 76 | B78: DIEGO EDILBERTO REYES CAGUEÑA | C78: 16641034 | D78: 1001501-076-2026 | E78: TLC ACADEMICO | F78: RUBEN DARIO MILLAN | G78: Victor | H78: 45708 | I78: 45708 | J78: 45918 | K78: 209 | L78: 14700000 | M78: 8 | Q78: 1050000 | R78: 2100000 | S78: 2100000 | T78: 2100000 | W78: 2100000 | X78: 2100000 | AA78: 2100000 | AC78: 2100000 | AE78: 2100000 | AF78: 2100000 | AH78: 1050000 | AK78: =(L78+AL78)-N78-O78-P78-Q78-R78-S78-T78-U78-V78-W78-X78-Y78-Z78-AA78-AB78-AC78-AD78-AE78-AF78-AG78-AH78-AI78-AJ78 -> 0 | AL78: 6300000 | AQ78: m
A79: 77 | B79: LINA MARCELA ALFONSO FIGUEROA | C79: 1007609629 | D79: 1001501-077-2026 | E79: TLC ACADEMICO | F79: RUBEN DARIO MILLAN | G79: Nicol | H79: 45708 | I79: 45708 | J79: 45918 | K79: 209 | L79: 14700000 | M79: 8 | Q79: 1050000 | R79: 2100000 | S79: 2100000 | T79: 2100000 | W79: 2100000 | X79: 2100000 | AA79: 2100000 | AC79: 2100000 | AE79: 2100000 | AF79: 2100000 | AH79: 1050000 | AK79: =(L79+AL79)-N79-O79-P79-Q79-R79-S79-T79-U79-V79-W79-X79-Y79-Z79-AA79-AB79-AC79-AD79-AE79-AF79-AG79-AH79-AI79-AJ79 -> 0 | AL79: 6300000 | AQ79: f
A80: 78 | B80: PABLO ANDRES MENESES HURTADO | C80: 1118286054 | D80: 1001501-078-2026 | E80: TLC ACADEMICO | F80: RUBEN DARIO MILLAN | G80: Victor | H80: 45708 | I80: 45708 | J80: 45918 | K80: 209 | L80: 14700000 | M80: 8 | Q80: 1050000 | R80: 2100000 | S80: 2100000 | T80: 2100000 | W80: 2100000 | X80: 2100000 | AA80: 2100000 | AC80: 2100000 | AE80: 2100000 | AF80: 2100000 | AH80: 1050000 | AK80: =(L80+AL80)-N80-O80-P80-Q80-R80-S80-T80-U80-V80-W80-X80-Y80-Z80-AA80-AB80-AC80-AD80-AE80-AF80-AG80-AH80-AI80-AJ80 -> 0 | AL80: 6300000 | AQ80: m
A81: 79 | B81: MARIA GLADIS FIGUEROA | C81: 35696525 | D81: 1001501-079-2026 | E81: TLC ACADEMICO | F81: RUBEN DARIO MILLAN | G81: VICTOR | H81: 45708 | I81: 45708 | J81: 45918 | K81: 209 | L81: 14700000 | M81: 8 | Q81: 1050000 | R81: 2100000 | S81: 2100000 | T81: 2100000 | W81: 2100000 | X81: 2100000 | AA81: 2100000 | AC81: 2100000 | AE81: 2100000 | AF81: 2100000 | AH81: 1050000 | AK81: =(L81+AL81)-N81-O81-P81-Q81-R81-S81-T81-U81-V81-W81-X81-Y81-Z81-AA81-AB81-AC81-AD81-AE81-AF81-AG81-AH81-AI81-AJ81 -> 0 | AL81: 6300000 | AQ81: f
A82: 80 | B82: YASSER ADOLFO ARCE ORTIZ | C82: 14620126 | D82: 1001501-080-2026 | E82: TLC ACADEMICO | F82: RUBEN DARIO MILLAN | G82: VICTOR | H82: 45708 | I82: 45708 | J82: 45918 | K82: 209 | L82: 14700000 | M82: 8 | Q82: 1050000 | R82: 2100000 | S82: 2100000 | T82: 2100000 | W82: 2100000 | X82: 2100000 | AA82: 2100000 | AC82: 2100000 | AE82: 2100000 | AF82: 2100000 | AH82: 1050000 | AK82: =(L82+AL82)-N82-O82-P82-Q82-R82-S82-T82-U82-V82-W82-X82-Y82-Z82-AA82-AB82-AC82-AD82-AE82-AF82-AG82-AH82-AI82-AJ82 -> 0 | AL82: 6300000 | AQ82: m
A83: 81 | B83: ADRIANA YAZMIN BECERRA | C83: 66738932 | D83: 1001501-081-2026 | E83: EMPRENDIMIENTO - ACADEMICO | F83: RUBEN DARIO MILLAN | G83: Leydi | H83: 45708 | I83: 45708 | J83: 45918 | K83: 209 | L83: 14700000 | M83: 8 | Q83: 1050000 | R83: 2100000 | S83: 2100000 | T83: 2100000 | W83: 2100000 | X83: 2100000 | AA83: 2100000 | AC83: 2100000 | AE83: 2100000 | AF83: 2100000 | AH83: 1050000 | AK83: =(L83+AL83)-N83-O83-P83-Q83-R83-S83-T83-U83-V83-W83-X83-Y83-Z83-AA83-AB83-AC83-AD83-AE83-AF83-AG83-AH83-AI83-AJ83 -> 0 | AL83: 6300000 | AQ83: f
A84: 82 | B84: LORENA MONSALVE | C84: 67005983 | D84: 1001501-082-2026 | E84: PSICOLOGA - ACADEMICO | F84: RUBEN DARIO MILLAN | G84: SIN APOYO | H84: 45708 | I84: 45708 | J84: 45887 | K84: 180 | L84: 23562000 | M84: 7 | Q84: =3927000/2 -> 1963500 | R84: 3927000 | S84: 3927000 | T84: 3927000 | W84: 3927000 | X84: 3927000 | Z84: 1963500 | AA84: - | AC84: - | AE84: - | AH84: - | AK84: =(L84+AL84)-N84-O84-P84-Q84-R84-S84-T84-U84-V84-W84-X84-Y84-Z84-AA84-AB84-AC84-AD84-AE84-AF84-AG84-AH84-AI84-AJ84 -> #VALUE! | AL84: 0 | AQ84: f
A85: 83 | B85: GRAMXIS HERNANDEZ SANCHEZ | C85: 31480169 | D85: 1001501-083-2026 | E85: COMUNICACIONES | F85: RUBEN DARIO MILLAN | G85: SIN APOYO | H85: 45708 | I85: 45708 | J85: 45869 | K85: 158 | L85: 23562000 | M85: 6 | Q85: 3927000 | R85: 3927000 | S85: 3927000 | T85: 3927000 | W85: 3927000 | X85: 3927000 | Z85: - | AA85: - | AC85: - | AE85: - | AH85: - | AK85: =(L85+AL85)-N85-O85-P85-Q85-R85-S85-T85-U85-V85-W85-X85-Y85-Z85-AA85-AB85-AC85-AD85-AE85-AF85-AG85-AH85-AI85-AJ85 -> #VALUE! | AL85: 0 | AQ85: f
A86: 84 | B86: LADY JOHANA MARQUEZ ENCISO | C86: 31486544 | D86: 1001501-084-2026 | E86: ATENCIÓN | F86: JAIME SANCHEZ | G86: WILLAR GONZALEZ | H86: 45708 | I86: 45709 | J86: 45887 | K86: 180 | L86: 12600000 | M86: 7 | Q86: 1050000 | R86: 2100000 | S86: 2100000 | T86: 2100000 | W86: 2100000 | X86: 2100000 | AA86: 1050000 | AC86: - | AE86: - | AH86: - | AK86: =(L86+AL86)-N86-O86-P86-Q86-R86-S86-T86-U86-V86-W86-X86-Y86-Z86-AA86-AB86-AC86-AD86-AE86-AF86-AG86-AH86-AI86-AJ86 -> #VALUE! | AL86: 0 | AP86: SS + Inf | AQ86: f
A87: 85 | B87: SANTIAGO OLAYA GIL | C87: 1109541282 | D87: 1001501-085-2026 | E87: ATENCIÓN | F87: JAIME SANCHEZ | G87: WILLAR GONZALEZ | H87: 45708 | I87: 45708 | J87: 45887 | K87: 180 | L87: 12600000 | M87: 7 | Q87: 1050000 | R87: 2100000 | S87: 2100000 | T87: - | V87: 2100000 | W87: 2100000 | X87: 2100000 | Z87: - | AA87: 1050000 | AC87: - | AE87: - | AH87: - | AK87: =(L87+AL87)-N87-O87-P87-Q87-R87-S87-T87-U87-V87-W87-X87-Y87-Z87-AA87-AB87-AC87-AD87-AE87-AF87-AG87-AH87-AI87-AJ87 -> #VALUE! | AL87: 0 | AQ87: m
A88: 86 | B88: DUVAN FELIPE MANQUILLO | C88: 1002955578 | D88: 1001501-086-2026 | E88: COMUNICACIONES | F88: JAIME SANCHEZ | G88: WILLAR GONZALEZ | H88: 45708 | I88: 45708 | J88: 45889 | K88: 180 | L88: 10800000 | M88: 7 | Q88: 900000 | R88: 1800000 | S88: 1800000 | T88: 1800000 | W88: 1800000 | X88: 1800000 | Z88: 900000 | AA88: - | AC88: - | AE88: - | AH88: - | AK88: =(L88+AL88)-N88-O88-P88-Q88-R88-S88-T88-U88-V88-W88-X88-Y88-Z88-AA88-AB88-AC88-AD88-AE88-AF88-AG88-AH88-AI88-AJ88 -> #VALUE! | AL88: 0 | AQ88: m
A89: 87 | B89: OSCAR BARRANTES | C89: 80210741 | D89: 1001501-087-2026 | E89: PEDAGOGO - ACADEMICO | F89: RUBEN DARIO MILLAN | G89: SIN APOYO | H89: 45709 | I89: 45709 | J89: 45887 | K89: 175 | L89: 23562000 | M89: 8 | Q89: 1963500 | R89: 3927000 | S89: 3927000 | T89: 3927000 | W89: 3927000 | X89: 3927000 | Z89: 1963500 | AA89: - | AC89: - | AE89: - | AH89: - | AK89: =(L89+AL89)-N89-O89-P89-Q89-R89-S89-T89-U89-V89-W89-X89-Y89-Z89-AA89-AB89-AC89-AD89-AE89-AF89-AG89-AH89-AI89-AJ89 -> #VALUE! | AL89: 0 | AQ89: m
A90: 88 | B90: AURA CRISTINA LLANOS RAMIREZ | C90: 1151966713 | D90: 1001501-088-2026 | E90: TLC ACADEMICO | F90: RUBEN DARIO MILLAN | G90: Victor | H90: 45709 | I90: 45709 | J90: 45918 | K90: 207 | L90: 14700000 | M90: 8 | Q90: 1050000 | R90: 2100000 | S90: 2100000 | T90: 2100000 | W90: 2100000 | X90: 2100000 | AA90: 2100000 | AC90: 2100000 | AE90: 2100000 | AF90: 2100000 | AH90: 1050000 | AK90: =(L90+AL90)-N90-O90-P90-Q90-R90-S90-T90-U90-V90-W90-X90-Y90-Z90-AA90-AB90-AC90-AD90-AE90-AF90-AG90-AH90-AI90-AJ90 -> 0 | AL90: 6300000 | AQ90: f
A91: 89 | B91: LUISA MARÍA SÁNCHEZ TRUQUE | C91: 1118302426 | D91: 1001501-089-2026 | E91: TLC ACADEMICO | F91: RUBEN DARIO MILLAN | G91: Nicol | H91: 45709 | I91: 45709 | J91: 45918 | K91: 207 | L91: 14700000 | M91: 8 | Q91: 1050000 | R91: 2100000 | S91: 2100000 | T91: 2100000 | W91: 2100000 | X91: 2100000 | AA91: 2100000 | AC91: 2100000 | AE91: 2100000 | AF91: 2100000 | AH91: 1050000 | AK91: =(L91+AL91)-N91-O91-P91-Q91-R91-S91-T91-U91-V91-W91-X91-Y91-Z91-AA91-AB91-AC91-AD91-AE91-AF91-AG91-AH91-AI91-AJ91 -> 0 | AL91: 6300000 | AQ91: f
A92: 90 | B92: SEGURIDAD JANO LTDA | C92: 822002315-6 | D92: 1001501-090-2026 | E92: TERCERO | F92: TERCERO | G92: TERCERO | H92: 45721 | I92: TERCERO | J92: TERCERO | K92: TERCERO | W92: - | X92: - | Z92: - | AA92: - | AC92: - | AE92: - | AH92: - | AK92: =(L92+AL92)-N92-O92-P92-Q92-R92-S92-T92-U92-V92-W92-X92-Y92-Z92-AA92-AB92-AC92-AD92-AE92-AF92-AG92-AH92-AI92-AJ92 -> #VALUE! | AL92: 0 | AQ92: 0
A93: 91 | B93: RODRIGO GARRIDO BOHORQUEZ | C93: 16454399 | D93: 1001501-091-2026 | E93: CONTROL INTERNO | F93: JAIME SANCHEZ | G93: Hegny Bon | H93: 45722 | I93: 45722 | J93: 45900 | K93: 174 | L93: 23562000 | M93: 6 | R93: 3927000 | S93: 3927000 | T93: 3927000 | W93: 3927000 | X93: 3927000 | AA93: 3927000 | AC93: - | AE93: - | AH93: - | AK93: =(L93+AL93)-N93-O93-P93-Q93-R93-S93-T93-U93-V93-W93-X93-Y93-Z93-AA93-AB93-AC93-AD93-AE93-AF93-AG93-AH93-AI93-AJ93 -> #VALUE! | AL93: 0 | AP93: SS agosto | AQ93: m
A94: 92 | B94: VICTOR HUGO RODRIGUEZ SANCHEZ | C94: 16461330 | D94: 1001501-092-2026 | E94: ACADEMICO | F94: RUBEN DARIO MILLAN | G94: SIN APOYO | H94: 45726 | I94: 45726 | J94: 45900 | K94: 170 | L94: 23562000 | M94: 6 | Q94: - | R94: 3927000 | S94: 3927000 | T94: 3927000 | W94: 3927000 | X94: 3927000 | AA94: 3927000 | AC94: - | AE94: - | AH94: - | AK94: =(L94+AL94)-N94-O94-P94-Q94-R94-S94-T94-U94-V94-W94-X94-Y94-Z94-AA94-AB94-AC94-AD94-AE94-AF94-AG94-AH94-AI94-AJ94 -> #VALUE! | AL94: 0 | AP94: SS agosto | AQ94: m
A95: 93 | B95: JOSEPH MENDEZ AMAYA | C95: 1110284727 | D95: 1001501-093-2026 | E95: ARCHIVO | F95: JAIME SANCHEZ | G95: LAURA VANESA FRANCO | H95: 45726 | I95: 45726 | J95: 45900 | K95: 170 | L95: 10800000 | M95: 6 | Q95: - | R95: ='Base datos'!$L95/'Base datos'!$M95 -> 1800000 | S95: 1800000 | T95: - | V95: 1800000 | W95: 1800000 | X95: - | Y95: 1800000 | AA95: 1800000 | AC95: - | AE95: - | AH95: - | AK95: =(L95+AL95)-N95-O95-P95-Q95-R95-S95-T95-U95-V95-W95-X95-Y95-Z95-AA95-AB95-AC95-AD95-AE95-AF95-AG95-AH95-AI95-AJ95 -> #VALUE! | AL95: 0 | AQ95: m
A96: 94 | B96: MARIA ERMINIA ESPINOSA | C96: 31476980 | D96: 1001501-094-2026 | E96: LOGISTICA | F96: CATALINA MONCADA | G96: OLGA PATRICIA CANO | H96: 45726 | I96: 45726 | J96: 45900 | K96: 170 | L96: 10800000 | M96: 6 | Q96: - | R96: 1800000 | S96: 1800000 | T96: 1800000 | W96: 1800000 | X96: 1800000 | AA96: 1800000 | AC96: - | AE96: - | AH96: - | AK96: =(L96+AL96)-N96-O96-P96-Q96-R96-S96-T96-U96-V96-W96-X96-Y96-Z96-AA96-AB96-AC96-AD96-AE96-AF96-AG96-AH96-AI96-AJ96 -> #VALUE! | AL96: 0 | AP96: SS + Inf | AQ96: f
A97: 95 | B97: NICOL DAHIANNA HERRERA BARONA | C97: 1005981426 | D97: 1001501-095-2026 | E97: ACADEMICO | F97: RUBEN DARIO MILLAN | G97: SIN APOYO | H97: 45726 | I97: 45726 | J97: 45900 | K97: 170 | L97: 14520000 | M97: 6 | Q97: - | R97: ='Base datos'!$L97/'Base datos'!$M97 -> 2420000 | S97: 2420000 | T97: 2420000 | W97: 2420000 | X97: 2420000 | AA97: 2420000 | AC97: - | AE97: - | AH97: - | AK97: =(L97+AL97)-N97-O97-P97-Q97-R97-S97-T97-U97-V97-W97-X97-Y97-Z97-AA97-AB97-AC97-AD97-AE97-AF97-AG97-AH97-AI97-AJ97 -> #VALUE! | AL97: 0 | AQ97: f
A98: 96 | B98: JULIAN MAURICIO BERDUGO TANGARIFE | C98: 6548639 | D98: 1001501-096-2026 | E98: COMUNICACIONES | F98: JAIME SANCHEZ | G98: WILLAR GONZALEZ | H98: 45726 | I98: 45726 | J98: 45900 | K98: 170 | L98: 14520000 | M98: 6 | Q98: - | R98: 2420000 | S98: 2420000 | T98: - | V98: 2420000 | W98: 2420000 | X98: 2420000 | AA98: 2420000 | AC98: - | AE98: - | AH98: - | AK98: =(L98+AL98)-N98-O98-P98-Q98-R98-S98-T98-U98-V98-W98-X98-Y98-Z98-AA98-AB98-AC98-AD98-AE98-AF98-AG98-AH98-AI98-AJ98 -> #VALUE! | AL98: 0 | AQ98: m
A99: 97 | B99: HELLY RAQUEL VALDES ZAPATA | C99: 1114487494 | D99: 1001501-097-2026 | E99: JURIDICO | F99: JAIME SANCHEZ | G99: YOHANA DELGADO | H99: 45730 | I99: 45730 | J99: 45900 | K99: 165 | L99: 12600000 | M99: 6 | R99: ='Base datos'!$L99/'Base datos'!$M99 -> 2100000 | S99: 2100000 | T99: 2100000 | W99: 2100000 | X99: 2100000 | AA99: 2100000 | AC99: - | AE99: - | AH99: - | AK99: =(L99+AL99)-N99-O99-P99-Q99-R99-S99-T99-U99-V99-W99-X99-Y99-Z99-AA99-AB99-AC99-AD99-AE99-AF99-AG99-AH99-AI99-AJ99 -> #VALUE! | AL99: 0 | AP99: SS agosto | AQ99: f
A100: 98 | B100: JESUS ANTONIO GONZALEZ MONTILLA | C100: 16453016 | D100: 1001501-098-2026 | E100: LOGISTICA | F100: CATALINA MONCADA | G100: OLGA PATRICIA CANO | H100: 45734 | I100: 45370 | J100: 45900 | K100: 170 | L100: 10800000 | M100: 6 | R100: ='Base datos'!$L100/'Base datos'!$M100 -> 1800000 | S100: 1800000 | T100: - | V100: 1800000 | W100: 1800000 | X100: 1800000 | AA100: - | AB100: 1800000 | AC100: - | AE100: - | AH100: - | AK100: =(L100+AL100)-N100-O100-P100-Q100-R100-S100-T100-U100-V100-W100-X100-Y100-Z100-AA100-AB100-AC100-AD100-AE100-AF100-AG100-AH100-AI100-AJ100 -> #VALUE! | AL100: 0 | AP100: SS + Inf | AQ100: m
...

Sheet CONTRATACION IMETY ABRIL 2026
A1: # | B1: MODALIDAD DE CONTRATACION | C1: # CONTRATO | D1: OBJETO | E1: duración en días | F1: OBJETO | G1: FEC_ INICIO | H1: FEC_FIN | I1: VALOR CONTRATO | J1: Fecha de contrato
A2: 1 | B2: CONTRATACION DIRECTA | C2: 1001501-001-2026 | D2: PRESTACIÓN DE SERVICIOS PROFESIONALES ESPECIALIZADOS DE ABOGADO PARA EL DESARROLLO DE ACTIVIDADES JURÍDICAS EN ASUNTOS ADMINISTRATIVOS, JUDICIALES Y DE CONTRATACIÓN ESTATAL DENTRO DEL PROCESO DE GESTIÓN CONTRACTUAL DEL INSTITUTO MUNICIPAL DE EDUCACIÓN PARA EL TRABAJO Y DESARROLLO HUMANO DE YUMBO - IMETY | E2: 165 | F2: PRESTACIÓN DE SERVICIOS PROFESIONALES ESPECIALIZADOS DE ABOGADO PARA EL DESARROLLO DE ACTIVIDADES JURÍDICAS EN ASUNTOS ADMINISTRATIVOS, JUDICIALES Y DE CONTRATACIÓN ESTATAL DENTRO DEL PROCESO DE GESTIÓN CONTRACTUAL DEL INSTITUTO MUNICIPAL DE EDUCACIÓN PARA EL TRABAJO Y DESARROLLO HUMANO DE YUMBO - IMETY | G2: 46039 | H2: 46203 | I2: 28616500 | J2: 46038
A3: 2 | B3: CONTRATACION DIRECTA | C3: 1001501-002-2026 | D3: PRESTACION DE SERVICIOS PROFESIONALES DE APOYO A LA GESTION PARA EL CUMPLIMIENTO DE LA GESTION ADMINISTRATIVA DE TALENTO HUMANO DEL INSTITUTO MUNICIPAL DE EDUCACION PARA EL TRABAJO Y DESARROLLO HUMANO DE YUMBO -IMETY | E3: 150 | F3: PRESTACION DE SERVICIOS PROFESIONALES DE APOYO A LA GESTION PARA EL CUMPLIMIENTO DE LA GESTION ADMINISTRATIVA DE TALENTO HUMANO DEL INSTITUTO MUNICIPAL DE EDUCACION PARA EL TRABAJO Y DESARROLLO HUMANO DE YUMBO -IMETY | G3: 46039 | H3: 46188 | I3: 19635000 | J3: 46039
A4: 3 | B4: CONTRATACION DIRECTA | C4: 1001501-003-2026 | D4: PRESTACION DE SERVICIOS PROFESIONALES DE APOYO A GESTION ESTRATEGICA INSTITUCIONAL DEL INSTITUTO MUNICIPAL DE EDUCACION PARA EL TRABAJO Y EL DESARROLLO HUMANO - IMETY CON RELACION A LA GESTION DE RESULTADOS DE LOS 3 COMPONENTES CLAVE DE LA PLANEACION ESTRATEGICA COMO LO SON: ORIENTACION ESTRATEGICA INSTITUCIONAL, GESTION DE PROYECTOS Y GESTION DE CALIDAD (MIPG) | E4: 175 | F4: PRESTACION DE SERVICIOS PROFESIONALES DE APOYO A GESTION ESTRATEGICA INSTITUCIONAL DEL INSTITUTO MUNICIPAL DE EDUCACION PARA EL TRABAJO Y EL DESARROLLO HUMANO - IMETY CON RELACION A LA GESTION DE RESULTADOS DE LOS 3 COMPONENTES CLAVE DE LA PLANEACION ESTRATEGICA COMO LO SON: ORIENTACION ESTRATEGICA INSTITUCIONAL, GESTION DE PROYECTOS Y GESTION DE CALIDAD (MIPG) | G4: 46039 | H4: 46203 | I4: 21598500 | J4: 46039
A5: 4 | B5: CONTRATACION DIRECTA | C5: 1001501-004-2026 | D5: PRESTACION DE SERVICIOS PROFESIONALES DE APOYO A LA GESTION EN EL AREA FINANCIERA DEL INSTITUTO MUNICIPAL DE EDUCACION PARA EL TRABAJO Y EL DESARROLLO HUMANO DE YUMBO - IMETY | E5: 150 | F5: PRESTACION DE SERVICIOS PROFESIONALES DE APOYO A LA GESTION EN EL AREA FINANCIERA DEL INSTITUTO MUNICIPAL DE EDUCACION PARA EL TRABAJO Y EL DESARROLLO HUMANO DE YUMBO - IMETY | G5: 46039 | H5: 46188 | I5: 19635000 | J5: 46039
A6: 5 | B6: CONTRATACION DIRECTA | C6: 1001501-005-2026 | D6: PRESTACIÓN DE SERVICIOS PROFESIONALES PARA GESTIONAR ADECUADAMENTE LA SEGURIDAD Y SALUD EN EL TRABAJO DEL INSTITUTO MUNICIPAL DE EDUCACIÓN PARA EL TRABAJO Y EL DESARROLLO HUMANO DE YUMBO IMETY, EN EL MARCO DEL PROYECTO "FORTALECIMIENTO DE LOS PROCESOS DE FORMACION TECNICA LABORAL COMO ESTRATEGIA DE AUMENTO DE LA CAPACIDAD PRODUCTIVA DE LOS HABITANTES DEL MUNICIPIO DE YUMBO", LIDERADO POR EL IMETY | E6: 150 | F6: PRESTACIÓN DE SERVICIOS PROFESIONALES PARA GESTIONAR ADECUADAMENTE LA SEGURIDAD Y SALUD EN EL TRABAJO DEL INSTITUTO MUNICIPAL DE EDUCACIÓN PARA EL TRABAJO Y EL DESARROLLO HUMANO DE YUMBO IMETY, EN EL MARCO DEL PROYECTO "FORTALECIMIENTO DE LOS PROCESOS DE FORMACION TECNICA LABORAL COMO ESTRATEGIA DE AUMENTO DE LA CAPACIDAD PRODUCTIVA DE LOS HABITANTES DEL MUNICIPIO DE YUMBO", LIDERADO POR EL IMETY | G6: 46042 | H6: 46188 | I6: 19635000 | J6: 45677
A7: 6 | B7: CONTRATACION DIRECTA | C7: 1001501-006-2026 | D7: PRESTACIÓN DE SERVICIOS PROFESIONALES ESPECIALIZADOS PARA EL DESARROLLO DE ACTIVIDADES EN CALIDAD DE COORDINADORA DE LA AGENCIA PÚBLICA DE GESTIÓN Y COLOCACIÓN DE EMPLEO, EN EL MARCO DEL PROYECTO DE FORTALECIMIENTO DE LA AGENCIA PUBLICA DE GESTION Y COLOCACION DE EMPLEO DEL INSTITUTO MUNICIPAL DE EDUCACIÓN PARA EL TRABAJO Y DESARROLLO HUMANO DE YUMBO - IMETY | E7: 160 | F7: PRESTACIÓN DE SERVICIOS PROFESIONALES ESPECIALIZADOS PARA EL DESARROLLO DE ACTIVIDADES EN CALIDAD DE COORDINADORA DE LA AGENCIA PÚBLICA DE GESTIÓN Y COLOCACIÓN DE EMPLEO, EN EL MARCO DEL PROYECTO DE FORTALECIMIENTO DE LA AGENCIA PUBLICA DE GESTION Y COLOCACION DE EMPLEO DEL INSTITUTO MUNICIPAL DE EDUCACIÓN PARA EL TRABAJO Y DESARROLLO HUMANO DE YUMBO - IMETY | G7: 46042 | H7: 46203 | I7: 28616500 | J7: 46042
A8: 7 | B8: CONTRATACION DIRECTA | C8: 1001501-007-2026 | D8: PRESTACIÓN DE SERVICIOS PERSONALES DE APOYO A LA GESTIÓN ADMINISTRATIVA DEL IMETY, DESEMPEÑANDOSE COMO TECNICO, PARA LA EJECUCIÓN DE ACTIVIDADES PROPIAS DEL PROYECTO "FORTALECIMIENTO DE LOS PROCESOS DE FORMACION TECNICA LABORAL COMO ESTRATEGIA DE AUMENTO DE LA CAPACIDAD PRODUCTIVA", LIDERADO POR EL IMETY | E8: 150 | F8: PRESTACIÓN DE SERVICIOS PERSONALES DE APOYO A LA GESTIÓN ADMINISTRATIVA DEL IMETY, DESEMPEÑANDOSE COMO TECNICO, PARA LA EJECUCIÓN DE ACTIVIDADES PROPIAS DEL PROYECTO "FORTALECIMIENTO DE LOS PROCESOS DE FORMACION TECNICA LABORAL COMO ESTRATEGIA DE AUMENTO DE LA CAPACIDAD PRODUCTIVA", LIDERADO POR EL IMETY | G8: 46042 | H8: 46188 | I8: 10500000 | J8: 46042
A9: 8 | B9: CONTRATACION DIRECTA | C9: 1001501-008-2026 | D9: PRESTACIÓN DE SERVICIOS PROFESIONALES DE APOYO A LA GESTIÓN ADMINISTRATIVA DEL IMETY, PROPIAS DE LA EJECUCIÓN DEL PROYECTO "FORTALECIMIENTO DE LOS PROCESOS DE FORMACION TECNICA LABORAL COMO ESTRATEGIA DE AUMENTO DE LA CAPACIDAD PRODUCTIVA DE LOS HABITANTES DEL MUNICIPIO DE YUMBO", LIDERADO POR EL IMETY | E9: 150 | F9: PRESTACIÓN DE SERVICIOS PROFESIONALES DE APOYO A LA GESTIÓN ADMINISTRATIVA DEL IMETY, PROPIAS DE LA EJECUCIÓN DEL PROYECTO "FORTALECIMIENTO DE LOS PROCESOS DE FORMACION TECNICA LABORAL COMO ESTRATEGIA DE AUMENTO DE LA CAPACIDAD PRODUCTIVA DE LOS HABITANTES DEL MUNICIPIO DE YUMBO", LIDERADO POR EL IMETY | G9: 46043 | H9: 46193 | I9: 19635000 | J9: 46042
A10: 9 | B10: CONTRATACION DIRECTA | C10: 1001501-009-2026 | D10: PRESTACIÓN DE SERVICIOS PROFESIONALES DE APOYO A LA GESTIÓN ADMINISTRATIVA DEL IMETY, PROPIAS DE LA EJECUCIÓN DEL PROYECTO "FORTALECIMIENTO DE LOS PROCESOS DE FORMACION TECNICA LABORAL COMO ESTRATEGIA DE AUMENTO DE LA CAPACIDAD PRODUCTIVA DE LOS HABITANTES DEL MUNICIPIO DE YUMBO", LIDERADO POR EL IMETY | E10: 150 | F10: PRESTACIÓN DE SERVICIOS PROFESIONALES DE APOYO A LA GESTIÓN ADMINISTRATIVA DEL IMETY, PROPIAS DE LA EJECUCIÓN DEL PROYECTO "FORTALECIMIENTO DE LOS PROCESOS DE FORMACION TECNICA LABORAL COMO ESTRATEGIA DE AUMENTO DE LA CAPACIDAD PRODUCTIVA DE LOS HABITANTES DEL MUNICIPIO DE YUMBO", LIDERADO POR EL IMETY | G10: 46044 | H10: 46188 | I10: 19635000 | J10: 46043
A11: 10 | B11: CONTRATACION DIRECTA | C11: 1001501-010-2026 | D11: PRESTAR SERVICIOS PROFESIONALES DE APOYO A LA GESTIÓN INSTITUCIONAL, ORIENTADOS AL MEJORAMIENTO, SEGUIMIENTO Y EVALUACION DE LA GESTION INSTITUCIONAL EN EL MARCO DE LA IMPLEMENTACION DEL PROYECTO DE INVERSION "FORTALECIMIENTO DE LOS PROCESOS DE FORMACIÓN TÉCNICA LABORAL COMO ESTRATEGIA DE AUMENTO DE LA CAPACIDAD PRODUCTIVA DE LA COMUNIDAD DEL MUNICIPIO DE YUMBO", CONTRIBUYENDO AL FORTALECIMIENTO DE LOS PROCESOS DE FORMACIÓN TÉCNICA LABORAL DE LA ENTIDAD. | E11: 150 | F11: PRESTAR SERVICIOS PROFESIONALES DE APOYO A LA GESTIÓN INSTITUCIONAL, ORIENTADOS AL MEJORAMIENTO, SEGUIMIENTO Y EVALUACION DE LA GESTION INSTITUCIONAL EN EL MARCO DE LA IMPLEMENTACION DEL PROYECTO DE INVERSION "FORTALECIMIENTO DE LOS PROCESOS DE FORMACIÓN TÉCNICA LABORAL COMO ESTRATEGIA DE AUMENTO DE LA CAPACIDAD PRODUCTIVA DE LA COMUNIDAD DEL MUNICIPIO DE YUMBO", CONTRIBUYENDO AL FORTALECIMIENTO DE LOS PROCESOS DE FORMACIÓN TÉCNICA LABORAL DE LA ENTIDAD. | G11: 46044 | H11: 46188 | I11: 19635000 | J11: 46043
A12: 11 | B12: CONTRATACION DIRECTA | C12: 1001501-011-2026 | D12: PRESTACIÓN DE SERVICIOS PROFESIONALES DE APOYO EN LA PLANIFICACIÓN, EJECUCIÓN Y SEGUIMIENTO DE LOS PROCESOS MISIONALES DE LA AGENCIA PÚBLICA DE GESTIÓN Y COLOCACIÓN DE EMPLEO DEL MUNICIPIO DE YUMBO, LIDERADA POR EL IMETY, CON EL PROPÓSITO DE FORTALECER LA ORIENTACIÓN OCUPACIONAL, LA INTERMEDIACIÓN LABORAL Y LA VINCULACIÓN EFECTIVA DE LOS USUARIOS AL MERCADO LABORAL | E12: 150 | F12: PRESTACIÓN DE SERVICIOS PROFESIONALES DE APOYO EN LA PLANIFICACIÓN, EJECUCIÓN Y SEGUIMIENTO DE LOS PROCESOS MISIONALES DE LA AGENCIA PÚBLICA DE GESTIÓN Y COLOCACIÓN DE EMPLEO DEL MUNICIPIO DE YUMBO, LIDERADA POR EL IMETY, CON EL PROPÓSITO DE FORTALECER LA ORIENTACIÓN OCUPACIONAL, LA INTERMEDIACIÓN LABORAL Y LA VINCULACIÓN EFECTIVA DE LOS USUARIOS AL MERCADO LABORAL | G12: 46044 | H12: 46188 | I12: 19635000 | J12: 46043
A13: 12 | B13: CONTRATACION DIRECTA | C13: 1001501-012-2026 | D13: PRESTACIÓN DE SERVICIOS PROFESIONALES EN TRABAJO SOCIAL PARA LA AGENCIA PÚBLICA DE GESTIÓN Y COLOCACIÓN DE EMPLEO DEL MUNICIPIO DE YUMBO, LIDERADA POR EL IMETY, CON EL FIN DE APOYAR PROCESOS DE ORIENTACIÓN SOCIOLABORAL, INTERVENCIÓN PSICOSOCIAL, Y FORTALECIMIENTO DE LAS COMPETENCIAS PERSONALES Y SOCIALES DE LOS USUARIOS, CONTRIBUYENDO AL MEJORAMIENTO DE SU EMPLEABILIDAD Y BIENESTAR INTEGRAL | E13: 150 | F13: PRESTACIÓN DE SERVICIOS PROFESIONALES EN TRABAJO SOCIAL PARA LA AGENCIA PÚBLICA DE GESTIÓN Y COLOCACIÓN DE EMPLEO DEL MUNICIPIO DE YUMBO, LIDERADA POR EL IMETY, CON EL FIN DE APOYAR PROCESOS DE ORIENTACIÓN SOCIOLABORAL, INTERVENCIÓN PSICOSOCIAL, Y FORTALECIMIENTO DE LAS COMPETENCIAS PERSONALES Y SOCIALES DE LOS USUARIOS, CONTRIBUYENDO AL MEJORAMIENTO DE SU EMPLEABILIDAD Y BIENESTAR INTEGRAL | G13: 46044 | H13: 46188 | I13: 19635000 | J13: 46043
... A50: 49 | B50: CONTRATACION DIRECTA | C50: 1001501-049-2026 | D50: PRESTAR SERVICIOS DE PROFESIONAL ESPECIALIZADO EN EL INSTITUTO MUNICIPAL DE EDUCACIÓN PARA EL TRABAJO Y EL DESARROLLO HUMANO DE YUMBO IMETY EN LA IMPLEMENTACIÓN Y MANTENIMIENTO DEL SISTEMA DE GESTIÓN DE LA CALIDAD DE ACUERDO A LAS NORMAS TÉCNICAS APLICABLES SEGÚN LA MISIONALIDAD DE LA ENTIDAD Y LOS DISTINTOS PROCESOS DISPUESTOS A CERTIFICAR | E50: 140 | F50: PRESTAR SERVICIOS DE PROFESIONAL ESPECIALIZADO EN EL INSTITUTO MUNICIPAL DE EDUCACIÓN PARA EL TRABAJO Y EL DESARROLLO HUMANO DE YUMBO IMETY EN LA IMPLEMENTACIÓN Y MANTENIMIENTO DEL SISTEMA DE GESTIÓN DE LA CALIDAD DE ACUERDO A LAS NORMAS TÉCNICAS APLICABLES SEGÚN LA MISIONALIDAD DE LA ENTIDAD Y LOS DISTINTOS PROCESOS DISPUESTOS A CERTIFICAR | G50: 46055 | H50: 46188 | I50: 26015000 | J50: 46046
A51: 50 | B51: CONTRATACION DIRECTA | C51: 1001501-051-2026 | D51: PRESTACIÓN DE SERVICIOS PERSONALES DE APOYO A LA GESTION COMO FACILITADOR EN EL IMETY, ENCARGADO DE ORIENTAR EL DISEÑO, PREPARACIÓN, EJECUCIÓN Y EVALUACIÓN DE ACTIVIDADES FORMATIVAS, CONFORME A LOS PLANES Y PROGRAMAS ESTABLECIDOS POR LA ENTIDAD Y EN CUMPLIMIENTO DE LOS LINEAMIENTOS PEDAGÓGICOS, ADMINISTRATIVOS Y NORMATIVOS VIGENTES | E51: 150 | F51: PRESTACIÓN DE SERVICIOS PERSONALES DE APOYO A LA GESTION COMO FACILITADOR EN EL IMETY, ENCARGADO DE ORIENTAR EL DISEÑO, PREPARACIÓN, EJECUCIÓN Y EVALUACIÓN DE ACTIVIDADES FORMATIVAS, CONFORME A LOS PLANES Y PROGRAMAS ESTABLECIDOS POR LA ENTIDAD Y EN CUMPLIMIENTO DE LOS LINEAMIENTOS PEDAGÓGICOS, ADMINISTRATIVOS Y NORMATIVOS VIGENTES | H51: 46203 | I51: 10500000 | J51: 46047
A52: 51 | B52: CONTRATACION DIRECTA | C52: 1001501-052-2026 | D52: PRESTACIÓN DE SERVICIOS PERSONALES DE APOYO A LA GESTION COMO FACILITADOR EN EL IMETY, ENCARGADO DE ORIENTAR EL DISEÑO, PREPARACIÓN, EJECUCIÓN Y EVALUACIÓN DE ACTIVIDADES FORMATIVAS, CONFORME A LOS PLANES Y PROGRAMAS ESTABLECIDOS POR LA ENTIDAD Y EN CUMPLIMIENTO DE LOS LINEAMIENTOS PEDAGÓGICOS, ADMINISTRATIVOS Y NORMATIVOS VIGENTES | E52: 150 | F52: PRESTACIÓN DE SERVICIOS PERSONALES DE APOYO A LA GESTION COMO FACILITADOR EN EL IMETY, ENCARGADO DE ORIENTAR EL DISEÑO, PREPARACIÓN, EJECUCIÓN Y EVALUACIÓN DE ACTIVIDADES FORMATIVAS, CONFORME A LOS PLANES Y PROGRAMAS ESTABLECIDOS POR LA ENTIDAD Y EN CUMPLIMIENTO DE LOS LINEAMIENTOS PEDAGÓGICOS, ADMINISTRATIVOS Y NORMATIVOS VIGENTES | H52: 46198 | I52: 10500000 | J52: 46047
A53: 52 | B53: CONTRATACION DIRECTA | C53: 1001501-053-2026 | D53: PRESTACIÓN DE SERVICIOS PERSONALES DE APOYO A LA GESTION COMO FACILITADOR EN EL IMETY, ENCARGADO DE ORIENTAR EL DISEÑO, PREPARACIÓN, EJECUCIÓN Y EVALUACIÓN DE ACTIVIDADES FORMATIVAS, CONFORME A LOS PLANES Y PROGRAMAS ESTABLECIDOS POR LA ENTIDAD Y EN CUMPLIMIENTO DE LOS LINEAMIENTOS PEDAGÓGICOS, ADMINISTRATIVOS Y NORMATIVOS VIGENTES | E53: 150 | F53: PRESTACIÓN DE SERVICIOS PERSONALES DE APOYO A LA GESTION COMO FACILITADOR EN EL IMETY, ENCARGADO DE ORIENTAR EL DISEÑO, PREPARACIÓN, EJECUCIÓN Y EVALUACIÓN DE ACTIVIDADES FORMATIVAS, CONFORME A LOS PLANES Y PROGRAMAS ESTABLECIDOS POR LA ENTIDAD Y EN CUMPLIMIENTO DE LOS LINEAMIENTOS PEDAGÓGICOS, ADMINISTRATIVOS Y NORMATIVOS VIGENTES | H53: 46203 | I53: 10500000 | J53: 46047
A54: 53 | B54: CONTRATACION DIRECTA | C54: 1001501-054-2026 | D54: PRESTACIÓN DE SERVICIOS PERSONALES DE APOYO A LA GESTION COMO FACILITADOR EN EL IMETY, ENCARGADO DE ORIENTAR EL DISEÑO, PREPARACIÓN, EJECUCIÓN Y EVALUACIÓN DE ACTIVIDADES FORMATIVAS, CONFORME A LOS PLANES Y PROGRAMAS ESTABLECIDOS POR LA ENTIDAD Y EN CUMPLIMIENTO DE LOS LINEAMIENTOS PEDAGÓGICOS, ADMINISTRATIVOS Y NORMATIVOS VIGENTES | E54: 150 | F54: PRESTACIÓN DE SERVICIOS PERSONALES DE APOYO A LA GESTION COMO FACILITADOR EN EL IMETY, ENCARGADO DE ORIENTAR EL DISEÑO, PREPARACIÓN, EJECUCIÓN Y EVALUACIÓN DE ACTIVIDADES FORMATIVAS, CONFORME A LOS PLANES Y PROGRAMAS ESTABLECIDOS POR LA ENTIDAD Y EN CUMPLIMIENTO DE LOS LINEAMIENTOS PEDAGÓGICOS, ADMINISTRATIVOS Y NORMATIVOS VIGENTES | H54: 46203 | I54: 10500000 | J54: 46047
A55: 54 | B55: CONTRATACION DIRECTA | C55: 1001501-055-2026 | D55: PRESTACIÓN DE SERVICIOS PERSONALES DE APOYO A LA GESTION COMO FACILITADOR EN EL IMETY, ENCARGADO DE ORIENTAR EL DISEÑO, PREPARACIÓN, EJECUCIÓN Y EVALUACIÓN DE ACTIVIDADES FORMATIVAS, CONFORME A LOS PLANES Y PROGRAMAS ESTABLECIDOS POR LA ENTIDAD Y EN CUMPLIMIENTO DE LOS LINEAMIENTOS PEDAGÓGICOS, ADMINISTRATIVOS Y NORMATIVOS VIGENTES | E55: 150 | F55: PRESTACIÓN DE SERVICIOS PERSONALES DE APOYO A LA GESTION COMO FACILITADOR EN EL IMETY, ENCARGADO DE ORIENTAR EL DISEÑO, PREPARACIÓN, EJECUCIÓN Y EVALUACIÓN DE ACTIVIDADES FORMATIVAS, CONFORME A LOS PLANES Y PROGRAMAS ESTABLECIDOS POR LA ENTIDAD Y EN CUMPLIMIENTO DE LOS LINEAMIENTOS PEDAGÓGICOS, ADMINISTRATIVOS Y NORMATIVOS VIGENTES | H55: 46203 | I55: 10500000 | J55: 46047
A56: 55 | B56: CONTRATACION DIRECTA | C56: 1001501-056-2026 | D56: PRESTACIÓN DE SERVICIOS PERSONALES DE APOYO A LA GESTION COMO FACILITADOR EN EL IMETY, ENCARGADO DE ORIENTAR EL DISEÑO, PREPARACIÓN, EJECUCIÓN Y EVALUACIÓN DE ACTIVIDADES FORMATIVAS, CONFORME A LOS PLANES Y PROGRAMAS ESTABLECIDOS POR LA ENTIDAD Y EN CUMPLIMIENTO DE LOS LINEAMIENTOS PEDAGÓGICOS, ADMINISTRATIVOS Y NORMATIVOS VIGENTES | E56: 150 | F56: PRESTACIÓN DE SERVICIOS PERSONALES DE APOYO A LA GESTION COMO FACILITADOR EN EL IMETY, ENCARGADO DE ORIENTAR EL DISEÑO, PREPARACIÓN, EJECUCIÓN Y EVALUACIÓN DE ACTIVIDADES FORMATIVAS, CONFORME A LOS PLANES Y PROGRAMAS ESTABLECIDOS POR LA ENTIDAD Y EN CUMPLIMIENTO DE LOS LINEAMIENTOS PEDAGÓGICOS, ADMINISTRATIVOS Y NORMATIVOS VIGENTES | H56: 46203 | I56: 9000000 | J56: 46047
A57: 56 | B57: CONTRATACION DIRECTA | C57: 1001501-057-2026 | D57: PRESTACIÓN DE SERVICIOS PERSONALES DE APOYO A LA GESTION COMO INSTRUCTOR EN EL IMETY, ENCARGADO DE ORIENTAR EL DISEÑO, PREPARACIÓN, EJECUCIÓN Y EVALUACIÓN DE ACTIVIDADES FORMATIVAS, CONFORME A LOS PLANES Y PROGRAMAS ESTABLECIDOS POR LA ENTIDAD Y EN CUMPLIMIENTO DE LOS LINEAMIENTOS PEDAGÓGICOS, ADMINISTRATIVOS Y NORMATIVOS VIGENTES | E57: 150 | F57: PRESTACIÓN DE SERVICIOS PERSONALES DE APOYO A LA GESTION COMO INSTRUCTOR EN EL IMETY, ENCARGADO DE ORIENTAR EL DISEÑO, PREPARACIÓN, EJECUCIÓN Y EVALUACIÓN DE ACTIVIDADES FORMATIVAS, CONFORME A LOS PLANES Y PROGRAMAS ESTABLECIDOS POR LA ENTIDAD Y EN CUMPLIMIENTO DE LOS LINEAMIENTOS PEDAGÓGICOS, ADMINISTRATIVOS Y NORMATIVOS VIGENTES | H57: 46203 | I57: 10500000 | J57: 46047
A58: 57 | B58: CONTRATACION DIRECTA | C58: 1001501-058-2026 | D58: PRESTACIÓN DE SERVICIOS PERSONALES DE APOYO A LA GESTION COMO INSTRUCTOR EN EL IMETY, ENCARGADO DE ORIENTAR EL DISEÑO, PREPARACIÓN, EJECUCIÓN Y EVALUACIÓN DE ACTIVIDADES FORMATIVAS, CONFORME A LOS PLANES Y PROGRAMAS ESTABLECIDOS POR LA ENTIDAD Y EN CUMPLIMIENTO DE LOS LINEAMIENTOS PEDAGÓGICOS, ADMINISTRATIVOS Y NORMATIVOS VIGENTES | E58: 150 | F58: PRESTACIÓN DE SERVICIOS PERSONALES DE APOYO A LA GESTION COMO INSTRUCTOR EN EL IMETY, ENCARGADO DE ORIENTAR EL DISEÑO, PREPARACIÓN, EJECUCIÓN Y EVALUACIÓN DE ACTIVIDADES FORMATIVAS, CONFORME A LOS PLANES Y PROGRAMAS ESTABLECIDOS POR LA ENTIDAD Y EN CUMPLIMIENTO DE LOS LINEAMIENTOS PEDAGÓGICOS, ADMINISTRATIVOS Y NORMATIVOS VIGENTES | H58: 46203 | I58: 10500000 | J58: 46047
A59: 58 | B59: CONTRATACION DIRECTA | C59: 1001501-059-2026 | D59: PRESTACIÓN DE SERVICIOS PERSONALES DE APOYO A LA GESTION COMO INSTRUCTOR EN EL IMETY, ENCARGADO DE ORIENTAR EL DISEÑO, PREPARACIÓN, EJECUCIÓN Y EVALUACIÓN DE ACTIVIDADES FORMATIVAS, CONFORME A LOS PLANES Y PROGRAMAS ESTABLECIDOS POR LA ENTIDAD Y EN CUMPLIMIENTO DE LOS LINEAMIENTOS PEDAGÓGICOS, ADMINISTRATIVOS Y NORMATIVOS VIGENTES | E59: 150 | F59: PRESTACIÓN DE SERVICIOS PERSONALES DE APOYO A LA GESTION COMO INSTRUCTOR EN EL IMETY, ENCARGADO DE ORIENTAR EL DISEÑO, PREPARACIÓN, EJECUCIÓN Y EVALUACIÓN DE ACTIVIDADES FORMATIVAS, CONFORME A LOS PLANES Y PROGRAMAS ESTABLECIDOS POR LA ENTIDAD Y EN CUMPLIMIENTO DE LOS LINEAMIENTOS PEDAGÓGICOS, ADMINISTRATIVOS Y NORMATIVOS VIGENTES | H59: 46203 | I59: 10500000 | J59: 46047
A60: 59 | B60: CONTRATACION DIRECTA | C60: 1001501-060-2026 | D60: PRESTACIÓN DE SERVICIOS PERSONALES DE APOYO A LA GESTION COMO INSTRUCTOR EN EL IMETY, ENCARGADO DE ORIENTAR EL DISEÑO, PREPARACIÓN, EJECUCIÓN Y EVALUACIÓN DE ACTIVIDADES FORMATIVAS, CONFORME A LOS PLANES Y PROGRAMAS ESTABLECIDOS POR LA ENTIDAD Y EN CUMPLIMIENTO DE LOS LINEAMIENTOS PEDAGÓGICOS, ADMINISTRATIVOS Y NORMATIVOS VIGENTES | E60: 150 | F60: PRESTACIÓN DE SERVICIOS PERSONALES DE APOYO A LA GESTION COMO INSTRUCTOR EN EL IMETY, ENCARGADO DE ORIENTAR EL DISEÑO, PREPARACIÓN, EJECUCIÓN Y EVALUACIÓN DE ACTIVIDADES FORMATIVAS, CONFORME A LOS PLANES Y PROGRAMAS ESTABLECIDOS POR LA ENTIDAD Y EN CUMPLIMIENTO DE LOS LINEAMIENTOS PEDAGÓGICOS, ADMINISTRATIVOS Y NORMATIVOS VIGENTES | H60: 46203 | I60: 10500000 | J60: 46047
A61: 60 | B61: CONTRATACION DIRECTA | C61: 1001501-061-2026 | D61: PRESTACIÓN DE SERVICIOS PERSONALES DE APOYO A LA GESTION COMO INSTRUCTOR EN EL IMETY, ENCARGADO DE ORIENTAR EL DISEÑO, PREPARACIÓN, EJECUCIÓN Y EVALUACIÓN DE ACTIVIDADES FORMATIVAS, CONFORME A LOS PLANES Y PROGRAMAS ESTABLECIDOS POR LA ENTIDAD Y EN CUMPLIMIENTO DE LOS LINEAMIENTOS PEDAGÓGICOS, ADMINISTRATIVOS Y NORMATIVOS VIGENTES | E61: 150 | F61: PRESTACIÓN DE SERVICIOS PERSONALES DE APOYO A LA GESTION COMO INSTRUCTOR EN EL IMETY, ENCARGADO DE ORIENTAR EL DISEÑO, PREPARACIÓN, EJECUCIÓN Y EVALUACIÓN DE ACTIVIDADES FORMATIVAS, CONFORME A LOS PLANES Y PROGRAMAS ESTABLECIDOS POR LA ENTIDAD Y EN CUMPLIMIENTO DE LOS LINEAMIENTOS PEDAGÓGICOS, ADMINISTRATIVOS Y NORMATIVOS VIGENTES | H61: 46203 | I61: 10500000 | J61: 46048
A62: 61 | B62: CONTRATACION DIRECTA | C62: 1001501-062-2026 | D62: PRESTACIÓN DE SERVICIOS PERSONALES DE APOYO A LA GESTION COMO INSTRUCTOR EN EL IMETY, ENCARGADO DE ORIENTAR EL DISEÑO, PREPARACIÓN, EJECUCIÓN Y EVALUACIÓN DE ACTIVIDADES FORMATIVAS, CONFORME A LOS PLANES Y PROGRAMAS ESTABLECIDOS POR LA ENTIDAD Y EN CUMPLIMIENTO DE LOS LINEAMIENTOS PEDAGÓGICOS, ADMINISTRATIVOS Y NORMATIVOS VIGENTES | E62: 150 | F62: PRESTACIÓN DE SERVICIOS PERSONALES DE APOYO A LA GESTION COMO INSTRUCTOR EN EL IMETY, ENCARGADO DE ORIENTAR EL DISEÑO, PREPARACIÓN, EJECUCIÓN Y EVALUACIÓN DE ACTIVIDADES FORMATIVAS, CONFORME A LOS PLANES Y PROGRAMAS ESTABLECIDOS POR LA ENTIDAD Y EN CUMPLIMIENTO DE LOS LINEAMIENTOS PEDAGÓGICOS, ADMINISTRATIVOS Y NORMATIVOS VIGENTES | H62: 46203 | I62: 10500000
A63: 62 | B63: CONTRATACION DIRECTA | C63: 1001501-063-2026 | D63: PRESTACIÓN DE SERVICIOS PERSONALES DE APOYO A LA GESTION COMO INSTRUCTOR EN EL IMETY, ENCARGADO DE ORIENTAR EL DISEÑO, PREPARACIÓN, EJECUCIÓN Y EVALUACIÓN DE ACTIVIDADES FORMATIVAS, CONFORME A LOS PLANES Y PROGRAMAS ESTABLECIDOS POR LA ENTIDAD Y EN CUMPLIMIENTO DE LOS LINEAMIENTOS PEDAGÓGICOS, ADMINISTRATIVOS Y NORMATIVOS VIGENTES | E63: 150 | F63: PRESTACIÓN DE SERVICIOS PERSONALES DE APOYO A LA GESTION COMO INSTRUCTOR EN EL IMETY, ENCARGADO DE ORIENTAR EL DISEÑO, PREPARACIÓN, EJECUCIÓN Y EVALUACIÓN DE ACTIVIDADES FORMATIVAS, CONFORME A LOS PLANES Y PROGRAMAS ESTABLECIDOS POR LA ENTIDAD Y EN CUMPLIMIENTO DE LOS LINEAMIENTOS PEDAGÓGICOS, ADMINISTRATIVOS Y NORMATIVOS VIGENTES | G63: 46054 | H63: 46203 | I63: 10500000 | J63: 46048
A64: 63 | B64: CONTRATACION DIRECTA | C64: 1001501-064-2026 | D64: PRESTACIÓN DE SERVICIOS PERSONALES DE APOYO A LA GESTION COMO INSTRUCTOR EN EL IMETY, ENCARGADO DE ORIENTAR EL DISEÑO, PREPARACIÓN, EJECUCIÓN Y EVALUACIÓN DE ACTIVIDADES FORMATIVAS, CONFORME A LOS PLANES Y PROGRAMAS ESTABLECIDOS POR LA ENTIDAD Y EN CUMPLIMIENTO DE LOS LINEAMIENTOS PEDAGÓGICOS, ADMINISTRATIVOS Y NORMATIVOS VIGENTES | E64: 150 | F64: PRESTACIÓN DE SERVICIOS PERSONALES DE APOYO A LA GESTION COMO INSTRUCTOR EN EL IMETY, ENCARGADO DE ORIENTAR EL DISEÑO, PREPARACIÓN, EJECUCIÓN Y EVALUACIÓN DE ACTIVIDADES FORMATIVAS, CONFORME A LOS PLANES Y PROGRAMAS ESTABLECIDOS POR LA ENTIDAD Y EN CUMPLIMIENTO DE LOS LINEAMIENTOS PEDAGÓGICOS, ADMINISTRATIVOS Y NORMATIVOS VIGENTES | G64: 46054 | H64: 46203 | I64: 10500000 | J64: 46048
A65: 64 | B65: CONTRATACION DIRECTA | C65: 1001501-065-2026 | D65: PRESTACIÓN DE SERVICIOS PERSONALES DE APOYO A LA GESTION COMO INSTRUCTOR EN EL IMETY, ENCARGADO DE ORIENTAR EL DISEÑO, PREPARACIÓN, EJECUCIÓN Y EVALUACIÓN DE ACTIVIDADES FORMATIVAS, CONFORME A LOS PLANES Y PROGRAMAS ESTABLECIDOS POR LA ENTIDAD Y EN CUMPLIMIENTO DE LOS LINEAMIENTOS PEDAGÓGICOS, ADMINISTRATIVOS Y NORMATIVOS VIGENTES | E65: 150 | F65: PRESTACIÓN DE SERVICIOS PERSONALES DE APOYO A LA GESTION COMO INSTRUCTOR EN EL IMETY, ENCARGADO DE ORIENTAR EL DISEÑO, PREPARACIÓN, EJECUCIÓN Y EVALUACIÓN DE ACTIVIDADES FORMATIVAS, CONFORME A LOS PLANES Y PROGRAMAS ESTABLECIDOS POR LA ENTIDAD Y EN CUMPLIMIENTO DE LOS LINEAMIENTOS PEDAGÓGICOS, ADMINISTRATIVOS Y NORMATIVOS VIGENTES | G65: 46054 | H65: 46203 | I65: 10500000 | J65: 46048
A66: 65 | B66: CONTRATACION DIRECTA | C66: 1001501-066-2026 | D66: PRESTACIÓN DE SERVICIOS PERSONALES DE APOYO A LA GESTION COMO INSTRUCTOR EN EL IMETY, ENCARGADO DE ORIENTAR EL DISEÑO, PREPARACIÓN, EJECUCIÓN Y EVALUACIÓN DE ACTIVIDADES FORMATIVAS, CONFORME A LOS PLANES Y PROGRAMAS ESTABLECIDOS POR LA ENTIDAD Y EN CUMPLIMIENTO DE LOS LINEAMIENTOS PEDAGÓGICOS, ADMINISTRATIVOS Y NORMATIVOS VIGENTES | E66: 150 | F66: PRESTACIÓN DE SERVICIOS PERSONALES DE APOYO A LA GESTION COMO INSTRUCTOR EN EL IMETY, ENCARGADO DE ORIENTAR EL DISEÑO, PREPARACIÓN, EJECUCIÓN Y EVALUACIÓN DE ACTIVIDADES FORMATIVAS, CONFORME A LOS PLANES Y PROGRAMAS ESTABLECIDOS POR LA ENTIDAD Y EN CUMPLIMIENTO DE LOS LINEAMIENTOS PEDAGÓGICOS, ADMINISTRATIVOS Y NORMATIVOS VIGENTES | G66: 46054 | H66: 46203 | I66: 10500000 | J66: 46048
A67: 66 | B67: CONTRATACION DIRECTA | C67: 1001501-067-2026 | D67: PRESTACIÓN DE SERVICIOS PERSONALES DE APOYO A LA GESTION COMO INSTRUCTOR EN EL IMETY, ENCARGADO DE ORIENTAR EL DISEÑO, PREPARACIÓN, EJECUCIÓN Y EVALUACIÓN DE ACTIVIDADES FORMATIVAS, CONFORME A LOS PLANES Y PROGRAMAS ESTABLECIDOS POR LA ENTIDAD Y EN CUMPLIMIENTO DE LOS LINEAMIENTOS PEDAGÓGICOS, ADMINISTRATIVOS Y NORMATIVOS VIGENTES | E67: 150 | F67: PRESTACIÓN DE SERVICIOS PERSONALES DE APOYO A LA GESTION COMO INSTRUCTOR EN EL IMETY, ENCARGADO DE ORIENTAR EL DISEÑO, PREPARACIÓN, EJECUCIÓN Y EVALUACIÓN DE ACTIVIDADES FORMATIVAS, CONFORME A LOS PLANES Y PROGRAMAS ESTABLECIDOS POR LA ENTIDAD Y EN CUMPLIMIENTO DE LOS LINEAMIENTOS PEDAGÓGICOS, ADMINISTRATIVOS Y NORMATIVOS VIGENTES | G67: 46054 | H67: 46203 | I67: 10500000 | J67: 46048
A68: 67 | B68: CONTRATACION DIRECTA | C68: 1001501-068-2026 | D68: PRESTACIÓN DE SERVICIOS PERSONALES DE APOYO A LA GESTION COMO INSTRUCTOR EN EL IMETY, ENCARGADO DE ORIENTAR EL DISEÑO, PREPARACIÓN, EJECUCIÓN Y EVALUACIÓN DE ACTIVIDADES FORMATIVAS, CONFORME A LOS PLANES Y PROGRAMAS ESTABLECIDOS POR LA ENTIDAD Y EN CUMPLIMIENTO DE LOS LINEAMIENTOS PEDAGÓGICOS, ADMINISTRATIVOS Y NORMATIVOS VIGENTES | E68: 150 | F68: PRESTACIÓN DE SERVICIOS PERSONALES DE APOYO A LA GESTION COMO INSTRUCTOR EN EL IMETY, ENCARGADO DE ORIENTAR EL DISEÑO, PREPARACIÓN, EJECUCIÓN Y EVALUACIÓN DE ACTIVIDADES FORMATIVAS, CONFORME A LOS PLANES Y PROGRAMAS ESTABLECIDOS POR LA ENTIDAD Y EN CUMPLIMIENTO DE LOS LINEAMIENTOS PEDAGÓGICOS, ADMINISTRATIVOS Y NORMATIVOS VIGENTES | G68: 46054 | H68: 46203 | I68: 10500000 | J68: 46048
A69: 68 | B69: CONTRATACION DIRECTA | C69: 1001501-069-2026 | D69: PRESTACIÓN DE SERVICIOS PERSONALES DE APOYO A LA GESTION COMO INSTRUCTOR EN EL IMETY, ENCARGADO DE ORIENTAR EL DISEÑO, PREPARACIÓN, EJECUCIÓN Y EVALUACIÓN DE ACTIVIDADES FORMATIVAS, CONFORME A LOS PLANES Y PROGRAMAS ESTABLECIDOS POR LA ENTIDAD Y EN CUMPLIMIENTO DE LOS LINEAMIENTOS PEDAGÓGICOS, ADMINISTRATIVOS Y NORMATIVOS VIGENTES | E69: 150 | F69: PRESTACIÓN DE SERVICIOS PERSONALES DE APOYO A LA GESTION COMO INSTRUCTOR EN EL IMETY, ENCARGADO DE ORIENTAR EL DISEÑO, PREPARACIÓN, EJECUCIÓN Y EVALUACIÓN DE ACTIVIDADES FORMATIVAS, CONFORME A LOS PLANES Y PROGRAMAS ESTABLECIDOS POR LA ENTIDAD Y EN CUMPLIMIENTO DE LOS LINEAMIENTOS PEDAGÓGICOS, ADMINISTRATIVOS Y NORMATIVOS VIGENTES | G69: 46054 | H69: 46203 | I69: 10500000 | J69: 46048
A70: 69 | B70: CONTRATACION DIRECTA | C70: 1001501-070-2026 | D70: PRESTACIÓN DE SERVICIOS PERSONALES DE APOYO A LA GESTION COMO INSTRUCTOR EN EL IMETY, ENCARGADO DE ORIENTAR EL DISEÑO, PREPARACIÓN, EJECUCIÓN Y EVALUACIÓN DE ACTIVIDADES FORMATIVAS, CONFORME A LOS PLANES Y PROGRAMAS ESTABLECIDOS POR LA ENTIDAD Y EN CUMPLIMIENTO DE LOS LINEAMIENTOS PEDAGÓGICOS, ADMINISTRATIVOS Y NORMATIVOS VIGENTES | E70: 150 | F70: PRESTACIÓN DE SERVICIOS PERSONALES DE APOYO A LA GESTION COMO INSTRUCTOR EN EL IMETY, ENCARGADO DE ORIENTAR EL DISEÑO, PREPARACIÓN, EJECUCIÓN Y EVALUACIÓN DE ACTIVIDADES FORMATIVAS, CONFORME A LOS PLANES Y PROGRAMAS ESTABLECIDOS POR LA ENTIDAD Y EN CUMPLIMIENTO DE LOS LINEAMIENTOS PEDAGÓGICOS, ADMINISTRATIVOS Y NORMATIVOS VIGENTES | G70: 46054 | H70: 46203 | I70: 10500000 | J70: 46048
A71: 70 | B71: CONTRATACION DIRECTA | C71: 1001501-071-2026 | D71: PRESTACIÓN DE SERVICIOS PERSONALES DE APOYO A LA GESTION COMO INSTRUCTOR EN EL IMETY, ENCARGADO DE ORIENTAR EL DISEÑO, PREPARACIÓN, EJECUCIÓN Y EVALUACIÓN DE ACTIVIDADES FORMATIVAS, CONFORME A LOS PLANES Y PROGRAMAS ESTABLECIDOS POR LA ENTIDAD Y EN CUMPLIMIENTO DE LOS LINEAMIENTOS PEDAGÓGICOS, ADMINISTRATIVOS Y NORMATIVOS VIGENTES | E71: 150 | F71: PRESTACIÓN DE SERVICIOS PERSONALES DE APOYO A LA GESTION COMO INSTRUCTOR EN EL IMETY, ENCARGADO DE ORIENTAR EL DISEÑO, PREPARACIÓN, EJECUCIÓN Y EVALUACIÓN DE ACTIVIDADES FORMATIVAS, CONFORME A LOS PLANES Y PROGRAMAS ESTABLECIDOS POR LA ENTIDAD Y EN CUMPLIMIENTO DE LOS LINEAMIENTOS PEDAGÓGICOS, ADMINISTRATIVOS Y NORMATIVOS VIGENTES | G71: 46054 | H71: 46203 | I71: 10500000 | J71: 46048
A72: 71 | B72: CONTRATACION DIRECTA | C72: 1001501-072-2026 | D72: PRESTACIÓN DE SERVICIOS PERSONALES DE APOYO A LA GESTION COMO INSTRUCTOR EN EL IMETY, ENCARGADO DE ORIENTAR EL DISEÑO, PREPARACIÓN, EJECUCIÓN Y EVALUACIÓN DE ACTIVIDADES FORMATIVAS, CONFORME A LOS PLANES Y PROGRAMAS ESTABLECIDOS POR LA ENTIDAD Y EN CUMPLIMIENTO DE LOS LINEAMIENTOS PEDAGÓGICOS, ADMINISTRATIVOS Y NORMATIVOS VIGENTES | E72: 150 | F72: PRESTACIÓN DE SERVICIOS PERSONALES DE APOYO A LA GESTION COMO INSTRUCTOR EN EL IMETY, ENCARGADO DE ORIENTAR EL DISEÑO, PREPARACIÓN, EJECUCIÓN Y EVALUACIÓN DE ACTIVIDADES FORMATIVAS, CONFORME A LOS PLANES Y PROGRAMAS ESTABLECIDOS POR LA ENTIDAD Y EN CUMPLIMIENTO DE LOS LINEAMIENTOS PEDAGÓGICOS, ADMINISTRATIVOS Y NORMATIVOS VIGENTES | G72: 46054 | H72: 46203 | I72: 10500000 | J72: 46048
A73: 72 | B73: CONTRATACION DIRECTA | C73: 1001501-073-2026 | D73: PRESTACIÓN DE SERVICIOS PERSONALES DE APOYO A LA GESTION COMO INSTRUCTOR EN EL IMETY, ENCARGADO DE ORIENTAR EL DISEÑO, PREPARACIÓN, EJECUCIÓN Y EVALUACIÓN DE ACTIVIDADES FORMATIVAS, CONFORME A LOS PLANES Y PROGRAMAS ESTABLECIDOS POR LA ENTIDAD Y EN CUMPLIMIENTO DE LOS LINEAMIENTOS PEDAGÓGICOS, ADMINISTRATIVOS Y NORMATIVOS VIGENTES | E73: 150 | F73: PRESTACIÓN DE SERVICIOS PERSONALES DE APOYO A LA GESTION COMO INSTRUCTOR EN EL IMETY, ENCARGADO DE ORIENTAR EL DISEÑO, PREPARACIÓN, EJECUCIÓN Y EVALUACIÓN DE ACTIVIDADES FORMATIVAS, CONFORME A LOS PLANES Y PROGRAMAS ESTABLECIDOS POR LA ENTIDAD Y EN CUMPLIMIENTO DE LOS LINEAMIENTOS PEDAGÓGICOS, ADMINISTRATIVOS Y NORMATIVOS VIGENTES | G73: 46054 | H73: 46203 | I73: 10500000 | J73: 46048
A74: 73 | B74: CONTRATACION DIRECTA | C74: 1001501-074-2026 | D74: PRESTACIÓN DE SERVICIOS PERSONALES DE APOYO A LA GESTION COMO INSTRUCTOR EN EL IMETY, ENCARGADO DE ORIENTAR EL DISEÑO, PREPARACIÓN, EJECUCIÓN Y EVALUACIÓN DE ACTIVIDADES FORMATIVAS, CONFORME A LOS PLANES Y PROGRAMAS ESTABLECIDOS POR LA ENTIDAD Y EN CUMPLIMIENTO DE LOS LINEAMIENTOS PEDAGÓGICOS, ADMINISTRATIVOS Y NORMATIVOS VIGENTES | E74: 150 | F74: PRESTACIÓN DE SERVICIOS PERSONALES DE APOYO A LA GESTION COMO INSTRUCTOR EN EL IMETY, ENCARGADO DE ORIENTAR EL DISEÑO, PREPARACIÓN, EJECUCIÓN Y EVALUACIÓN DE ACTIVIDADES FORMATIVAS, CONFORME A LOS PLANES Y PROGRAMAS ESTABLECIDOS POR LA ENTIDAD Y EN CUMPLIMIENTO DE LOS LINEAMIENTOS PEDAGÓGICOS, ADMINISTRATIVOS Y NORMATIVOS VIGENTES | G74: 46054 | H74: 46203 | I74: 10500000 | J74: 46048
A75: 74 | B75: CONTRATACION DIRECTA | C75: 1001501-075-2026 | D75: PRESTACIÓN DE SERVICIOS PERSONALES DE APOYO A LA GESTION COMO INSTRUCTOR EN EL IMETY, ENCARGADO DE ORIENTAR EL DISEÑO, PREPARACIÓN, EJECUCIÓN Y EVALUACIÓN DE ACTIVIDADES FORMATIVAS, CONFORME A LOS PLANES Y PROGRAMAS ESTABLECIDOS POR LA ENTIDAD Y EN CUMPLIMIENTO DE LOS LINEAMIENTOS PEDAGÓGICOS, ADMINISTRATIVOS Y NORMATIVOS VIGENTES | E75: 150 | F75: PRESTACIÓN DE SERVICIOS PERSONALES DE APOYO A LA GESTION COMO INSTRUCTOR EN EL IMETY, ENCARGADO DE ORIENTAR EL DISEÑO, PREPARACIÓN, EJECUCIÓN Y EVALUACIÓN DE ACTIVIDADES FORMATIVAS, CONFORME A LOS PLANES Y PROGRAMAS ESTABLECIDOS POR LA ENTIDAD Y EN CUMPLIMIENTO DE LOS LINEAMIENTOS PEDAGÓGICOS, ADMINISTRATIVOS Y NORMATIVOS VIGENTES | G75: 46054 | H75: 46203 | I75: 10500000 | J75: 46048
A76: 75 | B76: CONTRATACION DIRECTA | C76: 1001501-076-2026 | D76: PRESTACIÓN DE SERVICIOS PERSONALES DE APOYO A LA GESTION COMO INSTRUCTOR EN EL IMETY, ENCARGADO DE ORIENTAR EL DISEÑO, PREPARACIÓN, EJECUCIÓN Y EVALUACIÓN DE ACTIVIDADES FORMATIVAS, CONFORME A LOS PLANES Y PROGRAMAS ESTABLECIDOS POR LA ENTIDAD Y EN CUMPLIMIENTO DE LOS LINEAMIENTOS PEDAGÓGICOS, ADMINISTRATIVOS Y NORMATIVOS VIGENTES | E76: 150 | F76: PRESTACIÓN DE SERVICIOS PERSONALES DE APOYO A LA GESTION COMO INSTRUCTOR EN EL IMETY, ENCARGADO DE ORIENTAR EL DISEÑO, PREPARACIÓN, EJECUCIÓN Y EVALUACIÓN DE ACTIVIDADES FORMATIVAS, CONFORME A LOS PLANES Y PROGRAMAS ESTABLECIDOS POR LA ENTIDAD Y EN CUMPLIMIENTO DE LOS LINEAMIENTOS PEDAGÓGICOS, ADMINISTRATIVOS Y NORMATIVOS VIGENTES | H76: 46203 | I76: 10500000 | J76: 46048
A77: 76 | B77: CONTRATACION DIRECTA | C77: 1001501-077-2026 | D77: PRESTACIÓN DE SERVICIOS PERSONALES DE APOYO A LA GESTION COMO INSTRUCTOR EN EL IMETY, ENCARGADO DE ORIENTAR EL DISEÑO, PREPARACIÓN, EJECUCIÓN Y EVALUACIÓN DE ACTIVIDADES FORMATIVAS, CONFORME A LOS PLANES Y PROGRAMAS ESTABLECIDOS POR LA ENTIDAD Y EN CUMPLIMIENTO DE LOS LINEAMIENTOS PEDAGÓGICOS, ADMINISTRATIVOS Y NORMATIVOS VIGENTES | E77: 150 | F77: PRESTACIÓN DE SERVICIOS PERSONALES DE APOYO A LA GESTION COMO INSTRUCTOR EN EL IMETY, ENCARGADO DE ORIENTAR EL DISEÑO, PREPARACIÓN, EJECUCIÓN Y EVALUACIÓN DE ACTIVIDADES FORMATIVAS, CONFORME A LOS PLANES Y PROGRAMAS ESTABLECIDOS POR LA ENTIDAD Y EN CUMPLIMIENTO DE LOS LINEAMIENTOS PEDAGÓGICOS, ADMINISTRATIVOS Y NORMATIVOS VIGENTES | G77: 46054 | H77: 46203 | I77: 10500000 | J77: 46048
A78: 77 | B78: CONTRATACION DIRECTA | C78: 1001501-078-2026 | D78: PRESTACIÓN DE SERVICIOS PERSONALES DE APOYO A LA GESTION COMO INSTRUCTOR EN EL IMETY, ENCARGADO DE ORIENTAR EL DISEÑO, PREPARACIÓN, EJECUCIÓN Y EVALUACIÓN DE ACTIVIDADES FORMATIVAS, CONFORME A LOS PLANES Y PROGRAMAS ESTABLECIDOS POR LA ENTIDAD Y EN CUMPLIMIENTO DE LOS LINEAMIENTOS PEDAGÓGICOS, ADMINISTRATIVOS Y NORMATIVOS VIGENTES | E78: 150 | F78: PRESTACIÓN DE SERVICIOS PERSONALES DE APOYO A LA GESTION COMO INSTRUCTOR EN EL IMETY, ENCARGADO DE ORIENTAR EL DISEÑO, PREPARACIÓN, EJECUCIÓN Y EVALUACIÓN DE ACTIVIDADES FORMATIVAS, CONFORME A LOS PLANES Y PROGRAMAS ESTABLECIDOS POR LA ENTIDAD Y EN CUMPLIMIENTO DE LOS LINEAMIENTOS PEDAGÓGICOS, ADMINISTRATIVOS Y NORMATIVOS VIGENTES | G78: 46054 | H78: 46203 | I78: 10500000 | J78: 46048
A79: 78 | B79: CONTRATACION DIRECTA | C79: 1001501-079-2026 | D79: PRESTACIÓN DE SERVICIOS PERSONALES DE APOYO A LA GESTION COMO INSTRUCTOR EN EL IMETY, ENCARGADO DE ORIENTAR EL DISEÑO, PREPARACIÓN, EJECUCIÓN Y EVALUACIÓN DE ACTIVIDADES FORMATIVAS, CONFORME A LOS PLANES Y PROGRAMAS ESTABLECIDOS POR LA ENTIDAD Y EN CUMPLIMIENTO DE LOS LINEAMIENTOS PEDAGÓGICOS, ADMINISTRATIVOS Y NORMATIVOS VIGENTES | E79: 150 | F79: PRESTACIÓN DE SERVICIOS PERSONALES DE APOYO A LA GESTION COMO INSTRUCTOR EN EL IMETY, ENCARGADO DE ORIENTAR EL DISEÑO, PREPARACIÓN, EJECUCIÓN Y EVALUACIÓN DE ACTIVIDADES FORMATIVAS, CONFORME A LOS PLANES Y PROGRAMAS ESTABLECIDOS POR LA ENTIDAD Y EN CUMPLIMIENTO DE LOS LINEAMIENTOS PEDAGÓGICOS, ADMINISTRATIVOS Y NORMATIVOS VIGENTES | G79: 46054 | H79: 46203 | I79: 10500000 | J79: 46048
A80: 79 | B80: CONTRATACION DIRECTA | C80: 1001501-080-2026 | D80: PRESTACIÓN DE SERVICIOS PERSONALES DE APOYO A LA GESTION COMO INSTRUCTOR EN EL IMETY, ENCARGADO DE ORIENTAR EL DISEÑO, PREPARACIÓN, EJECUCIÓN Y EVALUACIÓN DE ACTIVIDADES FORMATIVAS, CONFORME A LOS PLANES Y PROGRAMAS ESTABLECIDOS POR LA ENTIDAD Y EN CUMPLIMIENTO DE LOS LINEAMIENTOS PEDAGÓGICOS, ADMINISTRATIVOS Y NORMATIVOS VIGENTES | E80: 150 | F80: PRESTACIÓN DE SERVICIOS PERSONALES DE APOYO A LA GESTION COMO INSTRUCTOR EN EL IMETY, ENCARGADO DE ORIENTAR EL DISEÑO, PREPARACIÓN, EJECUCIÓN Y EVALUACIÓN DE ACTIVIDADES FORMATIVAS, CONFORME A LOS PLANES Y PROGRAMAS ESTABLECIDOS POR LA ENTIDAD Y EN CUMPLIMIENTO DE LOS LINEAMIENTOS PEDAGÓGICOS, ADMINISTRATIVOS Y NORMATIVOS VIGENTES | G80: 46054 | H80: 46203 | I80: 10500000 | J80: 46048
A81: 80 | B81: CONTRATACION DIRECTA | C81: 1001501-081-2026 | D81: PRESTACIÓN DE SERVICIOS PERSONALES DE APOYO A LA GESTION COMO INSTRUCTOR EN EL IMETY, ENCARGADO DE ORIENTAR EL DISEÑO, PREPARACIÓN, EJECUCIÓN Y EVALUACIÓN DE ACTIVIDADES FORMATIVAS, CONFORME A LOS PLANES Y PROGRAMAS ESTABLECIDOS POR LA ENTIDAD Y EN CUMPLIMIENTO DE LOS LINEAMIENTOS PEDAGÓGICOS, ADMINISTRATIVOS Y NORMATIVOS VIGENTES | E81: 150 | F81: PRESTACIÓN DE SERVICIOS PERSONALES DE APOYO A LA GESTION COMO INSTRUCTOR EN EL IMETY, ENCARGADO DE ORIENTAR EL DISEÑO, PREPARACIÓN, EJECUCIÓN Y EVALUACIÓN DE ACTIVIDADES FORMATIVAS, CONFORME A LOS PLANES Y PROGRAMAS ESTABLECIDOS POR LA ENTIDAD Y EN CUMPLIMIENTO DE LOS LINEAMIENTOS PEDAGÓGICOS, ADMINISTRATIVOS Y NORMATIVOS VIGENTES | H81: 46203 | I81: 10500000 | J81: 46048
A82: 81 | B82: CONTRATACION DIRECTA | C82: 1001501-082-2026 | D82: PRESTACIÓN DE SERVICIOS PERSONALES DE APOYO A LA GESTION COMO FACILITADOR EN EL IMETY, ENCARGADO DE ORIENTAR EL DISEÑO, PREPARACIÓN, EJECUCIÓN Y EVALUACIÓN DE ACTIVIDADES FORMATIVAS, CONFORME A LOS PLANES Y PROGRAMAS ESTABLECIDOS POR LA ENTIDAD Y EN CUMPLIMIENTO DE LOS LINEAMIENTOS PEDAGÓGICOS, ADMINISTRATIVOS Y NORMATIVOS VIGENTES | E82: 150 | F82: PRESTACIÓN DE SERVICIOS PERSONALES DE APOYO A LA GESTION COMO FACILITADOR EN EL IMETY, ENCARGADO DE ORIENTAR EL DISEÑO, PREPARACIÓN, EJECUCIÓN Y EVALUACIÓN DE ACTIVIDADES FORMATIVAS, CONFORME A LOS PLANES Y PROGRAMAS ESTABLECIDOS POR LA ENTIDAD Y EN CUMPLIMIENTO DE LOS LINEAMIENTOS PEDAGÓGICOS, ADMINISTRATIVOS Y NORMATIVOS VIGENTES | G82: 46054 | H82: 46203 | I82: 10500000 | J82: 46048
A83: 82 | B83: CONTRATACION DIRECTA | C83: 1001501-083-2026 | D83: PRESTACIÓN DE SERVICIOS PERSONALES DE APOYO A LA GESTION COMO INSTRUCTOR EN EL IMETY, ENCARGADO DE ORIENTAR EL DISEÑO, PREPARACIÓN, EJECUCIÓN Y EVALUACIÓN DE ACTIVIDADES FORMATIVAS, CONFORME A LOS PLANES Y PROGRAMAS ESTABLECIDOS POR LA ENTIDAD Y EN CUMPLIMIENTO DE LOS LINEAMIENTOS PEDAGÓGICOS, ADMINISTRATIVOS Y NORMATIVOS VIGENTES | E83: 150 | F83: PRESTACIÓN DE SERVICIOS PERSONALES DE APOYO A LA GESTION COMO INSTRUCTOR EN EL IMETY, ENCARGADO DE ORIENTAR EL DISEÑO, PREPARACIÓN, EJECUCIÓN Y EVALUACIÓN DE ACTIVIDADES FORMATIVAS, CONFORME A LOS PLANES Y PROGRAMAS ESTABLECIDOS POR LA ENTIDAD Y EN CUMPLIMIENTO DE LOS LINEAMIENTOS PEDAGÓGICOS, ADMINISTRATIVOS Y NORMATIVOS VIGENTES | G83: 46054 | H83: 46203 | I83: 10500000 | J83: 46048
A84: 83 | B84: CONTRATACION DIRECTA | C84: 1001501-084-2026 | D84: PRESTACIÓN DE SERVICIOS PERSONALES DE APOYO A LA GESTION COMO INSTRUCTOR EN EL IMETY, ENCARGADO DE ORIENTAR EL DISEÑO, PREPARACIÓN, EJECUCIÓN Y EVALUACIÓN DE ACTIVIDADES FORMATIVAS, CONFORME A LOS PLANES Y PROGRAMAS ESTABLECIDOS POR LA ENTIDAD Y EN CUMPLIMIENTO DE LOS LINEAMIENTOS PEDAGÓGICOS, ADMINISTRATIVOS Y NORMATIVOS VIGENTES | E84: 150 | F84: PRESTACIÓN DE SERVICIOS PERSONALES DE APOYO A LA GESTION COMO INSTRUCTOR EN EL IMETY, ENCARGADO DE ORIENTAR EL DISEÑO, PREPARACIÓN, EJECUCIÓN Y EVALUACIÓN DE ACTIVIDADES FORMATIVAS, CONFORME A LOS PLANES Y PROGRAMAS ESTABLECIDOS POR LA ENTIDAD Y EN CUMPLIMIENTO DE LOS LINEAMIENTOS PEDAGÓGICOS, ADMINISTRATIVOS Y NORMATIVOS VIGENTES | G84: 46054 | H84: 46203 | I84: 10500000 | J84: 46048
A85: 84 | B85: CONTRATACION DIRECTA | C85: 1001501-085-2026 | D85: PRESTACIÓN DE SERVICIOS PERSONALES DE APOYO A LA GESTION COMO INSTRUCTOR EN EL IMETY, ENCARGADO DE ORIENTAR EL DISEÑO, PREPARACIÓN, EJECUCIÓN Y EVALUACIÓN DE ACTIVIDADES FORMATIVAS, CONFORME A LOS PLANES Y PROGRAMAS ESTABLECIDOS POR LA ENTIDAD Y EN CUMPLIMIENTO DE LOS LINEAMIENTOS PEDAGÓGICOS, ADMINISTRATIVOS Y NORMATIVOS VIGENTES | E85: 150 | F85: PRESTACIÓN DE SERVICIOS PERSONALES DE APOYO A LA GESTION COMO INSTRUCTOR EN EL IMETY, ENCARGADO DE ORIENTAR EL DISEÑO, PREPARACIÓN, EJECUCIÓN Y EVALUACIÓN DE ACTIVIDADES FORMATIVAS, CONFORME A LOS PLANES Y PROGRAMAS ESTABLECIDOS POR LA ENTIDAD Y EN CUMPLIMIENTO DE LOS LINEAMIENTOS PEDAGÓGICOS, ADMINISTRATIVOS Y NORMATIVOS VIGENTES | G85: 46054 | H85: 46203 | I85: 10500000 | J85: 46048
A86: 85 | B86: CONTRATACION DIRECTA | C86: 1001501-086-2026 | D86: PRESTACIÓN DE SERVICIOS PERSONALES DE APOYO A LA GESTION COMO INSTRUCTOR EN EL IMETY, ENCARGADO DE ORIENTAR EL DISEÑO, PREPARACIÓN, EJECUCIÓN Y EVALUACIÓN DE ACTIVIDADES FORMATIVAS, CONFORME A LOS PLANES Y PROGRAMAS ESTABLECIDOS POR LA ENTIDAD Y EN CUMPLIMIENTO DE LOS LINEAMIENTOS PEDAGÓGICOS, ADMINISTRATIVOS Y NORMATIVOS VIGENTES | E86: 150 | F86: PRESTACIÓN DE SERVICIOS PERSONALES DE APOYO A LA GESTION COMO INSTRUCTOR EN EL IMETY, ENCARGADO DE ORIENTAR EL DISEÑO, PREPARACIÓN, EJECUCIÓN Y EVALUACIÓN DE ACTIVIDADES FORMATIVAS, CONFORME A LOS PLANES Y PROGRAMAS ESTABLECIDOS POR LA ENTIDAD Y EN CUMPLIMIENTO DE LOS LINEAMIENTOS PEDAGÓGICOS, ADMINISTRATIVOS Y NORMATIVOS VIGENTES | G86: 46054 | H86: 46203 | I86: 10500000 | J86: 46048
A87: 86 | B87: CONTRATACION DIRECTA | C87: 1001501-087-2026 | D87: Prestar servicios profesionales especializados al Instituto Municipal de Educación para el Trabajo y el Desarrollo Humano de Yumbo - IMETY, para apoyar y asesorar técnicamente los procesos de planeación estratégica, seguimiento y evaluación de la gestión institucional, en el marco del proyecto "Fortalecimiento de los procesos de formación técnica laboral como estrategia de aumento de la capacidad productiva de la comunidad del municipio de Yumbo" | E87: 139 | F87: Prestar servicios profesionales especializados al Instituto Municipal de Educación para el Trabajo y el Desarrollo Humano de Yumbo - IMETY, para apoyar y asesorar técnicamente los procesos de planeación estratégica, seguimiento y evaluación de la gestión institucional, en el marco del proyecto "Fortalecimiento de los procesos de formación técnica laboral como estrategia de aumento de la capacidad productiva de la comunidad del municipio de Yumbo" | G87: 46051 | H87: 46188 | I87: 22500000 | J87: 46049
A88: 87 | B88: CONTRATACION DIRECTA | C88: 1001501-088-2026 | D88: PRESTACIÓN DE SERVICIOS PERSONALES DE APOYO A LA GESTIÓN ADMINISTRATIVA DEL IMETY, DESEMPEÑANDOSE COMO TECNICO, PARA LA EJECUCIÓN DE ACTIVIDADES PROPIAS DEL PROYECTO "FORTALECIMIENTO DE LOS PROCESOS DE FORMACION TECNICA LABORAL COMO ESTRATEGIA DE AUMENTO DE LA CAPACIDAD PRODUCTIVA DE LOS HABITANTES DEL MUNICIPIO DE YUMBO", LIDERADO POR EL IMETY | E88: 139 | F88: PRESTACIÓN DE SERVICIOS PERSONALES DE APOYO A LA GESTIÓN ADMINISTRATIVA DEL IMETY, DESEMPEÑANDOSE COMO TECNICO, PARA LA EJECUCIÓN DE ACTIVIDADES PROPIAS DEL PROYECTO "FORTALECIMIENTO DE LOS PROCESOS DE FORMACION TECNICA LABORAL COMO ESTRATEGIA DE AUMENTO DE LA CAPACIDAD PRODUCTIVA DE LOS HABITANTES DEL MUNICIPIO DE YUMBO", LIDERADO POR EL IMETY | G88: 46055 | H88: 46188 | I88: 10500000 | J88: 46049
A89: 88 | B89: CONTRATACION DIRECTA | C89: 1001501-089-2026 | D89: PRESTACIÓN DE SERVICIOS PERSONALES DE APOYO A LA GESTION COMO FACILITADOR EN EL IMETY, ENCARGADO DE ORIENTAR EL DISEÑO, PREPARACIÓN, EJECUCIÓN Y EVALUACIÓN DE ACTIVIDADES FORMATIVAS, CONFORME A LOS PLANES Y PROGRAMAS ESTABLECIDOS POR LA ENTIDAD Y EN CUMPLIMIENTO DE LOS LINEAMIENTOS PEDAGÓGICOS, ADMINISTRATIVOS Y NORMATIVOS VIGENTES | E89: 150 | F89: PRESTACIÓN DE SERVICIOS PERSONALES DE APOYO A LA GESTION COMO FACILITADOR EN EL IMETY, ENCARGADO DE ORIENTAR EL DISEÑO, PREPARACIÓN, EJECUCIÓN Y EVALUACIÓN DE ACTIVIDADES FORMATIVAS, CONFORME A LOS PLANES Y PROGRAMAS ESTABLECIDOS POR LA ENTIDAD Y EN CUMPLIMIENTO DE LOS LINEAMIENTOS PEDAGÓGICOS, ADMINISTRATIVOS Y NORMATIVOS VIGENTES | G89: 46054 | H89: 46203 | I89: 10500000 | J89: 46050
A90: 89 | B90: CONTRATACION DIRECTA | C90: 1001501-090-2026 | D90: PRESTACIÓN DE SERVICIOS PERSONALES DE APOYO A LA GESTION COMO INSTRUCTOR EN EL IMETY, ENCARGADO DE ORIENTAR EL DISEÑO, PREPARACIÓN, EJECUCIÓN Y EVALUACIÓN DE ACTIVIDADES FORMATIVAS, CONFORME A LOS PLANES Y PROGRAMAS ESTABLECIDOS POR LA ENTIDAD Y EN CUMPLIMIENTO DE LOS LINEAMIENTOS PEDAGÓGICOS, ADMINISTRATIVOS Y NORMATIVOS VIGENTES | E90: 150 | F90: PRESTACIÓN DE SERVICIOS PERSONALES DE APOYO A LA GESTION COMO INSTRUCTOR EN EL IMETY, ENCARGADO DE ORIENTAR EL DISEÑO, PREPARACIÓN, EJECUCIÓN Y EVALUACIÓN DE ACTIVIDADES FORMATIVAS, CONFORME A LOS PLANES Y PROGRAMAS ESTABLECIDOS POR LA ENTIDAD Y EN CUMPLIMIENTO DE LOS LINEAMIENTOS PEDAGÓGICOS, ADMINISTRATIVOS Y NORMATIVOS VIGENTES | H90: 46203 | I90: 10500000 | J90: 46050
A91: 90 | B91: CONTRATACION DIRECTA | C91: 1001501-091-2026 | D91: PRESTACIÓN DE SERVICIOS PERSONALES DE APOYO A LA GESTIÓN ADMINISTRATIVA DEL IMETY, DESEMPEÑANDOSE COMO TECNICO, PARA LA EJECUCIÓN DE ACTIVIDADES PROPIAS DEL PROYECTO "FORTALECIMIENTO DE LOS PROCESOS DE FORMACION TECNICA LABORAL COMO ESTRATEGIA DE AUMENTO DE LA CAPACIDAD PRODUCTIVA DE LOS HABITANTES DEL MUNICIPIO DE YUMBO", LIDERADO POR EL IMETY | E91: 140 | F91: PRESTACIÓN DE SERVICIOS PERSONALES DE APOYO A LA GESTIÓN ADMINISTRATIVA DEL IMETY, DESEMPEÑANDOSE COMO TECNICO, PARA LA EJECUCIÓN DE ACTIVIDADES PROPIAS DEL PROYECTO "FORTALECIMIENTO DE LOS PROCESOS DE FORMACION TECNICA LABORAL COMO ESTRATEGIA DE AUMENTO DE LA CAPACIDAD PRODUCTIVA DE LOS HABITANTES DEL MUNICIPIO DE YUMBO", LIDERADO POR EL IMETY | G91: 46050 | H91: 46188 | I91: 10500000 | J91: 46050
A92: 91 | B92: CONTRATACION DIRECTA | C92: 1001501-092-2026 | D92: PRESTACIÓN DE SERVICIOS PERSONALES DE APOYO A LA GESTION COMO FACILITADOR EN EL IMETY, ENCARGADO DE ORIENTAR EL DISEÑO, PREPARACIÓN, EJECUCIÓN Y EVALUACIÓN DE ACTIVIDADES FORMATIVAS, CONFORME A LOS PLANES Y PROGRAMAS ESTABLECIDOS POR LA ENTIDAD Y EN CUMPLIMIENTO DE LOS LINEAMIENTOS PEDAGÓGICOS, ADMINISTRATIVOS Y NORMATIVOS VIGENTES | E92: 150 | F92: PRESTACIÓN DE SERVICIOS PERSONALES DE APOYO A LA GESTION COMO FACILITADOR EN EL IMETY, ENCARGADO DE ORIENTAR EL DISEÑO, PREPARACIÓN, EJECUCIÓN Y EVALUACIÓN DE ACTIVIDADES FORMATIVAS, CONFORME A LOS PLANES Y PROGRAMAS ESTABLECIDOS POR LA ENTIDAD Y EN CUMPLIMIENTO DE LOS LINEAMIENTOS PEDAGÓGICOS, ADMINISTRATIVOS Y NORMATIVOS VIGENTES | G92: 46054 | H92: 46203 | I92: 10500000 | J92: 46050
A93: 92 | B93: CONTRATACION DIRECTA | C93: 1001501-093-2026 | D93: PRESTACIÓN DE SERVICIOS PERSONALES DE APOYO A LA GESTION COMO INSTRUCTOR EN EL IMETY, ENCARGADO DE ORIENTAR EL DISEÑO, PREPARACIÓN, EJECUCIÓN Y EVALUACIÓN DE ACTIVIDADES FORMATIVAS, CONFORME A LOS PLANES Y PROGRAMAS ESTABLECIDOS POR LA ENTIDAD Y EN CUMPLIMIENTO DE LOS LINEAMIENTOS PEDAGÓGICOS, ADMINISTRATIVOS Y NORMATIVOS VIGENTES | E93: 150 | F93: PRESTACIÓN DE SERVICIOS PERSONALES DE APOYO A LA GESTION COMO INSTRUCTOR EN EL IMETY, ENCARGADO DE ORIENTAR EL DISEÑO, PREPARACIÓN, EJECUCIÓN Y EVALUACIÓN DE ACTIVIDADES FORMATIVAS, CONFORME A LOS PLANES Y PROGRAMAS ESTABLECIDOS POR LA ENTIDAD Y EN CUMPLIMIENTO DE LOS LINEAMIENTOS PEDAGÓGICOS, ADMINISTRATIVOS Y NORMATIVOS VIGENTES | G93: 46054 | H93: 46203 | I93: 10500000 | J93: 46050
A94: 93 | B94: CONTRATACION DIRECTA | C94: 1001501-094-2026 | D94: PRESTACIÓN DE SERVICIOS PERSONALES DE APOYO A LA GESTION COMO FACILITADOR EN EL IMETY, ENCARGADO DE ORIENTAR EL DISEÑO, PREPARACIÓN, EJECUCIÓN Y EVALUACIÓN DE ACTIVIDADES FORMATIVAS, CONFORME A LOS PLANES Y PROGRAMAS ESTABLECIDOS POR LA ENTIDAD Y EN CUMPLIMIENTO DE LOS LINEAMIENTOS PEDAGÓGICOS, ADMINISTRATIVOS Y NORMATIVOS VIGENTES | E94: 150 | F94: PRESTACIÓN DE SERVICIOS PERSONALES DE APOYO A LA GESTION COMO FACILITADOR EN EL IMETY, ENCARGADO DE ORIENTAR EL DISEÑO, PREPARACIÓN, EJECUCIÓN Y EVALUACIÓN DE ACTIVIDADES FORMATIVAS, CONFORME A LOS PLANES Y PROGRAMAS ESTABLECIDOS POR LA ENTIDAD Y EN CUMPLIMIENTO DE LOS LINEAMIENTOS PEDAGÓGICOS, ADMINISTRATIVOS Y NORMATIVOS VIGENTES | G94: 46054 | H94: 46203 | I94: 10500000 | J94: 46050
A95: 94 | B95: CONTRATACION DIRECTA | C95: 1001501-095-2026 | D95: PRESTACIÓN DE SERVICIOS PROFESIONALES DE APOYO A LA GESTIÓN ADMINISTRATIVA DEL IMETY, PROPIAS DE LA EJECUCIÓN DEL PROYECTO "FORTALECIMIENTO DE LOS PROCESOS DE FORMACION TECNICA LABORAL COMO ESTRATEGIA DE AUMENTO DE LA CAPACIDAD PRODUCTIVA DE LOS HABITANTES DEL MUNICIPIO DE YUMBO", LIDERADO POR EL IMETY | E95: 150 | F95: PRESTACIÓN DE SERVICIOS PROFESIONALES DE APOYO A LA GESTIÓN ADMINISTRATIVA DEL IMETY, PROPIAS DE LA EJECUCIÓN DEL PROYECTO "FORTALECIMIENTO DE LOS PROCESOS DE FORMACION TECNICA LABORAL COMO ESTRATEGIA DE AUMENTO DE LA CAPACIDAD PRODUCTIVA DE LOS HABITANTES DEL MUNICIPIO DE YUMBO", LIDERADO POR EL IMETY | G95: 46054 | H95: 46203 | I95: 19635000 | J95: 46051
A96: 95 | B96: CONTRATACION DIRECTA | C96: 1001501-096-2026 | D96: PRESTACIÓN DE SERVICIOS PERSONALES DE APOYO A LA GESTIÓN ADMINISTRATIVA DEL IMETY, PARA EL DESARROLLO ASISTENCIAL DE LAS ACTIVIDADES OPERATIVAS NECESARIAS EN LA EJECUCIÓN DEL PROYECTO FORTALECIMIENTO DE LOS PROCESOS DE FORMACION TECNICA LABORAL COMO ESTRATEGIA DE AUMENTO DE LA CAPACIDAD PRODUCTIVA, LIDERADO POR EL IMETY | E96: 150 | F96: PRESTACIÓN DE SERVICIOS PERSONALES DE APOYO A LA GESTIÓN ADMINISTRATIVA DEL IMETY, PARA EL DESARROLLO ASISTENCIAL DE LAS ACTIVIDADES OPERATIVAS NECESARIAS EN LA EJECUCIÓN DEL PROYECTO FORTALECIMIENTO DE LOS PROCESOS DE FORMACION TECNICA LABORAL COMO ESTRATEGIA DE AUMENTO DE LA CAPACIDAD PRODUCTIVA, LIDERADO POR EL IMETY | G96: 46054 | H96: 46203 | I96: 9000000 | J96: 46051
A97: 96 | B97: CONTRATACION DIRECTA | C97: 1001501-098-2026 | D97: PRESTACIÓN DE SERVICIOS PERSONALES DE APOYO A LA GESTION COMO INSTRUCTOR EN EL IMETY, ENCARGADO DE ORIENTAR EL DISEÑO, PREPARACIÓN, EJECUCIÓN Y EVALUACIÓN DE ACTIVIDADES FORMATIVAS, CONFORME A LOS PLANES Y PROGRAMAS ESTABLECIDOS POR LA ENTIDAD Y EN CUMPLIMIENTO DE LOS LINEAMIENTOS PEDAGÓGICOS, ADMINISTRATIVOS Y NORMATIVOS VIGENTES | E97: 150 | F97: PRESTACIÓN DE SERVICIOS PERSONALES DE APOYO A LA GESTION COMO INSTRUCTOR EN EL IMETY, ENCARGADO DE ORIENTAR EL DISEÑO, PREPARACIÓN, EJECUCIÓN Y EVALUACIÓN DE ACTIVIDADES FORMATIVAS, CONFORME A LOS PLANES Y PROGRAMAS ESTABLECIDOS POR LA ENTIDAD Y EN CUMPLIMIENTO DE LOS LINEAMIENTOS PEDAGÓGICOS, ADMINISTRATIVOS Y NORMATIVOS VIGENTES | G97: 46054 | H97: 46203 | I97: 10500000 | J97: 46051
A98: 97 | B98: CONTRATACION DIRECTA | C98: 1001501-099-2026 | D98: PRESTACIÓN DE SERVICIOS PROFESIONALES DE APOYO A LA GESTIÓN ADMINISTRATIVA DEL IMETY, PROPIAS DE LA EJECUCIÓN DEL PROYECTO "FORTALECIMIENTO DE LOS PROCESOS DE FORMACION TECNICA LABORAL COMO ESTRATEGIA DE AUMENTO DE LA CAPACIDAD PRODUCTIVA DE LOS HABITANTES DEL MUNICIPIO DE YUMBO", LIDERADO POR EL IMETY | E98: 150 | F98: PRESTACIÓN DE SERVICIOS PROFESIONALES DE APOYO A LA GESTIÓN ADMINISTRATIVA DEL IMETY, PROPIAS DE LA EJECUCIÓN DEL PROYECTO "FORTALECIMIENTO DE LOS PROCESOS DE FORMACION TECNICA LABORAL COMO ESTRATEGIA DE AUMENTO DE LA CAPACIDAD PRODUCTIVA DE LOS HABITANTES DEL MUNICIPIO DE YUMBO", LIDERADO POR EL IMETY | G98: 46054 | H98: 46203 | I98: 19635000 | J98: 46052
A99: 98 | B99: CONTRATACION DIRECTA | C99: 1001501-100-2026 | D99: PRESTACIÓN DE SERVICIOS PERSONALES DE APOYO A LA GESTION COMO INSTRUCTOR EN EL IMETY, ENCARGADO DE ORIENTAR EL DISEÑO, PREPARACIÓN, EJECUCIÓN Y EVALUACIÓN DE ACTIVIDADES FORMATIVAS, CONFORME A LOS PLANES Y PROGRAMAS ESTABLECIDOS POR LA ENTIDAD Y EN CUMPLIMIENTO DE LOS LINEAMIENTOS PEDAGÓGICOS, ADMINISTRATIVOS Y NORMATIVOS VIGENTES | E99: 150 | F99: PRESTACIÓN DE SERVICIOS PERSONALES DE APOYO A LA GESTION COMO INSTRUCTOR EN EL IMETY, ENCARGADO DE ORIENTAR EL DISEÑO, PREPARACIÓN, EJECUCIÓN Y EVALUACIÓN DE ACTIVIDADES FORMATIVAS, CONFORME A LOS PLANES Y PROGRAMAS ESTABLECIDOS POR LA ENTIDAD Y EN CUMPLIMIENTO DE LOS LINEAMIENTOS PEDAGÓGICOS, ADMINISTRATIVOS Y NORMATIVOS VIGENTES | G99: 46054 | H99: 46203 | I99: 900000 | J99: 46052
A100: 99 | B100: CONTRATACION DIRECTA | C100: 1001501-101-2026 | F100: PRESTACIÓN DE SERVICIOS PARA LA ACTUALIZACIÓN, SOPORTE TÉCNICO Y MANTENIMIENTO DEL SOFTWARE CONTABLE ASCII UTILIZADO POR EL IMETY COMO APOYO ADMINISTRATIVO DEL AREA FINANCIERA, CON EL FIN DE GARANTIZAR SU FUNCIONAMIENTO EFICIENTE, SEGURO Y ACORDE CON LAS NORMATIVAS CONTABLES Y TRIBUTARIAS VIGENTES. | G100: 46057 | H100: 46386 | I100: 8687000 | J100: 46052
A101: 100 | B101: CONTRATACION DIRECTA | C101: 100,15,01-103-2026 | D101: PRESTACIÓN DE SERVICIOS PERSONALES DE APOYO A LA GESTIÓN ADMINISTRATIVA DEL IMETY, DESEMPEÑANDOSE COMO TECNICO, PARA LA EJECUCIÓN DE ACTIVIDADES PROPIAS DEL PROYECTO "FORTALECIMIENTO DE LOS PROCESOS DE FORMACION TECNICA LABORAL COMO ESTRATEGIA DE AUMENTO DE LA CAPACIDAD PRODUCTIVA DE LOS HABITANTES DEL MUNICIPIO DE YUMBO", LIDERADO POR EL IMETY | E101: 150 | F101: PRESTACIÓN DE SERVICIOS PERSONALES DE APOYO A LA GESTIÓN ADMINISTRATIVA DEL IMETY, DESEMPEÑANDOSE COMO TECNICO, PARA LA EJECUCIÓN DE ACTIVIDADES PROPIAS DEL PROYECTO "FORTALECIMIENTO DE LOS PROCESOS DE FORMACION TECNICA LABORAL COMO ESTRATEGIA DE AUMENTO DE LA CAPACIDAD PRODUCTIVA DE LOS HABITANTES DEL MUNICIPIO DE YUMBO", LIDERADO POR EL IMETY | G101: 46056 | H101: 46203 | I101: 10500000 | J101: 46052
A102: 101 | B102: CONTRATACION DIRECTA | C102: 100,15,01-104-2026 | D102: PRESTACIÓN DE SERVICIOS PERSONALES DE APOYO A LA GESTIÓN ADMINISTRATIVA DEL IMETY, PARA EL DESARROLLO ASISTENCIAL DE LAS ACTIVIDADES OPERATIVAS NECESARIAS EN LA EJECUCIÓN DEL PROYECTO "FORMACIÓN PARA EL EMPRENDIMIENTO E INNOVACION QUE PERMITA UNA MEJOR CALIDAD DE VIDA DE LOS HABITANTES DEL MUNICIPIO DE YUMBO" LIDERADO POR EL IMETY | E102: 150 | F102: PRESTACIÓN DE SERVICIOS PERSONALES DE APOYO A LA GESTIÓN ADMINISTRATIVA DEL IMETY, PARA EL DESARROLLO ASISTENCIAL DE LAS ACTIVIDADES OPERATIVAS NECESARIAS EN LA EJECUCIÓN DEL PROYECTO "FORMACIÓN PARA EL EMPRENDIMIENTO E INNOVACION QUE PERMITA UNA MEJOR CALIDAD DE VIDA DE LOS HABITANTES DEL MUNICIPIO DE YUMBO" LIDERADO POR EL IMETY | G102: 46056 | H102: 46203 | I102: 9000000 | J102: 46052
A103: 102 | B103: MINIMA CUANTIA | C103: 100,15,01-106-2026 | F103: PRESTACIÓN DEL SERVICIO DE VIGILANCIA Y SEGURIDAD PRIVADA EN LAS SEDES DEL IMETY, A FIN DE PROTEGER LOS BIENES MUEBLES E INMUEBLES DE PROPIEDAD Y/O TENENCIA DEL INSTITUTO MUNICIPAL DE EDUCACIÓN PARA EL TRABAJO Y DESARROLLO HUMANO DE YUMBO - IMETY | G103: 46059 | H103: 46091 | I103: 72711000 | J103: 46059
A104: 103 | B104: LICITACION PUBLICA | C104: 100,15,01-107-2026 | F104: PRESTACIÓN DEL SERVICIO DE VIGILANCIA Y SEGURIDAD PRIVADA EN LAS SEDES DEL IMETY, A FIN DE PROTEGER LOS BIENES MUEBLES E INMUEBLES DE PROPIEDAD Y/O TENENCIA DEL INSTITUTO MUNICIPAL DE EDUCACIÓN PARA EL TRABAJO Y DESARROLLO HUMANO DE YUMBO - IMETY | G104: 46092 | H104: 46387 | I104: 1.1106501e+09 | J104: 46090
A105: 104 | B105: MINIMA CUANTIA | C105: 100,15,01-108-2026 | F105: SERVICIOS PARA LA RENOVACIÓN DE LA LICENCIA, ACTUALIZACIÓN Y SOPORTE TÉCNICO DEL SOFTWARE DE GESTIÓN ACADÉMICA, UTILIZADO POR EL INSTITUTO DE EDUCACIÓN PARA EL TRABAJO Y EL DESARROLLO HUMANO DE YUMBO IMETY, CON EL OBJETIVO DE GARANTIZAR SU FUNCIONAMIENTO EFICIENTE, SU ADECUACIÓN A LAS NECESIDADES INSTITUCIONALES Y EL CUMPLIMIENTO DE LAS NORMATIVAS EDUCATIVAS VIGENTES, EN EL MARCO DEL PROYECTO "FORTALECIMIENTO DE LOS PROCESOS DE FORMACION TECNICA LABORAL COMO ESTRATEGIA DE AUMENTO DE LA CAPACIDAD | G105: 46098 | H105: 46386 | I105: 11492700 | J105: 46091
A106: 105 | B106: MINIMA CUANTIA | C106: 100,15,01-109-2026 | F106: PRESTAR LOS SERVICIOS DE FUMIGACION, MONITOREO Y CONTRL DE PLAGAS EN LAS INSTALACIONES DEL INSTITUTO MUNICIPAL DE EDUCACION PARA EL TRABAJO Y DESARROLLO HUMANO DE YUMBO . IMETY. | G106: 46098 | H106: 46374 | I106: 48903050 | J106: 46094
A107: 106 | B107: MINIMA CUANTIA | C107: 100,15,01-110-2026 | F107: CONTRATAR UN INTERMEDIARIO DE SEGUROS PARA ASESORAR A LA ENTIDAD EN EL MANEJO DE LOS PROGRAMAS DE SEGUROS QUE AMPAREN BIENES MUEBLES, INMUEBLES, E INTERESES PATRIMONIALES DE PROPIEDAD DE LA ENTIDAD, ASÍ COMO AQUELLOS POR LOS QUE SEA O FUERE LEGALMENTE RESPONSABLE O LE CORRESPONDA ASEGURAR EN VIRTUD DE DISPOSICIÓN LEGAL O CONTRACTUAL | G107: 46112 | H107: 46839 | I107: 0 | J107: 46112
A108: 107 | B108: MINIMA CUANTIA | C108: 100,15,01-111-2026 | F108: CONTRATAR LAS POLIZAS DE SEGUROS QUE AMPAREN EL MANEJO GLOBAL DEL SECTOR OFICIAL DE LOS FUNCIONARIOS, ACCIDENTES ESTUDIANTILES Y LOS INTERESES PATRIMONIALES ACTUALES Y FUTUROS, ASÍ COMO LOS BIENES DE PROPIEDAD DEL IMETY, QUE ESTÉN BAJO SU RESPONSABILIDAD Y CUSTODIA Y AQUELLOS QUE SEAN ADQUIRIDOS PARA DESARROLLAR LAS FUNCIONES INHERENTES A SU ACTIVIDAD Y CUALQUIER OTRA PÓLIZA DE SEGUROS QUE REQUIERA LA ENTIDAD EN VIRTUD DE DISPOSICIÓN LEGAL O CONTRACTUAL | G108: 46136 | H108: 46294 | I108: 42604006 | J108: 46136
